Workbook

Sheet MAYO F-5
B8: ÀREA FINANCIERA | K8: F-5
A10: UNIDAD DE CIRUGIA CARDIOVASCULAR DE GUATEMALA
A11: 5a. AVENIDA 6-22 ZONA 11
A12: dgunicar@yahoo.es Tel. 24163000
A14: Programación y ejecucion mensual por tipo de gasto año 2023, Expresado en Quetzales primer cuatrimestre 2023
A15: No. | B15: CATEGORIA DEL GASTO DE FUNCIONAMIENTO | C15: ENERO | E15: FEBRERO | G15: MARZO | I15: ABRIL | K15: TOTAL CUATRIMESTRE
C16: PROG. | D16: EJECUTADO | E16: PROG. | F16: EJECUTADO | G16: PROG. | H16: EJECUTADO | I16: PROG. | J16: EJECUTADO | K16: PROG. | L16: EJECUTADO
B17: RECURSO HUMANO
A18: 011 | B18: SUELOS Y SALARIOS | C18: 3361148.5 | D18: 2939970.1 | E18: 3361148.5 | F18: 2914006.4 | G18: 3361148.5 | H18: 2948436.8 | I18: 3361148.5 | J18: 2929171.3 | K18: =+C18+E18+G18+I18 -> 13444594 | L18: =+D18+F18+H18+J18 -> 11731585
B19: CUOTA PATRONAL | H19: 1076452.8 | J19: 358716.74 | L19: =+D19+F19+H19+J19 -> 1435169.6
B20: TOTAL RECURSO HUMANO | C20: =SUM(C18:C19) -> 3361148.5 | D20: =SUM(D18:D19) -> 2939970.1 | E20: =SUM(E18:E19) -> 3361148.5 | F20: =SUM(F18:F19) -> 2914006.4 | G20: =SUM(G18:G19) -> 3361148.5 | H20: =SUM(H18:H19) -> 4024889.6 | I20: =SUM(I18:I19) -> 3361148.5 | J20: =SUM(J18:J19) -> 3287888 | ... L20: =SUM(L18:L19) -> 13166754
B22: GASTOS DE OPERACIÓN
A23: 111 | B23: ENERGIA ELECTRICA | C23: 0 | D23: 0 | E23: 88000 | F23: 0 | G23: 88000 | H23: 87425.59 | I23: 88000 | J23: 100265.42 | K23: =+C23+E23+G23+I23 -> 264000 | L23: =+D23+F23+H23+J23 -> 187691.01
A24: 113 | B24: SERVICIO DE INTERNET Y TELEFONIA | C24: 0 | D24: 0 | E24: 11585.06 | F24: 8525.7 | G24: 11585.06 | H24: 11440.41 | I24: 11585.06 | J24: 11412.67 | K24: =+C24+E24+G24+I24 -> 34755.18 | L24: =+D24+F24+H24+J24 -> 31378.78
A25: 122 | B25: IMPRESIÓN, ENCUADERNACION Y REPRODUCCION | C25: 0 | D25: 0 | E25: 68124.37 | F25: 0 | G25: 0 | H25: 440 | I25: 0 | J25: 42472.5 | K25: =+C25+E25+G25+I25 -> 68124.37 | L25: =+D25+F25+H25+J25 -> 42912.5
A26: 163 | B26: MANT. Y REP. EQUIPO MEDICO SANITARIO Y DE LAB. | C26: 50000 | D26: 0 | E26: =16335+50000 -> 66335 | F26: 0 | G26: =214550+50000 -> 264550 | H26: 6400.89 | I26: 50000 | J26: 133312.11 | K26: =+C26+E26+G26+I26 -> 430885 | L26: =+D26+F26+H26+J26 -> 139713
A27: 168 | B27: MANTENIMIENTO Y REPARACION DE EQUIPO DE COMPUTO | C27: 1000 | D27: 0 | E27: 0 | F27: 0 | G27: 0 | H27: 0 | I27: 0 | J27: 0 | K27: =+C27+E27+G27+I27 -> 1000 | L27: =+D27+F27+H27+J27 -> 0
A28: 169 | B28: MANT. Y REP. DE OTRAS MAQ. Y EQUIPO | C28: 10000 | D28: 0 | E28: 0 | F28: 0 | G28: 0 | H28: 0 | I28: 0 | J28: 0 | K28: =+C28+E28+G28+I28 -> 10000 | L28: =+D28+F28+H28+J28 -> 0
A29: 171 | B29: MANT. Y REPARACION DE EDIFICIOS | C29: 10000 | D29: 0 | E29: 0 | F29: 0 | G29: 8140 | H29: 0 | I29: 1320 | J29: 7400 | K29: =+C29+E29+G29+I29 -> 19460 | L29: =+D29+F29+H29+J29 -> 7400
A30: 174 | B30: MANT. Y REP. DE INSTALACIONES | C30: 15765.66 | D30: 0 | E30: 5765.66 | F30: 5765.66 | G30: 7265.66 | H30: 5765.66 | I30: 7265.66 | J30: 5765.66 | K30: =+C30+E30+G30+I30 -> 36062.64 | L30: =+D30+F30+H30+J30 -> 17296.98
A31: 182 | B31: SERVICIOS MEDICO-SANITARIOS | C31: 278286 | D31: 0 | E31: 274686 | F31: 50615 | G31: 277086 | H31: 257315 | I31: 266886 | J31: 288696 | K31: =+C31+E31+G31+I31 -> 1096944 | L31: =+D31+F31+H31+J31 -> 596626
A32: 197 | B32: SERVICIOS DE VIGILANCIA | C32: 0 | D32: 0 | E32: 43200 | F32: 0 | G32: 43200 | H32: 42000 | I32: 43200 | J32: 42000 | K32: =+C32+E32+G32+I32 -> 129600 | L32: =+D32+F32+H32+J32 -> 84000
A33: 199 | B33: OTROS SERVICIOS NO PERSONALES | C33: 60838.7 | D33: 0 | E33: 147087.5 | F33: 8200.8 | G33: 48537.5 | H33: 69332.8 | I33: 48537.5 | J33: 58547.1 | K33: =+C33+E33+G33+I33 -> 305001.2 | L33: =+D33+F33+H33+J33 -> 136080.7
A34: 211 | B34: ALIMENTOS PARA PERSONAS | C34: 37249 | D34: 0 | E34: 47931.75 | F34: 0 | G34: 47931.75 | H34: 59267.75 | I34: 37249 | J34: 51050.5 | K34: =+C34+E34+G34+I34 -> 170361.5 | L34: =+D34+F34+H34+J34 -> 110318.25
A35: 232 | B35: ACABADOS TEXTILES | C35: 0 | D35: 0 | E35: 86640 | F35: 0 | G35: 0 | H35: 0 | I35: 0 | J35: 0 | K35: =+C35+E35+G35+I35 -> 86640 | L35: =+D35+F35+H35+J35 -> 0
A36: 261 | B36: ELEMENTOS Y COMPUESTOS QUIMICOS | C36: 0 | D36: 0 | E36: 1009687.4 | F36: 62510.51 | G36: 0 | H36: 64391.24 | I36: 0 | J36: 162057.62 | K36: =+C36+E36+G36+I36 -> 1009687.4 | L36: =+D36+F36+H36+J36 -> 288959.37
A37: 262 | B37: COMBUSTIBLES Y LUBRICANTES | C37: 8000 | D37: 0 | E37: 0 | F37: 0 | G37: 0 | H37: 0 | I37: 0 | J37: 0 | K37: =+C37+E37+G37+I37 -> 8000 | L37: =+D37+F37+H37+J37 -> 0
A38: 266 | B38: PRODUCTOS MEDICINALES Y FARMACEUTICOS | C38: 0 | D38: 0 | E38: 619212.26 | F38: 0 | G38: 0 | H38: 186614 | I38: 0 | J38: 131300 | K38: =+C38+E38+G38+I38 -> 619212.26 | L38: =+D38+F38+H38+J38 -> 317914
... A45: 297 | B45: UTILES, ACCESORIOS Y MATERIALES ELECTRICOS | C45: 10000 | D45: 0 | E45: 8945.44 | F45: 0 | G45: 0 | H45: 0 | I45: 0 | J45: 16586.2 | K45: =+C45+E45+G45+I45 -> 18945.44 | L45: =+D45+F45+H45+J45 -> 16586.2
A46: 298 | B46: ACCESORIOS Y REPUESTOS EN GENERAL | C46: 33333.33 | D46: 0 | E46: =33333.33+9801.67 -> 43135 | F46: 0 | G46: 33333.33 | H46: 12500 | I46: 33333.33 | J46: 73419.55 | K46: =+C46+E46+G46+I46 -> 143134.99 | L46: =+D46+F46+H46+J46 -> 85919.55
A47: 299 | B47: OTROS MATERIALES Y SUMINISTROS | C47: 19097.08 | D47: 0 | E47: 19097.08 | F47: 0 | G47: 19097.08 | H47: 0 | I47: 19097.08 | J47: 11561.43 | K47: =+C47+E47+G47+I47 -> 76388.32 | L47: =+D47+F47+H47+J47 -> 11561.43
A48: 323 | B48: EQUIPO MEDICO-SANITARIO Y DE LABORATORIO | C48: 0 | D48: 0 | E48: 0 | F48: 0 | G48: 0 | H48: 0 | I48: 0 | J48: 0 | K48: =+C48+E48+G48+I48 -> 0 | L48: =+D48+F48+H48+J48 -> 0
B49: TOTAL GASTOS DE OPERACIÓN | C49: =SUM(C23:C48) -> 552569.77 | D49: =SUM(D23:D48) -> 0 | E49: =SUM(E23:E48) -> 5817527.5 | F49: =SUM(F23:F48) -> 135617.67 | G49: =SUM(G23:G48) -> 848726.38 | H49: =SUM(H23:H48) -> 1618801.8 | I49: =SUM(I23:I48) -> 606473.63 | J49: =SUM(J23:J48) -> 1614363.4 | ... L49: =SUM(L23:L48) -> 3368782.8
B50: TOTAL GENERAL | C50: =+C49+C20 -> 3913718.2 | D50: =+D49+D20 -> 2939970.1 | E50: =+E49+E20 -> 9178676 | F50: =+F49+F20 -> 3049624.1 | G50: =+G49+G20 -> 4209874.8 | H50: =+H49+H20 -> 5643691.3 | I50: =+I49+I20 -> 3967622.1 | J50: =+J49+J20 -> 4902251.4 | ... L50: =+L49+L20 -> 16535537
A56: Programación y ejecucion mensual por tipo de gasto año 2023, Expresado en Quetzales segundo cuatrimestre 2023
A57: No. | B57: =+B15 -> CATEGORIA DEL GASTO DE FUNCIONAMIENTO | C57: MAYO | E57: JUNIO | G57: JULIO | I57: AGOSTO | K57: TOTAL CUATRIMESTRE
C58: PROG. | D58: EJECUTADO | E58: PROG. | F58: EJECUTADO | G58: PROG. | H58: EJECUTADO | I58: PROG. | J58: EJECUTADO | K58: PROG. | L58: EJECUTADO
A59: 011 | B59: RECURSO HUMANO
B60: SUELOS Y SALARIOS | C60: 3361148.5 | D60: 2940365.1 | K60: =+C60+E60+G60+I60 -> 3361148.5 | L60: =+D60+F60+H60+J60 -> 2940365.1
B61: CUOTA PATRONAL | D61: 360102.28 | L61: =+D61+F61+H61+J61 -> 360102.28
B62: TOTAL RECURSO HUMANO | C62: =SUM(C60:C61) -> 3361148.5 | D62: =SUM(D60:D61) -> 3300467.4 | E62: =SUM(E60:E61) -> 0 | F62: =SUM(F60:F61) -> 0 | G62: =SUM(G60:G61) -> 0 | H62: =SUM(H60:H61) -> 0 | I62: =SUM(I60:I61) -> 0 | J62: =SUM(J60:J61) -> 0 | ... L62: =SUM(L60:L61) -> 3300467.4
B64: GASTOS DE OPERACIÓN
A65: 111 | B65: ENERGIA ELECTRICA | C65: 88000 | D65: 97538.98 | K65: =+C65+E65+G65+I65 -> 88000 | L65: =+D65+F65+H65+J65 -> 97538.98
A66: 113 | B66: SERVICIO DE INTERNET Y TELEFONIA | C66: 11585.06 | D66: 11401.8 | K66: =+C66+E66+G66+I66 -> 11585.06 | L66: =+D66+F66+H66+J66 -> 11401.8
A67: 122 | B67: IMPRESIÓN, ENCUADERNACION Y REPRODUCCION | C67: 0 | D67: 11495 | K67: =+C67+E67+G67+I67 -> 0 | L67: =+D67+F67+H67+J67 -> 11495
A68: 163 | B68: MANT. Y REP. EQUIPO MEDICO SANITARIO Y DE LAB. | C68: =35375+50000 -> 85375 | D68: 68707 | K68: =+C68+E68+G68+I68 -> 85375 | L68: =+D68+F68+H68+J68 -> 68707
A69: 168 | B69: MANTENIMIENTO Y REPARACION DE EQUIPO DE COMPUTO | C69: 0 | D69: 0 | K69: =+C69+E69+G69+I69 -> 0 | L69: =+D69+F69+H69+J69 -> 0
A70: 169 | B70: MANT. Y REP. DE OTRAS MAQ. Y EQUIPO | C70: 14550 | D70: 0 | K70: =+C70+E70+G70+I70 -> 14550 | L70: =+D70+F70+H70+J70 -> 0
A71: 171 | B71: MANT. Y REPARACION DE EDIFICIOS | C71: 1320 | D71: 6852.5 | K71: =+C71+E71+G71+I71 -> 1320 | L71: =+D71+F71+H71+J71 -> 6852.5
A72: 174 | B72: MANT. Y REP. DE INSTALACIONES | C72: 29765.66 | D72: 7115.66 | K72: =+C72+E72+G72+I72 -> 29765.66 | L72: =+D72+F72+H72+J72 -> 7115.66
A73: 182 | B73: SERVICIOS MEDICO-SANITARIOS | C73: 296886 | D73: 333329 | K73: =+C73+E73+G73+I73 -> 296886 | L73: =+D73+F73+H73+J73 -> 333329
A74: 197 | B74: SERVICIOS DE VIGILANCIA | C74: 43200 | D74: 0 | K74: =+C74+E74+G74+I74 -> 43200 | L74: =+D74+F74+H74+J74 -> 0
A75: 199 | B75: OTROS SERVICIOS NO PERSONALES | C75: 50789 | D75: 65496.54 | K75: =+C75+E75+G75+I75 -> 50789 | L75: =+D75+F75+H75+J75 -> 65496.54
A76: 211 | B76: ALIMENTOS PARA PERSONAS | C76: 47931.75 | D76: 52824.75 | K76: =+C76+E76+G76+I76 -> 47931.75 | L76: =+D76+F76+H76+J76 -> 52824.75
A77: 232 | B77: ACABADOS TEXTILES | C77: 86640 | D77: 0 | K77: =+C77+E77+G77+I77 -> 86640 | L77: =+D77+F77+H77+J77 -> 0
A78: 261 | B78: ELEMENTOS Y COMPUESTOS QUIMICOS | C78: 0 | D78: 64332.02 | K78: =+C78+E78+G78+I78 -> 0 | L78: =+D78+F78+H78+J78 -> 64332.02
A79: 262 | B79: COMBUSTIBLES Y LUBRICANTES | C79: 0 | D79: 0 | K79: =+C79+E79+G79+I79 -> 0 | L79: =+D79+F79+H79+J79 -> 0
A80: 266 | B80: PRODUCTOS MEDICINALES Y FARMACEUTICOS | C80: 810000 | D80: 4050 | K80: =+C80+E80+G80+I80 -> 810000 | L80: =+D80+F80+H80+J80 -> 4050
... A90: 323 | B90: EQUIPO MEDICO-SANITARIO Y DE LABORATORIO | C90: 2500000 | D90: 0 | K90: =+C90+E90+G90+I90 -> 2500000 | L90: =+D90+F90+H90+J90 -> 0
B91: TOTAL GASTOS DE OPERACIÓN | C91: =SUM(C65:C90) -> 4893082.3 | D91: =SUM(D65:D90) -> 1554870.2 | E91: =SUM(E65:E90) -> 0 | F91: =SUM(F65:F90) -> 0 | G91: =SUM(G65:G90) -> 0 | H91: =SUM(H65:H90) -> 0 | I91: =SUM(I65:I90) -> 0 | J91: =SUM(J65:J90) -> 0 | ... L91: =SUM(L65:L90) -> 1554870.2
B92: TOTAL GENERAL | C92: =+C91+C62 -> 8254230.8 | D92: =+D91+D62 -> 4855337.6 | E92: =+E91+E62 -> 0 | F92: =+F91+F62 -> 0 | G92: =+G91+G62 -> 0 | H92: =+H91+H62 -> 0 | I92: =+I91+I62 -> 0 | J92: =+J91+J62 -> 0 | ... L92: =+L91+L62 -> 4855337.6
A95: Programación y ejecucion mensual por tipo de gasto año 2023, Expresado en Quetzales tercer cuatrimestre 2023
A96: No. | B96: CATEGORIA DE GASTO | C96: SEPTIEMBRE | E96: OCTUBRE | G96: NOVIEMBRE | I96: DICIEMBRE | K96: TOTAL CUATRIMESTRE
C97: PROG. | D97: EJECUTADO | E97: PROG. | F97: EJECUTADO | G97: PROG. | H97: EJECUTADO | I97: PROG. | J97: EJECUTADO | K97: PROG. | L97: EJECUTADO
A98: 011 | B98: RECURSO HUMANO
B99: SUELOS Y SALARIOS | K99: =+C99+E99+G99+I99 -> 0 | L99: =+D99+F99+H99+J99 -> 0
B100: CUOTA PATRONAL | K100: =+C100+E100+G100+I100 -> 0 | L100: =+D100+F100+H100+J100 -> 0
B101: TOTAL RECURSO HUMANO | C101: =SUM(C99:C100) -> 0 | D101: =SUM(D99:D100) -> 0 | E101: =SUM(E99:E100) -> 0 | F101: =SUM(F99:F100) -> 0 | G101: =SUM(G99:G100) -> 0 | H101: =SUM(H99:H100) -> 0 | I101: =SUM(I99:I100) -> 0 | J101: =SUM(J99:J100) -> 0 | ... L101: =SUM(L99:L100) -> 0
B103: GASTOS DE FUNCIONAMIENTO
A104: 111 | B104: ENERGIA ELECTRICA | K104: =+C104+E104+G104+I104 -> 0 | L104: =+D104+F104+H104+J104 -> 0
A105: 113 | B105: SERVICIO DE INTERNET Y TELEFONIA | K105: =+C105+E105+G105+I105 -> 0 | L105: =+D105+F105+H105+J105 -> 0
A106: 122 | B106: IMPRESIÓN, ENCUADERNACION Y REPRODUCCION | K106: =+C106+E106+G106+I106 -> 0 | L106: =+D106+F106+H106+J106 -> 0
A107: 163 | B107: MANT. Y REP. EQUIPO MEDICO SANITARIO Y DE LAB. | K107: =+C107+E107+G107+I107 -> 0 | L107: =+D107+F107+H107+J107 -> 0
A108: 168 | B108: MANTENIMIENTO Y REPARACION DE EQUIPO DE COMPUTO | K108: =+C108+E108+G108+I108 -> 0 | L108: =+D108+F108+H108+J108 -> 0
A109: 169 | B109: MANT. Y REP. DE OTRAS MAQ. Y EQUIPO | K109: =+C109+E109+G109+I109 -> 0 | L109: =+D109+F109+H109+J109 -> 0
A110: 171 | B110: MANT. Y REPARACION DE EDIFICIOS | K110: =+C110+E110+G110+I110 -> 0 | L110: =+D110+F110+H110+J110 -> 0
A111: 174 | B111: MANT. Y REP. DE INSTALACIONES | K111: =+C111+E111+G111+I111 -> 0 | L111: =+D111+F111+H111+J111 -> 0
A112: 182 | B112: SERVICIOS MEDICO-SANITARIOS | K112: =+C112+E112+G112+I112 -> 0 | L112: =+D112+F112+H112+J112 -> 0
A113: 197 | B113: SERVICIOS DE VIGILANCIA | K113: =+C113+E113+G113+I113 -> 0 | L113: =+D113+F113+H113+J113 -> 0
A114: 199 | B114: OTROS SERVICIOS NO PERSONALES | K114: =+C114+E114+G114+I114 -> 0 | L114: =+D114+F114+H114+J114 -> 0
A115: 211 | B115: ALIMENTOS PARA PERSONAS | K115: =+C115+E115+G115+I115 -> 0 | L115: =+D115+F115+H115+J115 -> 0
... A127: 298 | B127: ACCESORIOS Y REPUESTOS EN GENERAL | K127: =+C127+E127+G127+I127 -> 0 | L127: =+D127+F127+H127+J127 -> 0
A128: 299 | B128: OTROS MATERIALES Y SUMINISTROS
A129: 323 | B129: EQUIPO MEDICO SANITARIO Y DE LABORATORIO | K129: =+C129+E129+G129+I129 -> 0 | L129: =+D129+F129+H129+J129 -> 0
B130: TOTAL GASTOS DE FUNCIONAMIENTO | C130: =SUM(C104:C129) -> 0 | D130: =SUM(D104:D129) -> 0 | E130: =SUM(E104:E129) -> 0 | F130: =SUM(F104:F129) -> 0 | G130: =SUM(G104:G129) -> 0 | H130: =SUM(H104:H129) -> 0 | I130: =SUM(I104:I129) -> 0 | J130: =SUM(J104:J129) -> 0 | ... L130: =SUM(L104:L129) -> 0
B131: TOTAL GENERAL | C131: =+C130+C101 -> 0 | D131: =+D130+D101 -> 0 | E131: =+E130+E101 -> 0 | F131: =+F130+F101 -> 0 | G131: =+G130+G101 -> 0 | H131: =+H130+H101 -> 0 | I131: =+I130+I101 -> 0 | J131: =+J130+J101 -> 0 | ... L131: =+L130+L101 -> 0
B151: RESUMEN AÑO 2023
A152: No. | B152: CATEGORIA DE GASTO | C152: TOTAL ANUAL
C153: PRESUPUESTO | D153: REAL
A154: 011 | B154: RECURSO HUMANO | C154: =+K20+K62+K101 -> 16805742 | D154: =+L20+L62+L101 -> 16467222
B156: GASTOS DE OPERACIÓN
A157: 111 | B157: ENERGIA ELECTRICA | C157: =+K23+K65+K104 -> 352000 | D157: =+L23+L65+L104 -> 285229.99
A158: 113 | B158: TELEFONIA | C158: =+K24+K66+K105 -> 46340.24 | D158: =+L24+L66+L105 -> 42780.58
A159: 122 | B159: IMPRESIÓN, ENCUADERNACION Y REPRODUCCION | C159: =+K25+K67+K106 -> 68124.37 | D159: =+L25+L67+L106 -> 54407.5
A160: 163 | B160: MANT. Y REP. EQUIPO MEDICO SANITARIO Y DE LAB. | C160: =+K26+K68+K107 -> 516260 | D160: =+L26+L68+L107 -> 208420
A161: 168 | B161: MANTENIMIENTO Y REPARACION DE EQUIPO DE COMPUTO | C161: =+K27+K69+K108 -> 1000 | D161: =+L27+L69+L108 -> 0
A162: 169 | B162: MANT. Y REP. DE OTRAS MAQ. Y EQUIPO | C162: =+K28+K70+K109 -> 24550 | D162: =+L28+L70+L109 -> 0
A163: 171 | B163: MANT. Y REPARACION DE EDIFICIOS | C163: =+K29+K71+K110 -> 20780 | D163: =+L29+L71+L110 -> 14252.5
A164: 174 | B164: MANT. Y REP. DE INSTALACIONES | C164: =+K30+K72+K111 -> 65828.3 | D164: =+L30+L72+L111 -> 24412.64
A165: 182 | B165: SERVICIOS MEDICO-SANITARIOS | C165: =+K31+K73+K112 -> 1393830 | D165: =+L31+L73+L112 -> 929955
...

Sheet JUNIO F-5
B8: ÀREA FINANCIERA | K8: F-5
A10: UNIDAD DE CIRUGIA CARDIOVASCULAR DE GUATEMALA
A11: 5a. AVENIDA 6-22 ZONA 11
A12: dgunicar@yahoo.es Tel. 24163000
A14: Programación y ejecucion mensual por tipo de gasto año 2023, Expresado en Quetzales primer cuatrimestre 2023
A15: No. | B15: CATEGORIA DEL GASTO DE FUNCIONAMIENTO | C15: ENERO | E15: FEBRERO | G15: MARZO | I15: ABRIL | K15: TOTAL CUATRIMESTRE
C16: PROG. | D16: EJECUTADO | E16: PROG. | F16: EJECUTADO | G16: PROG. | H16: EJECUTADO | I16: PROG. | J16: EJECUTADO | K16: PROG. | L16: EJECUTADO
B17: RECURSO HUMANO
A18: 011 | B18: SUELOS Y SALARIOS | C18: 3361148.5 | D18: 2939970.1 | E18: 3361148.5 | F18: 2914006.4 | G18: 3361148.5 | H18: 2948436.8 | I18: 3361148.5 | J18: 2929171.3 | K18: =+C18+E18+G18+I18 -> 13444594 | L18: =+D18+F18+H18+J18 -> 11731585
B19: CUOTA PATRONAL | H19: 1076452.8 | J19: 358716.74 | L19: =+D19+F19+H19+J19 -> 1435169.6
B20: TOTAL RECURSO HUMANO | C20: =SUM(C18:C19) -> 3361148.5 | D20: =SUM(D18:D19) -> 2939970.1 | E20: =SUM(E18:E19) -> 3361148.5 | F20: =SUM(F18:F19) -> 2914006.4 | G20: =SUM(G18:G19) -> 3361148.5 | H20: =SUM(H18:H19) -> 4024889.6 | I20: =SUM(I18:I19) -> 3361148.5 | J20: =SUM(J18:J19) -> 3287888 | ... L20: =SUM(L18:L19) -> 13166754
B22: GASTOS DE OPERACIÓN
A23: 111 | B23: ENERGIA ELECTRICA | C23: 0 | D23: 0 | E23: 88000 | F23: 0 | G23: 88000 | H23: 87425.59 | I23: 88000 | J23: 100265.42 | K23: =+C23+E23+G23+I23 -> 264000 | L23: =+D23+F23+H23+J23 -> 187691.01
A24: 113 | B24: SERVICIO DE INTERNET Y TELEFONIA | C24: 0 | D24: 0 | E24: 11585.06 | F24: 8525.7 | G24: 11585.06 | H24: 11440.41 | I24: 11585.06 | J24: 11412.67 | K24: =+C24+E24+G24+I24 -> 34755.18 | L24: =+D24+F24+H24+J24 -> 31378.78
A25: 122 | B25: IMPRESIÓN, ENCUADERNACION Y REPRODUCCION | C25: 0 | D25: 0 | E25: 68124.37 | F25: 0 | G25: 0 | H25: 440 | I25: 0 | J25: 42472.5 | K25: =+C25+E25+G25+I25 -> 68124.37 | L25: =+D25+F25+H25+J25 -> 42912.5
A26: 163 | B26: MANT. Y REP. EQUIPO MEDICO SANITARIO Y DE LAB. | C26: 50000 | D26: 0 | E26: =16335+50000 -> 66335 | F26: 0 | G26: =214550+50000 -> 264550 | H26: 6400.89 | I26: 50000 | J26: 133312.11 | K26: =+C26+E26+G26+I26 -> 430885 | L26: =+D26+F26+H26+J26 -> 139713
A27: 168 | B27: MANTENIMIENTO Y REPARACION DE EQUIPO DE COMPUTO | C27: 1000 | D27: 0 | E27: 0 | F27: 0 | G27: 0 | H27: 0 | I27: 0 | J27: 0 | K27: =+C27+E27+G27+I27 -> 1000 | L27: =+D27+F27+H27+J27 -> 0
A28: 169 | B28: MANT. Y REP. DE OTRAS MAQ. Y EQUIPO | C28: 10000 | D28: 0 | E28: 0 | F28: 0 | G28: 0 | H28: 0 | I28: 0 | J28: 0 | K28: =+C28+E28+G28+I28 -> 10000 | L28: =+D28+F28+H28+J28 -> 0
A29: 171 | B29: MANT. Y REPARACION DE EDIFICIOS | C29: 10000 | D29: 0 | E29: 0 | F29: 0 | G29: 8140 | H29: 0 | I29: 1320 | J29: 7400 | K29: =+C29+E29+G29+I29 -> 19460 | L29: =+D29+F29+H29+J29 -> 7400
A30: 174 | B30: MANT. Y REP. DE INSTALACIONES | C30: 15765.66 | D30: 0 | E30: 5765.66 | F30: 5765.66 | G30: 7265.66 | H30: 5765.66 | I30: 7265.66 | J30: 5765.66 | K30: =+C30+E30+G30+I30 -> 36062.64 | L30: =+D30+F30+H30+J30 -> 17296.98
A31: 182 | B31: SERVICIOS MEDICO-SANITARIOS | C31: 278286 | D31: 0 | E31: 274686 | F31: 50615 | G31: 277086 | H31: 257315 | I31: 266886 | J31: 288696 | K31: =+C31+E31+G31+I31 -> 1096944 | L31: =+D31+F31+H31+J31 -> 596626
A32: 197 | B32: SERVICIOS DE VIGILANCIA | C32: 0 | D32: 0 | E32: 43200 | F32: 0 | G32: 43200 | H32: 42000 | I32: 43200 | J32: 42000 | K32: =+C32+E32+G32+I32 -> 129600 | L32: =+D32+F32+H32+J32 -> 84000
A33: 199 | B33: OTROS SERVICIOS NO PERSONALES | C33: 60838.7 | D33: 0 | E33: 147087.5 | F33: 8200.8 | G33: 48537.5 | H33: 69332.8 | I33: 48537.5 | J33: 58547.1 | K33: =+C33+E33+G33+I33 -> 305001.2 | L33: =+D33+F33+H33+J33 -> 136080.7
A34: 211 | B34: ALIMENTOS PARA PERSONAS | C34: 37249 | D34: 0 | E34: 47931.75 | F34: 0 | G34: 47931.75 | H34: 59267.75 | I34: 37249 | J34: 51050.5 | K34: =+C34+E34+G34+I34 -> 170361.5 | L34: =+D34+F34+H34+J34 -> 110318.25
A35: 232 | B35: ACABADOS TEXTILES | C35: 0 | D35: 0 | E35: 86640 | F35: 0 | G35: 0 | H35: 0 | I35: 0 | J35: 0 | K35: =+C35+E35+G35+I35 -> 86640 | L35: =+D35+F35+H35+J35 -> 0
A36: 261 | B36: ELEMENTOS Y COMPUESTOS QUIMICOS | C36: 0 | D36: 0 | E36: 1009687.4 | F36: 62510.51 | G36: 0 | H36: 64391.24 | I36: 0 | J36: 162057.62 | K36: =+C36+E36+G36+I36 -> 1009687.4 | L36: =+D36+F36+H36+J36 -> 288959.37
A37: 262 | B37: COMBUSTIBLES Y LUBRICANTES | C37: 8000 | D37: 0 | E37: 0 | F37: 0 | G37: 0 | H37: 0 | I37: 0 | J37: 0 | K37: =+C37+E37+G37+I37 -> 8000 | L37: =+D37+F37+H37+J37 -> 0
A38: 266 | B38: PRODUCTOS MEDICINALES Y FARMACEUTICOS | C38: 0 | D38: 0 | E38: 619212.26 | F38: 0 | G38: 0 | H38: 186614 | I38: 0 | J38: 131300 | K38: =+C38+E38+G38+I38 -> 619212.26 | L38: =+D38+F38+H38+J38 -> 317914
... A45: 297 | B45: UTILES, ACCESORIOS Y MATERIALES ELECTRICOS | C45: 10000 | D45: 0 | E45: 8945.44 | F45: 0 | G45: 0 | H45: 0 | I45: 0 | J45: 16586.2 | K45: =+C45+E45+G45+I45 -> 18945.44 | L45: =+D45+F45+H45+J45 -> 16586.2
A46: 298 | B46: ACCESORIOS Y REPUESTOS EN GENERAL | C46: 33333.33 | D46: 0 | E46: =33333.33+9801.67 -> 43135 | F46: 0 | G46: 33333.33 | H46: 12500 | I46: 33333.33 | J46: 73419.55 | K46: =+C46+E46+G46+I46 -> 143134.99 | L46: =+D46+F46+H46+J46 -> 85919.55
A47: 299 | B47: OTROS MATERIALES Y SUMINISTROS | C47: 19097.08 | D47: 0 | E47: 19097.08 | F47: 0 | G47: 19097.08 | H47: 0 | I47: 19097.08 | J47: 11561.43 | K47: =+C47+E47+G47+I47 -> 76388.32 | L47: =+D47+F47+H47+J47 -> 11561.43
A48: 323 | B48: EQUIPO MEDICO-SANITARIO Y DE LABORATORIO | C48: 0 | D48: 0 | E48: 0 | F48: 0 | G48: 0 | H48: 0 | I48: 0 | J48: 0 | K48: =+C48+E48+G48+I48 -> 0 | L48: =+D48+F48+H48+J48 -> 0
B49: TOTAL GASTOS DE OPERACIÓN | C49: =SUM(C23:C48) -> 552569.77 | D49: =SUM(D23:D48) -> 0 | E49: =SUM(E23:E48) -> 5817527.5 | F49: =SUM(F23:F48) -> 135617.67 | G49: =SUM(G23:G48) -> 848726.38 | H49: =SUM(H23:H48) -> 1618801.8 | I49: =SUM(I23:I48) -> 606473.63 | J49: =SUM(J23:J48) -> 1614363.4 | ... L49: =SUM(L23:L48) -> 3368782.8
B50: TOTAL GENERAL | C50: =+C49+C20 -> 3913718.2 | D50: =+D49+D20 -> 2939970.1 | E50: =+E49+E20 -> 9178676 | F50: =+F49+F20 -> 3049624.1 | G50: =+G49+G20 -> 4209874.8 | H50: =+H49+H20 -> 5643691.3 | I50: =+I49+I20 -> 3967622.1 | J50: =+J49+J20 -> 4902251.4 | ... L50: =+L49+L20 -> 16535537
A56: Programación y ejecucion mensual por tipo de gasto año 2023, Expresado en Quetzales segundo cuatrimestre 2023
A57: No. | B57: =+B15 -> CATEGORIA DEL GASTO DE FUNCIONAMIENTO | C57: MAYO | E57: JUNIO | G57: JULIO | I57: AGOSTO | K57: TOTAL CUATRIMESTRE
C58: PROG. | D58: EJECUTADO | E58: PROG. | F58: EJECUTADO | G58: PROG. | H58: EJECUTADO | I58: PROG. | J58: EJECUTADO | K58: PROG. | L58: EJECUTADO
A59: 011 | B59: RECURSO HUMANO
B60: SUELOS Y SALARIOS | C60: 3361148.5 | D60: 2940365.1 | E60: 3361148.5 | F60: 3011624.1 | K60: =+C60+E60+G60+I60 -> 6722296.9 | L60: =+D60+F60+H60+J60 -> 5951989.2
B61: CUOTA PATRONAL | D61: 360102.28 | F61: 369024.16 | L61: =+D61+F61+H61+J61 -> 729126.44
B62: TOTAL RECURSO HUMANO | C62: =SUM(C60:C61) -> 3361148.5 | D62: =SUM(D60:D61) -> 3300467.4 | E62: =SUM(E60:E61) -> 3361148.5 | F62: =SUM(F60:F61) -> 3380648.2 | G62: =SUM(G60:G61) -> 0 | H62: =SUM(H60:H61) -> 0 | I62: =SUM(I60:I61) -> 0 | J62: =SUM(J60:J61) -> 0 | ... L62: =SUM(L60:L61) -> 6681115.6
B64: GASTOS DE OPERACIÓN
A65: 111 | B65: ENERGIA ELECTRICA | C65: 88000 | D65: 97538.98 | E65: 88000 | F65: 107910.41 | K65: =+C65+E65+G65+I65 -> 176000 | L65: =+D65+F65+H65+J65 -> 205449.39
A66: 113 | B66: SERVICIO DE INTERNET Y TELEFONIA | C66: 11585.06 | D66: 11401.8 | E66: 11585.06 | F66: 11464.57 | K66: =+C66+E66+G66+I66 -> 23170.12 | L66: =+D66+F66+H66+J66 -> 22866.37
A67: 122 | B67: IMPRESIÓN, ENCUADERNACION Y REPRODUCCION | C67: 0 | D67: 11495 | E67: 0 | F67: 4070 | K67: =+C67+E67+G67+I67 -> 0 | L67: =+D67+F67+H67+J67 -> 15565
A68: 163 | B68: MANT. Y REP. EQUIPO MEDICO SANITARIO Y DE LAB. | C68: =35375+50000 -> 85375 | D68: 68707 | E68: =18575+50000 -> 68575 | F68: 53647.66 | K68: =+C68+E68+G68+I68 -> 153950 | L68: =+D68+F68+H68+J68 -> 122354.66
A69: 168 | B69: MANTENIMIENTO Y REPARACION DE EQUIPO DE COMPUTO | C69: 0 | D69: 0 | E69: 0 | F69: 0 | K69: =+C69+E69+G69+I69 -> 0 | L69: =+D69+F69+H69+J69 -> 0
A70: 169 | B70: MANT. Y REP. DE OTRAS MAQ. Y EQUIPO | C70: 14550 | D70: 0 | E70: 0 | F70: 0 | K70: =+C70+E70+G70+I70 -> 14550 | L70: =+D70+F70+H70+J70 -> 0
A71: 171 | B71: MANT. Y REPARACION DE EDIFICIOS | C71: 1320 | D71: 6852.5 | E71: 1320 | F71: 1200 | K71: =+C71+E71+G71+I71 -> 2640 | L71: =+D71+F71+H71+J71 -> 8052.5
A72: 174 | B72: MANT. Y REP. DE INSTALACIONES | C72: 29765.66 | D72: 7115.66 | E72: 7265.66 | F72: 7115.66 | K72: =+C72+E72+G72+I72 -> 37031.32 | L72: =+D72+F72+H72+J72 -> 14231.32
A73: 182 | B73: SERVICIOS MEDICO-SANITARIOS | C73: 296886 | D73: 333329 | E73: 277686 | F73: 281256 | K73: =+C73+E73+G73+I73 -> 574572 | L73: =+D73+F73+H73+J73 -> 614585
A74: 197 | B74: SERVICIOS DE VIGILANCIA | C74: 43200 | D74: 0 | E74: 0 | F74: 0 | K74: =+C74+E74+G74+I74 -> 43200 | L74: =+D74+F74+H74+J74 -> 0
A75: 199 | B75: OTROS SERVICIOS NO PERSONALES | C75: 50789 | D75: 65496.54 | E75: 52839.2 | F75: 63814.1 | K75: =+C75+E75+G75+I75 -> 103628.2 | L75: =+D75+F75+H75+J75 -> 129310.64
A76: 211 | B76: ALIMENTOS PARA PERSONAS | C76: 47931.75 | D76: 52824.75 | E76: 47931.75 | F76: 57095.75 | K76: =+C76+E76+G76+I76 -> 95863.5 | L76: =+D76+F76+H76+J76 -> 109920.5
A77: 232 | B77: ACABADOS TEXTILES | C77: 86640 | D77: 0 | E77: 0 | F77: 20798 | K77: =+C77+E77+G77+I77 -> 86640 | L77: =+D77+F77+H77+J77 -> 20798
A78: 261 | B78: ELEMENTOS Y COMPUESTOS QUIMICOS | C78: 0 | D78: 64332.02 | E78: 0 | F78: 0 | K78: =+C78+E78+G78+I78 -> 0 | L78: =+D78+F78+H78+J78 -> 64332.02
A79: 262 | B79: COMBUSTIBLES Y LUBRICANTES | C79: 0 | D79: 0 | E79: 0 | F79: 0 | K79: =+C79+E79+G79+I79 -> 0 | L79: =+D79+F79+H79+J79 -> 0
A80: 266 | B80: PRODUCTOS MEDICINALES Y FARMACEUTICOS | C80: 810000 | D80: 4050 | E80: 0 | F80: 816961.68 | K80: =+C80+E80+G80+I80 -> 810000 | L80: =+D80+F80+H80+J80 -> 821011.68
... A89: 299 | B89: OTROS MATERIALES Y SUMINISTROS | C89: 19097.08 | D89: 37258.03 | E89: 19097.08 | F89: 11113.48 | K89: =+C89+E89+G89+I89 -> 38194.16 | L89: =+D89+F89+H89+J89 -> 48371.51
A90: 323 | B90: EQUIPO MEDICO-SANITARIO Y DE LABORATORIO | C90: 2500000 | D90: 0 | F90: 68000 | K90: =+C90+E90+G90+I90 -> 2500000 | L90: =+D90+F90+H90+J90 -> 68000
B91: TOTAL GASTOS DE OPERACIÓN | C91: =SUM(C65:C90) -> 4893082.3 | D91: =SUM(D65:D90) -> 1554870.2 | E91: =SUM(E65:E90) -> 17602011 | F91: =SUM(F65:F90) -> 3625974.8 | G91: =SUM(G65:G90) -> 0 | H91: =SUM(H65:H90) -> 0 | I91: =SUM(I65:I90) -> 0 | J91: =SUM(J65:J90) -> 0 | ... L91: =SUM(L65:L90) -> 5180845.1
B92: TOTAL GENERAL | C92: =+C91+C62 -> 8254230.8 | D92: =+D91+D62 -> 4855337.6 | E92: =+E91+E62 -> 20963159 | F92: =+F91+F62 -> 7006623.1 | G92: =+G91+G62 -> 0 | H92: =+H91+H62 -> 0 | I92: =+I91+I62 -> 0 | J92: =+J91+J62 -> 0 | ... L92: =+L91+L62 -> 11861961
A95: Programación y ejecucion mensual por tipo de gasto año 2023, Expresado en Quetzales tercer cuatrimestre 2023
A96: No. | B96: CATEGORIA DE GASTO | C96: SEPTIEMBRE | E96: OCTUBRE | G96: NOVIEMBRE | I96: DICIEMBRE | K96: TOTAL CUATRIMESTRE
C97: PROG. | D97: EJECUTADO | E97: PROG. | F97: EJECUTADO | G97: PROG. | H97: EJECUTADO | I97: PROG. | J97: EJECUTADO | K97: PROG. | L97: EJECUTADO
A98: 011 | B98: RECURSO HUMANO
B99: SUELOS Y SALARIOS | K99: =+C99+E99+G99+I99 -> 0 | L99: =+D99+F99+H99+J99 -> 0
B100: CUOTA PATRONAL | K100: =+C100+E100+G100+I100 -> 0 | L100: =+D100+F100+H100+J100 -> 0
B101: TOTAL RECURSO HUMANO | C101: =SUM(C99:C100) -> 0 | D101: =SUM(D99:D100) -> 0 | E101: =SUM(E99:E100) -> 0 | F101: =SUM(F99:F100) -> 0 | G101: =SUM(G99:G100) -> 0 | H101: =SUM(H99:H100) -> 0 | I101: =SUM(I99:I100) -> 0 | J101: =SUM(J99:J100) -> 0 | ... L101: =SUM(L99:L100) -> 0
B103: GASTOS DE FUNCIONAMIENTO
A104: 111 | B104: ENERGIA ELECTRICA | K104: =+C104+E104+G104+I104 -> 0 | L104: =+D104+F104+H104+J104 -> 0
A105: 113 | B105: SERVICIO DE INTERNET Y TELEFONIA | K105: =+C105+E105+G105+I105 -> 0 | L105: =+D105+F105+H105+J105 -> 0
A106: 122 | B106: IMPRESIÓN, ENCUADERNACION Y REPRODUCCION | K106: =+C106+E106+G106+I106 -> 0 | L106: =+D106+F106+H106+J106 -> 0
A107: 163 | B107: MANT. Y REP. EQUIPO MEDICO SANITARIO Y DE LAB. | K107: =+C107+E107+G107+I107 -> 0 | L107: =+D107+F107+H107+J107 -> 0
A108: 168 | B108: MANTENIMIENTO Y REPARACION DE EQUIPO DE COMPUTO | K108: =+C108+E108+G108+I108 -> 0 | L108: =+D108+F108+H108+J108 -> 0
A109: 169 | B109: MANT. Y REP. DE OTRAS MAQ. Y EQUIPO | K109: =+C109+E109+G109+I109 -> 0 | L109: =+D109+F109+H109+J109 -> 0
A110: 171 | B110: MANT. Y REPARACION DE EDIFICIOS | K110: =+C110+E110+G110+I110 -> 0 | L110: =+D110+F110+H110+J110 -> 0
A111: 174 | B111: MANT. Y REP. DE INSTALACIONES | K111: =+C111+E111+G111+I111 -> 0 | L111: =+D111+F111+H111+J111 -> 0
A112: 182 | B112: SERVICIOS MEDICO-SANITARIOS | K112: =+C112+E112+G112+I112 -> 0 | L112: =+D112+F112+H112+J112 -> 0
A113: 197 | B113: SERVICIOS DE VIGILANCIA | K113: =+C113+E113+G113+I113 -> 0 | L113: =+D113+F113+H113+J113 -> 0
A114: 199 | B114: OTROS SERVICIOS NO PERSONALES | K114: =+C114+E114+G114+I114 -> 0 | L114: =+D114+F114+H114+J114 -> 0
A115: 211 | B115: ALIMENTOS PARA PERSONAS | K115: =+C115+E115+G115+I115 -> 0 | L115: =+D115+F115+H115+J115 -> 0
... A129: 323 | B129: EQUIPO MEDICO SANITARIO Y DE LABORATORIO | K129: =+C129+E129+G129+I129 -> 0 | L129: =+D129+F129+H129+J129 -> 0
B130: TOTAL GASTOS DE FUNCIONAMIENTO | C130: =SUM(C104:C129) -> 0 | D130: =SUM(D104:D129) -> 0 | E130: =SUM(E104:E129) -> 0 | F130: =SUM(F104:F129) -> 0 | G130: =SUM(G104:G129) -> 0 | H130: =SUM(H104:H129) -> 0 | I130: =SUM(I104:I129) -> 0 | J130: =SUM(J104:J129) -> 0 | ... L130: =SUM(L104:L129) -> 0
B131: TOTAL GENERAL | C131: =+C130+C101 -> 0 | D131: =+D130+D101 -> 0 | E131: =+E130+E101 -> 0 | F131: =+F130+F101 -> 0 | G131: =+G130+G101 -> 0 | H131: =+H130+H101 -> 0 | I131: =+I130+I101 -> 0 | J131: =+J130+J101 -> 0 | ... L131: =+L130+L101 -> 0
B151: RESUMEN AÑO 2023
A152: No. | B152: CATEGORIA DE GASTO | C152: TOTAL ANUAL
C153: PRESUPUESTO | D153: REAL
A154: 011 | B154: RECURSO HUMANO | C154: =+K20+K62+K101 -> 20166891 | D154: =+L20+L62+L101 -> 19847870
B156: GASTOS DE OPERACIÓN
A157: 111 | B157: ENERGIA ELECTRICA | C157: =+K23+K65+K104 -> 440000 | D157: =+L23+L65+L104 -> 393140.4
A158: 113 | B158: TELEFONIA | C158: =+K24+K66+K105 -> 57925.3 | D158: =+L24+L66+L105 -> 54245.15
A159: 122 | B159: IMPRESIÓN, ENCUADERNACION Y REPRODUCCION | C159: =+K25+K67+K106 -> 68124.37 | D159: =+L25+L67+L106 -> 58477.5
A160: 163 | B160: MANT. Y REP. EQUIPO MEDICO SANITARIO Y DE LAB. | C160: =+K26+K68+K107 -> 584835 | D160: =+L26+L68+L107 -> 262067.66
A161: 168 | B161: MANTENIMIENTO Y REPARACION DE EQUIPO DE COMPUTO | C161: =+K27+K69+K108 -> 1000 | D161: =+L27+L69+L108 -> 0
A162: 169 | B162: MANT. Y REP. DE OTRAS MAQ. Y EQUIPO | C162: =+K28+K70+K109 -> 24550 | D162: =+L28+L70+L109 -> 0
A163: 171 | B163: MANT. Y REPARACION DE EDIFICIOS | C163: =+K29+K71+K110 -> 22100 | D163: =+L29+L71+L110 -> 15452.5
A164: 174 | B164: MANT. Y REP. DE INSTALACIONES | C164: =+K30+K72+K111 -> 73093.96 | D164: =+L30+L72+L111 -> 31528.3
A165: 182 | B165: SERVICIOS MEDICO-SANITARIOS | C165: =+K31+K73+K112 -> 1671516 | D165: =+L31+L73+L112 -> 1211211
A166: 197 | B166: SERVICIOS DE VIGILANCIA | C166: =+K32+K74+K113 -> 172800 | D166: =+L32+L74+L113 -> 84000
...

Sheet JULIO F-5
B8: ÀREA FINANCIERA | K8: F-5
A10: UNIDAD DE CIRUGIA CARDIOVASCULAR DE GUATEMALA
A11: 5a. AVENIDA 6-22 ZONA 11
A12: dgunicar@yahoo.es Tel. 24163000
A14: Programación y ejecucion mensual por tipo de gasto año 2023, Expresado en Quetzales primer cuatrimestre 2023
A15: No. | B15: CATEGORIA DEL GASTO DE FUNCIONAMIENTO | C15: ENERO | E15: FEBRERO | G15: MARZO | I15: ABRIL | K15: TOTAL CUATRIMESTRE
C16: PROG. | D16: EJECUTADO | E16: PROG. | F16: EJECUTADO | G16: PROG. | H16: EJECUTADO | I16: PROG. | J16: EJECUTADO | K16: PROG. | L16: EJECUTADO
B17: RECURSO HUMANO
A18: 011 | B18: SUELOS Y SALARIOS | C18: 3361148.5 | D18: 2939970.1 | E18: 3361148.5 | F18: 2914006.4 | G18: 3361148.5 | H18: 2948436.8 | I18: 3361148.5 | J18: 2929171.3 | K18: =+C18+E18+G18+I18 -> 13444594 | L18: =+D18+F18+H18+J18 -> 11731585
B19: CUOTA PATRONAL | H19: 1076452.8 | J19: 358716.74 | L19: =+D19+F19+H19+J19 -> 1435169.6
B20: TOTAL RECURSO HUMANO | C20: =SUM(C18:C19) -> 3361148.5 | D20: =SUM(D18:D19) -> 2939970.1 | E20: =SUM(E18:E19) -> 3361148.5 | F20: =SUM(F18:F19) -> 2914006.4 | G20: =SUM(G18:G19) -> 3361148.5 | H20: =SUM(H18:H19) -> 4024889.6 | I20: =SUM(I18:I19) -> 3361148.5 | J20: =SUM(J18:J19) -> 3287888 | ... L20: =SUM(L18:L19) -> 13166754
B22: GASTOS DE OPERACIÓN
A23: 111 | B23: ENERGIA ELECTRICA | C23: 0 | D23: 0 | E23: 88000 | F23: 0 | G23: 88000 | H23: 87425.59 | I23: 88000 | J23: 100265.42 | K23: =+C23+E23+G23+I23 -> 264000 | L23: =+D23+F23+H23+J23 -> 187691.01
A24: 113 | B24: SERVICIO DE INTERNET Y TELEFONIA | C24: 0 | D24: 0 | E24: 11585.06 | F24: 8525.7 | G24: 11585.06 | H24: 11440.41 | I24: 11585.06 | J24: 11412.67 | K24: =+C24+E24+G24+I24 -> 34755.18 | L24: =+D24+F24+H24+J24 -> 31378.78
A25: 122 | B25: IMPRESIÓN, ENCUADERNACION Y REPRODUCCION | C25: 0 | D25: 0 | E25: 68124.37 | F25: 0 | G25: 0 | H25: 440 | I25: 0 | J25: 42472.5 | K25: =+C25+E25+G25+I25 -> 68124.37 | L25: =+D25+F25+H25+J25 -> 42912.5
A26: 163 | B26: MANT. Y REP. EQUIPO MEDICO SANITARIO Y DE LAB. | C26: 50000 | D26: 0 | E26: =16335+50000 -> 66335 | F26: 0 | G26: =214550+50000 -> 264550 | H26: 6400.89 | I26: 50000 | J26: 133312.11 | K26: =+C26+E26+G26+I26 -> 430885 | L26: =+D26+F26+H26+J26 -> 139713
A27: 168 | B27: MANTENIMIENTO Y REPARACION DE EQUIPO DE COMPUTO | C27: 1000 | D27: 0 | E27: 0 | F27: 0 | G27: 0 | H27: 0 | I27: 0 | J27: 0 | K27: =+C27+E27+G27+I27 -> 1000 | L27: =+D27+F27+H27+J27 -> 0
A28: 169 | B28: MANT. Y REP. DE OTRAS MAQ. Y EQUIPO | C28: 10000 | D28: 0 | E28: 0 | F28: 0 | G28: 0 | H28: 0 | I28: 0 | J28: 0 | K28: =+C28+E28+G28+I28 -> 10000 | L28: =+D28+F28+H28+J28 -> 0
A29: 171 | B29: MANT. Y REPARACION DE EDIFICIOS | C29: 10000 | D29: 0 | E29: 0 | F29: 0 | G29: 8140 | H29: 0 | I29: 1320 | J29: 7400 | K29: =+C29+E29+G29+I29 -> 19460 | L29: =+D29+F29+H29+J29 -> 7400
A30: 174 | B30: MANT. Y REP. DE INSTALACIONES | C30: 15765.66 | D30: 0 | E30: 5765.66 | F30: 5765.66 | G30: 7265.66 | H30: 5765.66 | I30: 7265.66 | J30: 5765.66 | K30: =+C30+E30+G30+I30 -> 36062.64 | L30: =+D30+F30+H30+J30 -> 17296.98
A31: 182 | B31: SERVICIOS MEDICO-SANITARIOS | C31: 278286 | D31: 0 | E31: 274686 | F31: 50615 | G31: 277086 | H31: 257315 | I31: 266886 | J31: 288696 | K31: =+C31+E31+G31+I31 -> 1096944 | L31: =+D31+F31+H31+J31 -> 596626
A32: 197 | B32: SERVICIOS DE VIGILANCIA | C32: 0 | D32: 0 | E32: 43200 | F32: 0 | G32: 43200 | H32: 42000 | I32: 43200 | J32: 42000 | K32: =+C32+E32+G32+I32 -> 129600 | L32: =+D32+F32+H32+J32 -> 84000
A33: 199 | B33: OTROS SERVICIOS NO PERSONALES | C33: 60838.7 | D33: 0 | E33: 147087.5 | F33: 8200.8 | G33: 48537.5 | H33: 69332.8 | I33: 48537.5 | J33: 58547.1 | K33: =+C33+E33+G33+I33 -> 305001.2 | L33: =+D33+F33+H33+J33 -> 136080.7
A34: 211 | B34: ALIMENTOS PARA PERSONAS | C34: 37249 | D34: 0 | E34: 47931.75 | F34: 0 | G34: 47931.75 | H34: 59267.75 | I34: 37249 | J34: 51050.5 | K34: =+C34+E34+G34+I34 -> 170361.5 | L34: =+D34+F34+H34+J34 -> 110318.25
A35: 232 | B35: ACABADOS TEXTILES | C35: 0 | D35: 0 | E35: 86640 | F35: 0 | G35: 0 | H35: 0 | I35: 0 | J35: 0 | K35: =+C35+E35+G35+I35 -> 86640 | L35: =+D35+F35+H35+J35 -> 0
A36: 261 | B36: ELEMENTOS Y COMPUESTOS QUIMICOS | C36: 0 | D36: 0 | E36: 1009687.4 | F36: 62510.51 | G36: 0 | H36: 64391.24 | I36: 0 | J36: 162057.62 | K36: =+C36+E36+G36+I36 -> 1009687.4 | L36: =+D36+F36+H36+J36 -> 288959.37
A37: 262 | B37: COMBUSTIBLES Y LUBRICANTES | C37: 8000 | D37: 0 | E37: 0 | F37: 0 | G37: 0 | H37: 0 | I37: 0 | J37: 0 | K37: =+C37+E37+G37+I37 -> 8000 | L37: =+D37+F37+H37+J37 -> 0
A38: 266 | B38: PRODUCTOS MEDICINALES Y FARMACEUTICOS | C38: 0 | D38: 0 | E38: 619212.26 | F38: 0 | G38: 0 | H38: 186614 | I38: 0 | J38: 131300 | K38: =+C38+E38+G38+I38 -> 619212.26 | L38: =+D38+F38+H38+J38 -> 317914
... A45: 297 | B45: UTILES, ACCESORIOS Y MATERIALES ELECTRICOS | C45: 10000 | D45: 0 | E45: 8945.44 | F45: 0 | G45: 0 | H45: 0 | I45: 0 | J45: 16586.2 | K45: =+C45+E45+G45+I45 -> 18945.44 | L45: =+D45+F45+H45+J45 -> 16586.2
A46: 298 | B46: ACCESORIOS Y REPUESTOS EN GENERAL | C46: 33333.33 | D46: 0 | E46: =33333.33+9801.67 -> 43135 | F46: 0 | G46: 33333.33 | H46: 12500 | I46: 33333.33 | J46: 73419.55 | K46: =+C46+E46+G46+I46 -> 143134.99 | L46: =+D46+F46+H46+J46 -> 85919.55
A47: 299 | B47: OTROS MATERIALES Y SUMINISTROS | C47: 19097.08 | D47: 0 | E47: 19097.08 | F47: 0 | G47: 19097.08 | H47: 0 | I47: 19097.08 | J47: 11561.43 | K47: =+C47+E47+G47+I47 -> 76388.32 | L47: =+D47+F47+H47+J47 -> 11561.43
A48: 323 | B48: EQUIPO MEDICO-SANITARIO Y DE LABORATORIO | C48: 0 | D48: 0 | E48: 0 | F48: 0 | G48: 0 | H48: 0 | I48: 0 | J48: 0 | K48: =+C48+E48+G48+I48 -> 0 | L48: =+D48+F48+H48+J48 -> 0
B49: TOTAL GASTOS DE OPERACIÓN | C49: =SUM(C23:C48) -> 552569.77 | D49: =SUM(D23:D48) -> 0 | E49: =SUM(E23:E48) -> 5817527.5 | F49: =SUM(F23:F48) -> 135617.67 | G49: =SUM(G23:G48) -> 848726.38 | H49: =SUM(H23:H48) -> 1618801.8 | I49: =SUM(I23:I48) -> 606473.63 | J49: =SUM(J23:J48) -> 1614363.4 | ... L49: =SUM(L23:L48) -> 3368782.8
B50: TOTAL GENERAL | C50: =+C49+C20 -> 3913718.2 | D50: =+D49+D20 -> 2939970.1 | E50: =+E49+E20 -> 9178676 | F50: =+F49+F20 -> 3049624.1 | G50: =+G49+G20 -> 4209874.8 | H50: =+H49+H20 -> 5643691.3 | I50: =+I49+I20 -> 3967622.1 | J50: =+J49+J20 -> 4902251.4 | ... L50: =+L49+L20 -> 16535537
A56: Programación y ejecucion mensual por tipo de gasto año 2023, Expresado en Quetzales segundo cuatrimestre 2023
A57: No. | B57: =+B15 -> CATEGORIA DEL GASTO DE FUNCIONAMIENTO | C57: MAYO | E57: JUNIO | G57: JULIO | I57: AGOSTO | K57: TOTAL CUATRIMESTRE
C58: PROG. | D58: EJECUTADO | E58: PROG. | F58: EJECUTADO | G58: PROG. | H58: EJECUTADO | I58: PROG. | J58: EJECUTADO | K58: PROG. | L58: EJECUTADO
A59: 011 | B59: RECURSO HUMANO
B60: SUELOS Y SALARIOS | C60: 3361148.5 | D60: 2940365.1 | E60: 3361148.5 | F60: 3011624.1 | G60: 6070495.5 | H60: 3028479 | K60: =+C60+E60+G60+I60 -> 12792792 | L60: =+D60+F60+H60+J60 -> 8980468.2
B61: BONO 14 | H61: 2668116.4 | L61: =+D61+F61+H61+J61 -> 2668116.4
B62: CUOTA PATRONAL | D62: 360102.28 | F62: 369024.16 | H62: 0 | L62: =+D62+F62+H62+J62 -> 729126.44
B63: TOTAL RECURSO HUMANO | C63: =SUM(C60:C62) -> 3361148.5 | D63: =SUM(D60:D62) -> 3300467.4 | E63: =SUM(E60:E62) -> 3361148.5 | F63: =SUM(F60:F62) -> 3380648.2 | G63: =SUM(G60:G62) -> 6070495.5 | H63: =SUM(H60:H62) -> 5696595.4 | I63: =SUM(I60:I62) -> 0 | J63: =SUM(J60:J62) -> 0 | ... L63: =SUM(L60:L62) -> 12377711
B65: GASTOS DE OPERACIÓN
A66: 111 | B66: ENERGIA ELECTRICA | C66: 88000 | D66: 97538.98 | E66: 88000 | F66: 107910.41 | G66: 88000 | H66: 101929.93 | K66: =+C66+E66+G66+I66 -> 264000 | L66: =+D66+F66+H66+J66 -> 307379.32
A67: 113 | B67: SERVICIO DE INTERNET Y TELEFONIA | C67: 11585.06 | D67: 11401.8 | E67: 11585.06 | F67: 11464.57 | G67: 11585.06 | H67: 11458.71 | K67: =+C67+E67+G67+I67 -> 34755.18 | L67: =+D67+F67+H67+J67 -> 34325.08
A68: 122 | B68: IMPRESIÓN, ENCUADERNACION Y REPRODUCCION | C68: 0 | D68: 11495 | E68: 0 | F68: 4070 | G68: 0 | H68: 2343 | K68: =+C68+E68+G68+I68 -> 0 | L68: =+D68+F68+H68+J68 -> 17908
A69: 163 | B69: MANT. Y REP. EQUIPO MEDICO SANITARIO Y DE LAB. | C69: =35375+50000 -> 85375 | D69: 68707 | E69: =18575+50000 -> 68575 | F69: 53647.66 | G69: =176415+50000 -> 226415 | H69: 53986 | K69: =+C69+E69+G69+I69 -> 380365 | L69: =+D69+F69+H69+J69 -> 176340.66
A70: 168 | B70: MANTENIMIENTO Y REPARACION DE EQUIPO DE COMPUTO | C70: 0 | D70: 0 | E70: 0 | F70: 0 | G70: 0 | H70: 0 | K70: =+C70+E70+G70+I70 -> 0 | L70: =+D70+F70+H70+J70 -> 0
A71: 169 | B71: MANT. Y REP. DE OTRAS MAQ. Y EQUIPO | C71: 14550 | D71: 0 | E71: 0 | F71: 0 | G71: 0 | H71: 13150 | K71: =+C71+E71+G71+I71 -> 14550 | L71: =+D71+F71+H71+J71 -> 13150
A72: 171 | B72: MANT. Y REPARACION DE EDIFICIOS | C72: 1320 | D72: 6852.5 | E72: 1320 | F72: 1200 | G72: 8140 | H72: 1200 | K72: =+C72+E72+G72+I72 -> 10780 | L72: =+D72+F72+H72+J72 -> 9252.5
A73: 174 | B73: MANT. Y REP. DE INSTALACIONES | C73: 29765.66 | D73: 7115.66 | E73: 7265.66 | F73: 7115.66 | G73: 7265.66 | H73: 8465.66 | K73: =+C73+E73+G73+I73 -> 44296.98 | L73: =+D73+F73+H73+J73 -> 22696.98
A74: 182 | B74: SERVICIOS MEDICO-SANITARIOS | C74: 296886 | D74: 333329 | E74: 277686 | F74: 281256 | G74: 270486 | H74: 328677 | K74: =+C74+E74+G74+I74 -> 845058 | L74: =+D74+F74+H74+J74 -> 943262
A75: 197 | B75: SERVICIOS DE VIGILANCIA | C75: 43200 | D75: 0 | E75: 0 | F75: 0 | G75: 0 | H75: 0 | K75: =+C75+E75+G75+I75 -> 43200 | L75: =+D75+F75+H75+J75 -> 0
A76: 199 | B76: OTROS SERVICIOS NO PERSONALES | C76: 50789 | D76: 65496.54 | E76: 52839.2 | F76: 63814.1 | G76: 94489 | H76: 62879.9 | K76: =+C76+E76+G76+I76 -> 198117.2 | L76: =+D76+F76+H76+J76 -> 192190.54
A77: 211 | B77: ALIMENTOS PARA PERSONAS | C77: 47931.75 | D77: 52824.75 | E77: 47931.75 | F77: 57095.75 | G77: 47931.75 | H77: 25463 | K77: =+C77+E77+G77+I77 -> 143795.25 | L77: =+D77+F77+H77+J77 -> 135383.5
A78: 232 | B78: ACABADOS TEXTILES | C78: 86640 | D78: 0 | E78: 0 | F78: 20798 | G78: 0 | H78: 0 | K78: =+C78+E78+G78+I78 -> 86640 | L78: =+D78+F78+H78+J78 -> 20798
A79: 261 | B79: ELEMENTOS Y COMPUESTOS QUIMICOS | C79: 0 | D79: 64332.02 | E79: 0 | F79: 0 | G79: 0 | H79: 109281.64 | K79: =+C79+E79+G79+I79 -> 0 | L79: =+D79+F79+H79+J79 -> 173613.66
A80: 262 | B80: COMBUSTIBLES Y LUBRICANTES | C80: 0 | D80: 0 | E80: 0 | F80: 0 | G80: 0 | H80: 0 | K80: =+C80+E80+G80+I80 -> 0 | L80: =+D80+F80+H80+J80 -> 0
A81: 266 | B81: PRODUCTOS MEDICINALES Y FARMACEUTICOS | C81: 810000 | D81: 4050 | E81: 0 | F81: 816961.68 | G81: 0 | H81: 36650 | K81: =+C81+E81+G81+I81 -> 810000 | L81: =+D81+F81+H81+J81 -> 857661.68
... A90: 299 | B90: OTROS MATERIALES Y SUMINISTROS | C90: 19097.08 | D90: 37258.03 | E90: 19097.08 | F90: 11113.48 | G90: 19097.08 | H90: 70056.06 | K90: =+C90+E90+G90+I90 -> 57291.24 | L90: =+D90+F90+H90+J90 -> 118427.57
A91: 323 | B91: EQUIPO MEDICO-SANITARIO Y DE LABORATORIO | C91: 2500000 | D91: 0 | F91: 68000 | G91: 0 | H91: 73920 | K91: =+C91+E91+G91+I91 -> 2500000 | L91: =+D91+F91+H91+J91 -> 141920
B92: TOTAL GASTOS DE OPERACIÓN | C92: =SUM(C66:C91) -> 4893082.3 | D92: =SUM(D66:D91) -> 1554870.2 | E92: =SUM(E66:E91) -> 17602011 | F92: =SUM(F66:F91) -> 3625974.8 | G92: =SUM(G66:G91) -> 806742.88 | H92: =SUM(H66:H91) -> 5272466.1 | I92: =SUM(I66:I91) -> 0 | J92: =SUM(J66:J91) -> 0 | ... L92: =SUM(L66:L91) -> 10453311
B93: TOTAL GENERAL | C93: =+C92+C63 -> 8254230.8 | D93: =+D92+D63 -> 4855337.6 | E93: =+E92+E63 -> 20963159 | F93: =+F92+F63 -> 7006623.1 | G93: =+G92+G63 -> 6877238.3 | H93: =+H92+H63 -> 10969062 | I93: =+I92+I63 -> 0 | J93: =+J92+J63 -> 0 | ... L93: =+L92+L63 -> 22831022
A96: Programación y ejecucion mensual por tipo de gasto año 2023, Expresado en Quetzales tercer cuatrimestre 2023
A97: No. | B97: CATEGORIA DE GASTO | C97: SEPTIEMBRE | E97: OCTUBRE | G97: NOVIEMBRE | I97: DICIEMBRE | K97: TOTAL CUATRIMESTRE
C98: PROG. | D98: EJECUTADO | E98: PROG. | F98: EJECUTADO | G98: PROG. | H98: EJECUTADO | I98: PROG. | J98: EJECUTADO | K98: PROG. | L98: EJECUTADO
A99: 011 | B99: RECURSO HUMANO
B100: SUELOS Y SALARIOS | K100: =+C100+E100+G100+I100 -> 0 | L100: =+D100+F100+H100+J100 -> 0
B101: CUOTA PATRONAL | K101: =+C101+E101+G101+I101 -> 0 | L101: =+D101+F101+H101+J101 -> 0
B102: TOTAL RECURSO HUMANO | C102: =SUM(C100:C101) -> 0 | D102: =SUM(D100:D101) -> 0 | E102: =SUM(E100:E101) -> 0 | F102: =SUM(F100:F101) -> 0 | G102: =SUM(G100:G101) -> 0 | H102: =SUM(H100:H101) -> 0 | I102: =SUM(I100:I101) -> 0 | J102: =SUM(J100:J101) -> 0 | ... L102: =SUM(L100:L101) -> 0
B104: GASTOS DE FUNCIONAMIENTO
A105: 111 | B105: ENERGIA ELECTRICA | K105: =+C105+E105+G105+I105 -> 0 | L105: =+D105+F105+H105+J105 -> 0
A106: 113 | B106: SERVICIO DE INTERNET Y TELEFONIA | K106: =+C106+E106+G106+I106 -> 0 | L106: =+D106+F106+H106+J106 -> 0
A107: 122 | B107: IMPRESIÓN, ENCUADERNACION Y REPRODUCCION | K107: =+C107+E107+G107+I107 -> 0 | L107: =+D107+F107+H107+J107 -> 0
A108: 163 | B108: MANT. Y REP. EQUIPO MEDICO SANITARIO Y DE LAB. | K108: =+C108+E108+G108+I108 -> 0 | L108: =+D108+F108+H108+J108 -> 0
A109: 168 | B109: MANTENIMIENTO Y REPARACION DE EQUIPO DE COMPUTO | K109: =+C109+E109+G109+I109 -> 0 | L109: =+D109+F109+H109+J109 -> 0
A110: 169 | B110: MANT. Y REP. DE OTRAS MAQ. Y EQUIPO | K110: =+C110+E110+G110+I110 -> 0 | L110: =+D110+F110+H110+J110 -> 0
A111: 171 | B111: MANT. Y REPARACION DE EDIFICIOS | K111: =+C111+E111+G111+I111 -> 0 | L111: =+D111+F111+H111+J111 -> 0
A112: 174 | B112: MANT. Y REP. DE INSTALACIONES | K112: =+C112+E112+G112+I112 -> 0 | L112: =+D112+F112+H112+J112 -> 0
A113: 182 | B113: SERVICIOS MEDICO-SANITARIOS | K113: =+C113+E113+G113+I113 -> 0 | L113: =+D113+F113+H113+J113 -> 0
A114: 197 | B114: SERVICIOS DE VIGILANCIA | K114: =+C114+E114+G114+I114 -> 0 | L114: =+D114+F114+H114+J114 -> 0
A115: 199 | B115: OTROS SERVICIOS NO PERSONALES | K115: =+C115+E115+G115+I115 -> 0 | L115: =+D115+F115+H115+J115 -> 0
A116: 211 | B116: ALIMENTOS PARA PERSONAS | K116: =+C116+E116+G116+I116 -> 0 | L116: =+D116+F116+H116+J116 -> 0
... A130: 323 | B130: EQUIPO MEDICO SANITARIO Y DE LABORATORIO | K130: =+C130+E130+G130+I130 -> 0 | L130: =+D130+F130+H130+J130 -> 0
B131: TOTAL GASTOS DE FUNCIONAMIENTO | C131: =SUM(C105:C130) -> 0 | D131: =SUM(D105:D130) -> 0 | E131: =SUM(E105:E130) -> 0 | F131: =SUM(F105:F130) -> 0 | G131: =SUM(G105:G130) -> 0 | H131: =SUM(H105:H130) -> 0 | I131: =SUM(I105:I130) -> 0 | J131: =SUM(J105:J130) -> 0 | ... L131: =SUM(L105:L130) -> 0
B132: TOTAL GENERAL | C132: =+C131+C102 -> 0 | D132: =+D131+D102 -> 0 | E132: =+E131+E102 -> 0 | F132: =+F131+F102 -> 0 | G132: =+G131+G102 -> 0 | H132: =+H131+H102 -> 0 | I132: =+I131+I102 -> 0 | J132: =+J131+J102 -> 0 | ... L132: =+L131+L102 -> 0
B152: RESUMEN AÑO 2023
A153: No. | B153: CATEGORIA DE GASTO | C153: TOTAL ANUAL
C154: PRESUPUESTO | D154: REAL
A155: 011 | B155: RECURSO HUMANO | C155: =+K20+K63+K102 -> 26237386 | D155: =+L20+L63+L102 -> 25544465
B157: GASTOS DE OPERACIÓN
A158: 111 | B158: ENERGIA ELECTRICA | C158: =+K23+K66+K105 -> 528000 | D158: =+L23+L66+L105 -> 495070.33
A159: 113 | B159: TELEFONIA | C159: =+K24+K67+K106 -> 69510.36 | D159: =+L24+L67+L106 -> 65703.86
A160: 122 | B160: IMPRESIÓN, ENCUADERNACION Y REPRODUCCION | C160: =+K25+K68+K107 -> 68124.37 | D160: =+L25+L68+L107 -> 60820.5
A161: 163 | B161: MANT. Y REP. EQUIPO MEDICO SANITARIO Y DE LAB. | C161: =+K26+K69+K108 -> 811250 | D161: =+L26+L69+L108 -> 316053.66
A162: 168 | B162: MANTENIMIENTO Y REPARACION DE EQUIPO DE COMPUTO | C162: =+K27+K70+K109 -> 1000 | D162: =+L27+L70+L109 -> 0
A163: 169 | B163: MANT. Y REP. DE OTRAS MAQ. Y EQUIPO | C163: =+K28+K71+K110 -> 24550 | D163: =+L28+L71+L110 -> 13150
A164: 171 | B164: MANT. Y REPARACION DE EDIFICIOS | C164: =+K29+K72+K111 -> 30240 | D164: =+L29+L72+L111 -> 16652.5
A165: 174 | B165: MANT. Y REP. DE INSTALACIONES | C165: =+K30+K73+K112 -> 80359.62 | D165: =+L30+L73+L112 -> 39993.96
A166: 182 | B166: SERVICIOS MEDICO-SANITARIOS | C166: =+K31+K74+K113 -> 1942002 | D166: =+L31+L74+L113 -> 1539888
...

Sheet AGOSTO F-5
B8: ÀREA FINANCIERA | K8: F-5
A10: UNIDAD DE CIRUGIA CARDIOVASCULAR DE GUATEMALA
A11: 5a. AVENIDA 6-22 ZONA 11
A12: dgunicar@yahoo.es Tel. 24163000
A14: Programación y ejecucion mensual por tipo de gasto año 2023, Expresado en Quetzales primer cuatrimestre 2023
A15: No. | B15: CATEGORIA DEL GASTO DE FUNCIONAMIENTO | C15: ENERO | E15: FEBRERO | G15: MARZO | I15: ABRIL | K15: TOTAL CUATRIMESTRE
C16: PROG. | D16: EJECUTADO | E16: PROG. | F16: EJECUTADO | G16: PROG. | H16: EJECUTADO | I16: PROG. | J16: EJECUTADO | K16: PROG. | L16: EJECUTADO
B17: RECURSO HUMANO
A18: 011 | B18: SUELOS Y SALARIOS | C18: 3361148.5 | D18: 2939970.1 | E18: 3361148.5 | F18: 2914006.4 | G18: 3361148.5 | H18: 2948436.8 | I18: 3361148.5 | J18: 2929171.3 | K18: =+C18+E18+G18+I18 -> 13444594 | L18: =+D18+F18+H18+J18 -> 11731585
B19: CUOTA PATRONAL | H19: 1076452.8 | J19: 358716.74 | L19: =+D19+F19+H19+J19 -> 1435169.6
B20: TOTAL RECURSO HUMANO | C20: =SUM(C18:C19) -> 3361148.5 | D20: =SUM(D18:D19) -> 2939970.1 | E20: =SUM(E18:E19) -> 3361148.5 | F20: =SUM(F18:F19) -> 2914006.4 | G20: =SUM(G18:G19) -> 3361148.5 | H20: =SUM(H18:H19) -> 4024889.6 | I20: =SUM(I18:I19) -> 3361148.5 | J20: =SUM(J18:J19) -> 3287888 | ... L20: =SUM(L18:L19) -> 13166754
B22: GASTOS DE OPERACIÓN
A23: 111 | B23: ENERGIA ELECTRICA | C23: 0 | D23: 0 | E23: 88000 | F23: 0 | G23: 88000 | H23: 87425.59 | I23: 88000 | J23: 100265.42 | K23: =+C23+E23+G23+I23 -> 264000 | L23: =+D23+F23+H23+J23 -> 187691.01
A24: 113 | B24: SERVICIO DE INTERNET Y TELEFONIA | C24: 0 | D24: 0 | E24: 11585.06 | F24: 8525.7 | G24: 11585.06 | H24: 11440.41 | I24: 11585.06 | J24: 11412.67 | K24: =+C24+E24+G24+I24 -> 34755.18 | L24: =+D24+F24+H24+J24 -> 31378.78
A25: 122 | B25: IMPRESIÓN, ENCUADERNACION Y REPRODUCCION | C25: 0 | D25: 0 | E25: 68124.37 | F25: 0 | G25: 0 | H25: 440 | I25: 0 | J25: 42472.5 | K25: =+C25+E25+G25+I25 -> 68124.37 | L25: =+D25+F25+H25+J25 -> 42912.5
A26: 163 | B26: MANT. Y REP. EQUIPO MEDICO SANITARIO Y DE LAB. | C26: 50000 | D26: 0 | E26: =16335+50000 -> 66335 | F26: 0 | G26: =214550+50000 -> 264550 | H26: 6400.89 | I26: 50000 | J26: 133312.11 | K26: =+C26+E26+G26+I26 -> 430885 | L26: =+D26+F26+H26+J26 -> 139713
A27: 168 | B27: MANTENIMIENTO Y REPARACION DE EQUIPO DE COMPUTO | C27: 1000 | D27: 0 | E27: 0 | F27: 0 | G27: 0 | H27: 0 | I27: 0 | J27: 0 | K27: =+C27+E27+G27+I27 -> 1000 | L27: =+D27+F27+H27+J27 -> 0
A28: 169 | B28: MANT. Y REP. DE OTRAS MAQ. Y EQUIPO | C28: 10000 | D28: 0 | E28: 0 | F28: 0 | G28: 0 | H28: 0 | I28: 0 | J28: 0 | K28: =+C28+E28+G28+I28 -> 10000 | L28: =+D28+F28+H28+J28 -> 0
A29: 171 | B29: MANT. Y REPARACION DE EDIFICIOS | C29: 10000 | D29: 0 | E29: 0 | F29: 0 | G29: 8140 | H29: 0 | I29: 1320 | J29: 7400 | K29: =+C29+E29+G29+I29 -> 19460 | L29: =+D29+F29+H29+J29 -> 7400
A30: 174 | B30: MANT. Y REP. DE INSTALACIONES | C30: 15765.66 | D30: 0 | E30: 5765.66 | F30: 5765.66 | G30: 7265.66 | H30: 5765.66 | I30: 7265.66 | J30: 5765.66 | K30: =+C30+E30+G30+I30 -> 36062.64 | L30: =+D30+F30+H30+J30 -> 17296.98
A31: 182 | B31: SERVICIOS MEDICO-SANITARIOS | C31: 278286 | D31: 0 | E31: 274686 | F31: 50615 | G31: 277086 | H31: 257315 | I31: 266886 | J31: 288696 | K31: =+C31+E31+G31+I31 -> 1096944 | L31: =+D31+F31+H31+J31 -> 596626
A32: 197 | B32: SERVICIOS DE VIGILANCIA | C32: 0 | D32: 0 | E32: 43200 | F32: 0 | G32: 43200 | H32: 42000 | I32: 43200 | J32: 42000 | K32: =+C32+E32+G32+I32 -> 129600 | L32: =+D32+F32+H32+J32 -> 84000
A33: 199 | B33: OTROS SERVICIOS NO PERSONALES | C33: 60838.7 | D33: 0 | E33: 147087.5 | F33: 8200.8 | G33: 48537.5 | H33: 69332.8 | I33: 48537.5 | J33: 58547.1 | K33: =+C33+E33+G33+I33 -> 305001.2 | L33: =+D33+F33+H33+J33 -> 136080.7
A34: 211 | B34: ALIMENTOS PARA PERSONAS | C34: 37249 | D34: 0 | E34: 47931.75 | F34: 0 | G34: 47931.75 | H34: 59267.75 | I34: 37249 | J34: 51050.5 | K34: =+C34+E34+G34+I34 -> 170361.5 | L34: =+D34+F34+H34+J34 -> 110318.25
A35: 232 | B35: ACABADOS TEXTILES | C35: 0 | D35: 0 | E35: 86640 | F35: 0 | G35: 0 | H35: 0 | I35: 0 | J35: 0 | K35: =+C35+E35+G35+I35 -> 86640 | L35: =+D35+F35+H35+J35 -> 0
A36: 261 | B36: ELEMENTOS Y COMPUESTOS QUIMICOS | C36: 0 | D36: 0 | E36: 1009687.4 | F36: 62510.51 | G36: 0 | H36: 64391.24 | I36: 0 | J36: 162057.62 | K36: =+C36+E36+G36+I36 -> 1009687.4 | L36: =+D36+F36+H36+J36 -> 288959.37
A37: 262 | B37: COMBUSTIBLES Y LUBRICANTES | C37: 8000 | D37: 0 | E37: 0 | F37: 0 | G37: 0 | H37: 0 | I37: 0 | J37: 0 | K37: =+C37+E37+G37+I37 -> 8000 | L37: =+D37+F37+H37+J37 -> 0
A38: 266 | B38: PRODUCTOS MEDICINALES Y FARMACEUTICOS | C38: 0 | D38: 0 | E38: 619212.26 | F38: 0 | G38: 0 | H38: 186614 | I38: 0 | J38: 131300 | K38: =+C38+E38+G38+I38 -> 619212.26 | L38: =+D38+F38+H38+J38 -> 317914
... A45: 297 | B45: UTILES, ACCESORIOS Y MATERIALES ELECTRICOS | C45: 10000 | D45: 0 | E45: 8945.44 | F45: 0 | G45: 0 | H45: 0 | I45: 0 | J45: 16586.2 | K45: =+C45+E45+G45+I45 -> 18945.44 | L45: =+D45+F45+H45+J45 -> 16586.2
A46: 298 | B46: ACCESORIOS Y REPUESTOS EN GENERAL | C46: 33333.33 | D46: 0 | E46: =33333.33+9801.67 -> 43135 | F46: 0 | G46: 33333.33 | H46: 12500 | I46: 33333.33 | J46: 73419.55 | K46: =+C46+E46+G46+I46 -> 143134.99 | L46: =+D46+F46+H46+J46 -> 85919.55
A47: 299 | B47: OTROS MATERIALES Y SUMINISTROS | C47: 19097.08 | D47: 0 | E47: 19097.08 | F47: 0 | G47: 19097.08 | H47: 0 | I47: 19097.08 | J47: 11561.43 | K47: =+C47+E47+G47+I47 -> 76388.32 | L47: =+D47+F47+H47+J47 -> 11561.43
A48: 323 | B48: EQUIPO MEDICO-SANITARIO Y DE LABORATORIO | C48: 0 | D48: 0 | E48: 0 | F48: 0 | G48: 0 | H48: 0 | I48: 0 | J48: 0 | K48: =+C48+E48+G48+I48 -> 0 | L48: =+D48+F48+H48+J48 -> 0
B49: TOTAL GASTOS DE OPERACIÓN | C49: =SUM(C23:C48) -> 552569.77 | D49: =SUM(D23:D48) -> 0 | E49: =SUM(E23:E48) -> 5817527.5 | F49: =SUM(F23:F48) -> 135617.67 | G49: =SUM(G23:G48) -> 848726.38 | H49: =SUM(H23:H48) -> 1618801.8 | I49: =SUM(I23:I48) -> 606473.63 | J49: =SUM(J23:J48) -> 1614363.4 | ... L49: =SUM(L23:L48) -> 3368782.8
B50: TOTAL GENERAL | C50: =+C49+C20 -> 3913718.2 | D50: =+D49+D20 -> 2939970.1 | E50: =+E49+E20 -> 9178676 | F50: =+F49+F20 -> 3049624.1 | G50: =+G49+G20 -> 4209874.8 | H50: =+H49+H20 -> 5643691.3 | I50: =+I49+I20 -> 3967622.1 | J50: =+J49+J20 -> 4902251.4 | ... L50: =+L49+L20 -> 16535537
A56: Programación y ejecucion mensual por tipo de gasto año 2023, Expresado en Quetzales segundo cuatrimestre 2023
A57: No. | B57: =+B15 -> CATEGORIA DEL GASTO DE FUNCIONAMIENTO | C57: MAYO | E57: JUNIO | G57: JULIO | I57: AGOSTO | K57: TOTAL CUATRIMESTRE
C58: PROG. | D58: EJECUTADO | E58: PROG. | F58: EJECUTADO | G58: PROG. | H58: EJECUTADO | I58: PROG. | J58: EJECUTADO | K58: PROG. | L58: EJECUTADO
A59: 011 | B59: RECURSO HUMANO
B60: SUELOS Y SALARIOS | C60: 3361148.5 | D60: 2940365.1 | E60: 3361148.5 | F60: 3011624.1 | G60: 6070495.5 | H60: 3028479 | I60: 3361148.5 | J60: 3015901.4 | K60: =+C60+E60+G60+I60 -> 16153941 | L60: =+D60+F60+H60+J60 -> 11996370
B61: BONO 14 | H61: 2668116.4 | J61: 0 | L61: =+D61+F61+H61+J61 -> 2668116.4
B62: CUOTA PATRONAL | D62: 360102.28 | F62: 369024.16 | H62: 0 | J62: 739957.97 | L62: =+D62+F62+H62+J62 -> 1469084.4
B63: TOTAL RECURSO HUMANO | C63: =SUM(C60:C62) -> 3361148.5 | D63: =SUM(D60:D62) -> 3300467.4 | E63: =SUM(E60:E62) -> 3361148.5 | F63: =SUM(F60:F62) -> 3380648.2 | G63: =SUM(G60:G62) -> 6070495.5 | H63: =SUM(H60:H62) -> 5696595.4 | I63: =SUM(I60:I62) -> 3361148.5 | J63: =SUM(J60:J62) -> 3755859.3 | ... L63: =SUM(L60:L62) -> 16133570
B65: GASTOS DE OPERACIÓN
A66: 111 | B66: ENERGIA ELECTRICA | C66: 88000 | D66: 97538.98 | E66: 88000 | F66: 107910.41 | G66: 88000 | H66: 101929.93 | I66: 88000 | J66: 100438.7 | K66: =+C66+E66+G66+I66 -> 352000 | L66: =+D66+F66+H66+J66 -> 407818.02
A67: 113 | B67: SERVICIO DE INTERNET Y TELEFONIA | C67: 11585.06 | D67: 11401.8 | E67: 11585.06 | F67: 11464.57 | G67: 11585.06 | H67: 11458.71 | I67: 11585.06 | J67: 11479.01 | K67: =+C67+E67+G67+I67 -> 46340.24 | L67: =+D67+F67+H67+J67 -> 45804.09
A68: 122 | B68: IMPRESIÓN, ENCUADERNACION Y REPRODUCCION | C68: 0 | D68: 11495 | E68: 0 | F68: 4070 | G68: 0 | H68: 2343 | I68: 0 | J68: 0 | K68: =+C68+E68+G68+I68 -> 0 | L68: =+D68+F68+H68+J68 -> 17908
A69: 163 | B69: MANT. Y REP. EQUIPO MEDICO SANITARIO Y DE LAB. | C69: =35375+50000 -> 85375 | D69: 68707 | E69: =18575+50000 -> 68575 | F69: 53647.66 | G69: =176415+50000 -> 226415 | H69: 53986 | I69: 50000 | J69: 89559.56 | K69: =+C69+E69+G69+I69 -> 430365 | L69: =+D69+F69+H69+J69 -> 265900.22
A70: 168 | B70: MANTENIMIENTO Y REPARACION DE EQUIPO DE COMPUTO | C70: 0 | D70: 0 | E70: 0 | F70: 0 | G70: 0 | H70: 0 | I70: 0 | J70: 0 | K70: =+C70+E70+G70+I70 -> 0 | L70: =+D70+F70+H70+J70 -> 0
A71: 169 | B71: MANT. Y REP. DE OTRAS MAQ. Y EQUIPO | C71: 14550 | D71: 0 | E71: 0 | F71: 0 | G71: 0 | H71: 13150 | I71: 0 | J71: 0 | K71: =+C71+E71+G71+I71 -> 14550 | L71: =+D71+F71+H71+J71 -> 13150
A72: 171 | B72: MANT. Y REPARACION DE EDIFICIOS | C72: 1320 | D72: 6852.5 | E72: 1320 | F72: 1200 | G72: 8140 | H72: 1200 | I72: 1320 | J72: 1200 | K72: =+C72+E72+G72+I72 -> 12100 | L72: =+D72+F72+H72+J72 -> 10452.5
A73: 174 | B73: MANT. Y REP. DE INSTALACIONES | C73: 29765.66 | D73: 7115.66 | E73: 7265.66 | F73: 7115.66 | G73: 7265.66 | H73: 8465.66 | I73: 7265.66 | J73: 7115.66 | K73: =+C73+E73+G73+I73 -> 51562.64 | L73: =+D73+F73+H73+J73 -> 29812.64
A74: 182 | B74: SERVICIOS MEDICO-SANITARIOS | C74: 296886 | D74: 333329 | E74: 277686 | F74: 281256 | G74: 270486 | H74: 328677 | I74: 281886 | J74: 292049 | K74: =+C74+E74+G74+I74 -> 1126944 | L74: =+D74+F74+H74+J74 -> 1235311
A75: 197 | B75: SERVICIOS DE VIGILANCIA | C75: 43200 | D75: 0 | E75: 0 | F75: 0 | G75: 0 | H75: 0 | I75: 0 | J75: 0 | K75: =+C75+E75+G75+I75 -> 43200 | L75: =+D75+F75+H75+J75 -> 0
A76: 199 | B76: OTROS SERVICIOS NO PERSONALES | C76: 50789 | D76: 65496.54 | E76: 52839.2 | F76: 63814.1 | G76: 94489 | H76: 62879.9 | I76: 50789 | J76: 63494.2 | K76: =+C76+E76+G76+I76 -> 248906.2 | L76: =+D76+F76+H76+J76 -> 255684.74
A77: 211 | B77: ALIMENTOS PARA PERSONAS | C77: 47931.75 | D77: 52824.75 | E77: 47931.75 | F77: 57095.75 | G77: 47931.75 | H77: 25463 | I77: 47931.75 | J77: 12343.25 | K77: =+C77+E77+G77+I77 -> 191727 | L77: =+D77+F77+H77+J77 -> 147726.75
A78: 232 | B78: ACABADOS TEXTILES | C78: 86640 | D78: 0 | E78: 0 | F78: 20798 | G78: 0 | H78: 0 | I78: 0 | J78: 45825 | K78: =+C78+E78+G78+I78 -> 86640 | L78: =+D78+F78+H78+J78 -> 66623
A79: 261 | B79: ELEMENTOS Y COMPUESTOS QUIMICOS | C79: 0 | D79: 64332.02 | E79: 0 | F79: 0 | G79: 0 | H79: 109281.64 | I79: 0 | J79: 20458.96 | K79: =+C79+E79+G79+I79 -> 0 | L79: =+D79+F79+H79+J79 -> 194072.62
A80: 262 | B80: COMBUSTIBLES Y LUBRICANTES | C80: 0 | D80: 0 | E80: 0 | F80: 0 | G80: 0 | H80: 0 | I80: 0 | J80: 7947.35 | K80: =+C80+E80+G80+I80 -> 0 | L80: =+D80+F80+H80+J80 -> 7947.35
A81: 266 | B81: PRODUCTOS MEDICINALES Y FARMACEUTICOS | C81: 810000 | D81: 4050 | E81: 0 | F81: 816961.68 | G81: 0 | H81: 36650 | I81: 0 | J81: 48691.5 | K81: =+C81+E81+G81+I81 -> 810000 | L81: =+D81+F81+H81+J81 -> 906353.18
... A90: 299 | B90: OTROS MATERIALES Y SUMINISTROS | C90: 19097.08 | D90: 37258.03 | E90: 19097.08 | F90: 11113.48 | G90: 19097.08 | H90: 70056.06 | I90: 19097.08 | J90: 87874.5 | K90: =+C90+E90+G90+I90 -> 76388.32 | L90: =+D90+F90+H90+J90 -> 206302.07
A91: 323 | B91: EQUIPO MEDICO-SANITARIO Y DE LABORATORIO | C91: 2500000 | D91: 0 | F91: 68000 | G91: 0 | H91: 73920 | I91: 0 | J91: 0 | K91: =+C91+E91+G91+I91 -> 2500000 | L91: =+D91+F91+H91+J91 -> 141920
B92: TOTAL GASTOS DE OPERACIÓN | C92: =SUM(C66:C91) -> 4893082.3 | D92: =SUM(D66:D91) -> 1554870.2 | E92: =SUM(E66:E91) -> 17602011 | F92: =SUM(F66:F91) -> 3625974.8 | G92: =SUM(G66:G91) -> 806742.88 | H92: =SUM(H66:H91) -> 5272466.1 | I92: =SUM(I66:I91) -> 591207.88 | J92: =SUM(J66:J91) -> 2562957 | ... L92: =SUM(L66:L91) -> 13016268
B93: TOTAL GENERAL | C93: =+C92+C63 -> 8254230.8 | D93: =+D92+D63 -> 4855337.6 | E93: =+E92+E63 -> 20963159 | F93: =+F92+F63 -> 7006623.1 | G93: =+G92+G63 -> 6877238.3 | H93: =+H92+H63 -> 10969062 | I93: =+I92+I63 -> 3952356.4 | J93: =+J92+J63 -> 6318816.3 | ... L93: =+L92+L63 -> 29149839
A96: Programación y ejecucion mensual por tipo de gasto año 2023, Expresado en Quetzales tercer cuatrimestre 2023
A97: No. | B97: CATEGORIA DE GASTO | C97: SEPTIEMBRE | E97: OCTUBRE | G97: NOVIEMBRE | I97: DICIEMBRE | K97: TOTAL CUATRIMESTRE
C98: PROG. | D98: EJECUTADO | E98: PROG. | F98: EJECUTADO | G98: PROG. | H98: EJECUTADO | I98: PROG. | J98: EJECUTADO | K98: PROG. | L98: EJECUTADO
A99: 011 | B99: RECURSO HUMANO
B100: SUELOS Y SALARIOS | K100: =+C100+E100+G100+I100 -> 0 | L100: =+D100+F100+H100+J100 -> 0
B101: CUOTA PATRONAL | K101: =+C101+E101+G101+I101 -> 0 | L101: =+D101+F101+H101+J101 -> 0
B102: TOTAL RECURSO HUMANO | C102: =SUM(C100:C101) -> 0 | D102: =SUM(D100:D101) -> 0 | E102: =SUM(E100:E101) -> 0 | F102: =SUM(F100:F101) -> 0 | G102: =SUM(G100:G101) -> 0 | H102: =SUM(H100:H101) -> 0 | I102: =SUM(I100:I101) -> 0 | J102: =SUM(J100:J101) -> 0 | ... L102: =SUM(L100:L101) -> 0
B104: GASTOS DE FUNCIONAMIENTO
A105: 111 | B105: ENERGIA ELECTRICA | K105: =+C105+E105+G105+I105 -> 0 | L105: =+D105+F105+H105+J105 -> 0
A106: 113 | B106: SERVICIO DE INTERNET Y TELEFONIA | K106: =+C106+E106+G106+I106 -> 0 | L106: =+D106+F106+H106+J106 -> 0
A107: 122 | B107: IMPRESIÓN, ENCUADERNACION Y REPRODUCCION | K107: =+C107+E107+G107+I107 -> 0 | L107: =+D107+F107+H107+J107 -> 0
A108: 163 | B108: MANT. Y REP. EQUIPO MEDICO SANITARIO Y DE LAB. | K108: =+C108+E108+G108+I108 -> 0 | L108: =+D108+F108+H108+J108 -> 0
A109: 168 | B109: MANTENIMIENTO Y REPARACION DE EQUIPO DE COMPUTO | K109: =+C109+E109+G109+I109 -> 0 | L109: =+D109+F109+H109+J109 -> 0
A110: 169 | B110: MANT. Y REP. DE OTRAS MAQ. Y EQUIPO | K110: =+C110+E110+G110+I110 -> 0 | L110: =+D110+F110+H110+J110 -> 0
A111: 171 | B111: MANT. Y REPARACION DE EDIFICIOS | K111: =+C111+E111+G111+I111 -> 0 | L111: =+D111+F111+H111+J111 -> 0
A112: 174 | B112: MANT. Y REP. DE INSTALACIONES | K112: =+C112+E112+G112+I112 -> 0 | L112: =+D112+F112+H112+J112 -> 0
A113: 182 | B113: SERVICIOS MEDICO-SANITARIOS | K113: =+C113+E113+G113+I113 -> 0 | L113: =+D113+F113+H113+J113 -> 0
A114: 197 | B114: SERVICIOS DE VIGILANCIA | K114: =+C114+E114+G114+I114 -> 0 | L114: =+D114+F114+H114+J114 -> 0
A115: 199 | B115: OTROS SERVICIOS NO PERSONALES | K115: =+C115+E115+G115+I115 -> 0 | L115: =+D115+F115+H115+J115 -> 0
A116: 211 | B116: ALIMENTOS PARA PERSONAS | K116: =+C116+E116+G116+I116 -> 0 | L116: =+D116+F116+H116+J116 -> 0
... A130: 323 | B130: EQUIPO MEDICO SANITARIO Y DE LABORATORIO | K130: =+C130+E130+G130+I130 -> 0 | L130: =+D130+F130+H130+J130 -> 0
B131: TOTAL GASTOS DE FUNCIONAMIENTO | C131: =SUM(C105:C130) -> 0 | D131: =SUM(D105:D130) -> 0 | E131: =SUM(E105:E130) -> 0 | F131: =SUM(F105:F130) -> 0 | G131: =SUM(G105:G130) -> 0 | H131: =SUM(H105:H130) -> 0 | I131: =SUM(I105:I130) -> 0 | J131: =SUM(J105:J130) -> 0 | ... L131: =SUM(L105:L130) -> 0
B132: TOTAL GENERAL | C132: =+C131+C102 -> 0 | D132: =+D131+D102 -> 0 | E132: =+E131+E102 -> 0 | F132: =+F131+F102 -> 0 | G132: =+G131+G102 -> 0 | H132: =+H131+H102 -> 0 | I132: =+I131+I102 -> 0 | J132: =+J131+J102 -> 0 | ... L132: =+L131+L102 -> 0
B152: RESUMEN AÑO 2023
A153: No. | B153: CATEGORIA DE GASTO | C153: TOTAL ANUAL
C154: PRESUPUESTO | D154: REAL
A155: 011 | B155: RECURSO HUMANO | C155: =+K20+K63+K102 -> 29598535 | D155: =+L20+L63+L102 -> 29300324
B157: GASTOS DE OPERACIÓN
A158: 111 | B158: ENERGIA ELECTRICA | C158: =+K23+K66+K105 -> 616000 | D158: =+L23+L66+L105 -> 595509.03
A159: 113 | B159: TELEFONIA | C159: =+K24+K67+K106 -> 81095.42 | D159: =+L24+L67+L106 -> 77182.87
A160: 122 | B160: IMPRESIÓN, ENCUADERNACION Y REPRODUCCION | C160: =+K25+K68+K107 -> 68124.37 | D160: =+L25+L68+L107 -> 60820.5
A161: 163 | B161: MANT. Y REP. EQUIPO MEDICO SANITARIO Y DE LAB. | C161: =+K26+K69+K108 -> 861250 | D161: =+L26+L69+L108 -> 405613.22
A162: 168 | B162: MANTENIMIENTO Y REPARACION DE EQUIPO DE COMPUTO | C162: =+K27+K70+K109 -> 1000 | D162: =+L27+L70+L109 -> 0
A163: 169 | B163: MANT. Y REP. DE OTRAS MAQ. Y EQUIPO | C163: =+K28+K71+K110 -> 24550 | D163: =+L28+L71+L110 -> 13150
A164: 171 | B164: MANT. Y REPARACION DE EDIFICIOS | C164: =+K29+K72+K111 -> 31560 | D164: =+L29+L72+L111 -> 17852.5
A165: 174 | B165: MANT. Y REP. DE INSTALACIONES | C165: =+K30+K73+K112 -> 87625.28 | D165: =+L30+L73+L112 -> 47109.62
A166: 182 | B166: SERVICIOS MEDICO-SANITARIOS | C166: =+K31+K74+K113 -> 2223888 | D166: =+L31+L74+L113 -> 1831937
...

Sheet MAYO ANEXO A F-5
B8: ÀREA FINANCIERA | I8: ANEXO DE F-5
A10: UNIDAD DE CIRUGIA CARDIOVASCULAR DE GUATEMALA
A11: 5a. AVENIDA 6-22 ZONA 11
A12: dgunicar@yahoo.es Tel. 24163000
A14: Programación mensual por tipo de gasto año 2018, Expresado en Quetzales primer cuatrimestre 2018
A15: No. | B15: CATEGORIA DE GASTO | C15: ENERO | E15: FEBRERO | G15: MARZO | I15: ABRIL
C16: PRESUPUESTO | D16: REAL | E16: PRESUPUESTO | F16: REAL | G16: PRESUPUESTO | H16: REAL | I16: PRESUPUESTO | J16: REAL
B17: RECURSO HUMANO | C17: 1764858.4 | D17: 1492317.4 | E17: 1764858.4 | F17: 1792563.6 | G17: 1764858.4 | H17: 1578007.9 | I17: 1764858.4 | J17: 1803793.6
B19: GASTOS DE FUNCIONAMIENTO | C19: =+C27+C43 -> 2818474.9 | D19: =+D27+D43 -> 0 | E19: =+E27+E43 -> 2818474.9 | F19: =+F27+F43 -> 67111.02 | G19: =+G27+G43 -> 2818474.9 | H19: =+H27+H43 -> 58543.64 | I19: =+I27+I43 -> 2818474.9 | J19: =+J27+J43 -> 3743927.3
B20: ENERGIA ELECTRICA | C20: 62500 | E20: 62500 | F20: 56112.02 | G20: 62500 | I20: 62500 | J20: 68083.01
B21: TELEFONIA | C21: 7500 | E21: 7500 | F21: 10999 | G21: 7500 | H21: 11011 | I21: 7500 | J21: 10992
B22: IMPRESIÓN, ENCUADERNACION Y REPRODUCCION | C22: 8133.97 | E22: 8133.97 | G22: 8133.97 | I22: 8133.97 | J22: 4358
B23: MANT. Y REP. EQUIPO MEDICO SANITARIO Y DE LAB. | C23: 33333.33 | E23: 33333.33 | G23: 33333.33 | I23: 33333.33 | J23: 45020
B24: SERVICIOS MEDICO-SANITARIOS | C24: 165141.75 | E24: 165141.75 | G24: 165141.75 | H24: 1000 | I24: 165141.75 | J24: 26842.86
B25: SERVICIOS DE VIGILANCIA | C25: 40000 | E25: 40000 | G25: 40000 | I25: 40000 | J25: 76240
B26: OTROS SERVICIOS NO PERSONALES | C26: 26305.03 | E26: 26305.03 | G26: 26305.03 | H26: 46532.64 | I26: 26305.03 | J26: 55063.68
B27: SUMA GASTOS GENERALES | C27: =SUM(C20:C26) -> 342914.08 | D27: =SUM(D20:D26) -> 0 | E27: =SUM(E20:E26) -> 342914.08 | F27: =SUM(F20:F26) -> 67111.02 | G27: =SUM(G20:G26) -> 342914.08 | H27: =SUM(H20:H26) -> 58543.64 | I27: =SUM(I20:I26) -> 342914.08 | J27: =SUM(J20:J26) -> 286599.55
B28: MATERIALES Y SUMINISTROS
B29: ALIMENTOS PARA PERSONAS | C29: 60936.45 | E29: 60936.45 | G29: 60936.45 | I29: 60936.45 | J29: 202940.25
B30: ACABADOS TEXTILES | C30: 600 | E30: 600 | G30: 600 | I30: 600
B31: PRODUCTOS DE PAPEL O CARTON | C31: 945.42 | E31: 945.42 | G31: 945.42 | I31: 945.42
B32: ELEMENTOS Y COMPUESTOS QUIMICOS | C32: 169652.57 | E32: 169652.57 | G32: 169652.57 | I32: 169652.57 | J32: 178282.05
B33: COMBUSTIBLES Y LUBRICANTES | C33: 912 | E33: 912 | G33: 912 | I33: 912
B34: PRODUCTOS MEDICINALES Y FARMACEUTICOS | C34: 427229.65 | E34: 427229.65 | G34: 427229.65 | I34: 427229.65 | J34: 1425199.8
B35: TINTES, PINTURAS Y COLORANTES | C35: 100 | E35: 100 | G35: 100 | I35: 100
B36: PRODUCTOS PLASTICOS, NYLON, VINIL Y PVC | C36: 13579.7 | E36: 13579.7 | G36: 13579.7 | I36: 13579.7 | J36: 75162.24
B37: OTROS PRODUCTOS METALICOS | C37: 310 | E37: 310 | G37: 310 | I37: 310
B38: UTILES DE LIMPIEZA Y PRODUCTOS SANITARIOS | C38: 10809.43 | E38: 10809.43 | G38: 10809.43 | I38: 10809.43 | J38: 14528.6
B39: UTILES MENORES MEDICO QUIRURGICOS Y DE LAB. | C39: 1780006.3 | E39: 1780006.3 | G39: 1780006.3 | I39: 1780006.3 | J39: 1545914.8
B40: UTILES, ACCESORIOS Y MATERIALES ELECTRICOS | C40: 2208.7 | E40: 2208.7 | G40: 2208.7 | I40: 2208.7 | J40: 15300
B41: ACCESORIOS Y REPUESTOS EN GENERAL | C41: 8105.1 | E41: 8105.1 | G41: 8105.1 | I41: 8105.1
B42: OTROS MATERIALES Y SUMINISTROS | C42: 165.5 | E42: 165.5 | G42: 165.5 | I42: 165.5
B43: TOTAL MATERIALES Y SUMINISTROS | C43: =SUM(C29:C42) -> 2475560.8 | D43: =SUM(D29:D42) -> 0 | E43: =SUM(E29:E42) -> 2475560.8 | F43: =SUM(F29:F42) -> 0 | G43: =SUM(G29:G42) -> 2475560.8 | H43: =SUM(H29:H42) -> 0 | I43: =SUM(I29:I42) -> 2475560.8 | J43: =SUM(J29:J42) -> 3457327.8
A46: Programación mensual por tipo de gasto año 2016, Expresado en Quetzales
A47: No. | B47: Categoría de Gasto | C47: Julio | E47: Agosto | G47: Septiembre
B48: Recurso Humano | C48: Pto. | D48: Real | E48: Pto. | F48: Real | G48: Pto. | H48: Real
B51: Gastos de Funcionamiento
B52: detallar cada gasto cargado
A60: TOTALES
A73: Programación mensual por tipo de gasto año 2018, Expresado en Quetzales segundo cuatrimestre 2018
A74: No. | B74: CATEGORIA DE GASTO | C74: MAYO | E74: JUNIO | G74: JULIO | I74: AGOSTO
C75: PRESUPUESTO | D75: REAL | E75: PRESUPUESTO | F75: REAL | G75: PRESUPUESTO | H75: REAL | I75: PRESUPUESTO | J75: REAL
B76: RECURSO HUMANO | C76: 1764858.4 | D76: 2281196.2 | E76: 1764858.4 | F76: 1896496.9
B78: GASTOS DE FUNCIONAMIENTO | C78: =+C86+C102 -> 2818474.9 | D78: =+D86+D102 -> 3820610.3 | E78: =+E86+E102 -> 2818474.9 | F78: =+F86+F102 -> 2361172.2 | G78: =+G86+G102 -> 0 | H78: =+H86+H102 -> 0 | I78: =+I86+I102 -> 0 | J78: =+J86+J102 -> 0
B79: ENERGIA ELECTRICA | C79: 62500 | D79: 138609.61 | E79: 62500
B80: TELEFONIA | C80: 7500 | D80: 9818.25 | E80: 7500 | F80: 9560.36
B81: IMPRESIÓN, ENCUADERNACION Y REPRODUCCION | C81: 8133.97 | E81: 8133.97 | F81: 39787
B82: MANT. Y REP. EQUIPO MEDICO SANITARIO Y DE LAB. | C82: 33333.33 | D82: 19161.8 | E82: 33333.33
B83: SERVICIOS MEDICO-SANITARIOS | C83: 165141.75 | D83: 4057.14 | E83: 165141.75 | F83: 184282.78
B84: SERVICIOS DE VIGILANCIA | C84: 40000 | D84: 38120 | E84: 40000 | F84: 38120
B85: OTROS SERVICIOS NO PERSONALES | C85: 26305.03 | D85: 48548.64 | E85: 26305.03 | F85: 44604
B86: SUMA GASTOS GENERALES | C86: =SUM(C79:C85) -> 342914.08 | D86: =SUM(D79:D85) -> 258315.44 | E86: =SUM(E79:E85) -> 342914.08 | F86: =SUM(F79:F85) -> 316354.14 | G86: =SUM(G79:G85) -> 0 | H86: =SUM(H79:H85) -> 0 | I86: =SUM(I79:I85) -> 0 | J86: =SUM(J79:J85) -> 0
B87: MATERIALES Y SUMINISTROS
B88: ALIMENTOS PARA PERSONAS | C88: 60936.45 | D88: 1023 | E88: 60936.45 | F88: 58023.7
B89: ACABADOS TEXTILES | C89: 600 | E89: 600
B90: PRODUCTOS DE PAPEL O CARTON | C90: 945.42 | E90: 945.42
B91: ELEMENTOS Y COMPUESTOS QUIMICOS | C91: 169652.57 | D91: 181188.84 | E91: 169652.57 | F91: 66957.58
B92: COMBUSTIBLES Y LUBRICANTES | C92: 912 | E92: 912
B93: PRODUCTOS MEDICINALES Y FARMACEUTICOS | C93: 427229.65 | D93: 535053.33 | E93: 427229.65 | F93: 261536.69
B94: TINTES, PINTURAS Y COLORANTES | C94: 100 | E94: 100
B95: PRODUCTOS PLASTICOS, NYLON, VINIL Y PVC | C95: 13579.7 | D95: 6224.76 | E95: 13579.7 | F95: 6630
B96: OTROS PRODUCTOS METALICOS | C96: 310 | D96: 3610 | E96: 310
B97: UTILES DE LIMPIEZA Y PRODUCTOS SANITARIOS | C97: 10809.43 | D97: 39404.76 | E97: 10809.43 | F97: 23463
B98: UTILES MENORES MEDICO QUIRURGICOS Y DE LAB. | C98: 1780006.3 | D98: 2752150.2 | E98: 1780006.3 | F98: 1617110.1
B99: UTILES, ACCESORIOS Y MATERIALES ELECTRICOS | C99: 2208.7 | E99: 2208.7 | F99: 11097
B100: ACCESORIOS Y REPUESTOS EN GENERAL | C100: 8105.1 | D100: 43640 | E100: 8105.1
B101: OTROS MATERIALES Y SUMINISTROS | C101: 165.5 | E101: 165.5
B102: TOTAL MATERIALES Y SUMINISTROS | C102: =SUM(C88:C101) -> 2475560.8 | D102: =SUM(D88:D101) -> 3562294.9 | E102: =SUM(E88:E101) -> 2475560.8 | F102: =SUM(F88:F101) -> 2044818 | G102: =SUM(G88:G101) -> 0 | H102: =SUM(H88:H101) -> 0 | I102: =SUM(I88:I101) -> 0 | J102: =SUM(J88:J101) -> 0
A123: Programación mensual por tipo de gasto año 2017, Expresado en Quetzales tercer cuatrimestre 2018
A124: No. | B124: CATEGORIA DE GASTO | C124: SEPTIEMBRE | E124: OCTUBRE | G124: NOVIEMBRE | I124: DICIEMBRE
C125: PRESUPUESTO | D125: REAL | E125: PRESUPUESTO | F125: REAL | G125: PRESUPUESTO | H125: REAL | I125: PRESUPUESTO | J125: REAL
B126: RECURSO HUMANO
B128: GASTOS DE FUNCIONAMIENTO | C128: =+C136+C152 -> 0 | D128: =+D136+D152 -> 0 | E128: =+E136+E152 -> 0 | F128: =+F136+F152 -> 0 | G128: =+G136+G152 -> 0 | H128: =+H136+H152 -> 0 | I128: =+I136+I152 -> 0 | J128: =+J136+J152 -> 0
B129: ENERGIA ELECTRICA
B130: TELEFONIA
B131: IMPRESIÓN, ENCUADERNACION Y REPRODUCCION
B132: MANT. Y REP. EQUIPO MEDICO SANITARIO Y DE LAB.
B133: SERVICIOS MEDICO-SANITARIOS
B134: SERVICIOS DE VIGILANCIA
B135: OTROS SERVICIOS NO PERSONALES
B136: SUMA GASTOS GENERALES | C136: =SUM(C129:C135) -> 0 | D136: =SUM(D129:D135) -> 0 | E136: =SUM(E129:E135) -> 0 | F136: =SUM(F129:F135) -> 0 | G136: =SUM(G129:G135) -> 0 | H136: =SUM(H129:H135) -> 0 | I136: =SUM(I129:I135) -> 0 | J136: =SUM(J129:J135) -> 0
B137: MATERIALES Y SUMINISTROS
B138: ALIMENTOS PARA PERSONAS
B139: AVABADOS TEXTILES
B140: PRODUCTOS DE PAPEL O CARTON
B141: ELEMENTOS Y COMPUESTOS QUIMICOS
B142: COMBUSTIBLES Y LUBRICANTES
B143: PRODUCTOS MEDICINALES Y FARMACEUTICOS
B144: TINTES, PINTURAS Y COLORANTES
B145: PRODUCTOS PLASTICOS, NYLON, VINIL Y PVC
B146: OTROS PRODUCTOS METALICOS
B147: UTILES DE LIMPIEZA Y PRODUCTOS SANITARIOS
B148: UTILES MENORES MEDICO QUIRURGICOS Y DE LAB.
... B151: OTROS MATERIALES Y SUMINISTROS
B152: TOTAL MATERIALES Y SUMINISTROS | C152: =SUM(C138:C151) -> 0 | D152: =SUM(D138:D151) -> 0 | E152: =SUM(E138:E151) -> 0 | F152: =SUM(F138:F151) -> 0 | G152: =SUM(G138:G151) -> 0 | H152: =SUM(H138:H151) -> 0 | I152: =SUM(I138:I151) -> 0 | J152: =SUM(J138:J151) -> 0
C177: PROGRAMACION POR TIPO DE GASTO AÑO 2023
C178: RESUMEN AL 31 DE MAYO 2023
C179: No. | D179: CATEGORIA DEl GASTO DE FUNCIONAMIENTO | E179: TOTAL ANUAL
E180: PRESUPUESTO | F180: COMPROMETIDO
C181: 011 | D181: RECURSO HUMANO | E181: =+'MAYO F-5'!C154 -> 16805742 | F181: =+'MAYO F-5'!D154 -> 16467222
...

Sheet JUNIO ANEXO A F-5
B8: ÀREA FINANCIERA | I8: ANEXO DE F-5
A10: UNIDAD DE CIRUGIA CARDIOVASCULAR DE GUATEMALA
A11: 5a. AVENIDA 6-22 ZONA 11
A12: dgunicar@yahoo.es Tel. 24163000
A14: Programación mensual por tipo de gasto año 2018, Expresado en Quetzales primer cuatrimestre 2018
A15: No. | B15: CATEGORIA DE GASTO | C15: ENERO | E15: FEBRERO | G15: MARZO | I15: ABRIL
C16: PRESUPUESTO | D16: REAL | E16: PRESUPUESTO | F16: REAL | G16: PRESUPUESTO | H16: REAL | I16: PRESUPUESTO | J16: REAL
B17: RECURSO HUMANO | C17: 1764858.4 | D17: 1492317.4 | E17: 1764858.4 | F17: 1792563.6 | G17: 1764858.4 | H17: 1578007.9 | I17: 1764858.4 | J17: 1803793.6
B19: GASTOS DE FUNCIONAMIENTO | C19: =+C27+C43 -> 2818474.9 | D19: =+D27+D43 -> 0 | E19: =+E27+E43 -> 2818474.9 | F19: =+F27+F43 -> 67111.02 | G19: =+G27+G43 -> 2818474.9 | H19: =+H27+H43 -> 58543.64 | I19: =+I27+I43 -> 2818474.9 | J19: =+J27+J43 -> 3743927.3
B20: ENERGIA ELECTRICA | C20: 62500 | E20: 62500 | F20: 56112.02 | G20: 62500 | I20: 62500 | J20: 68083.01
B21: TELEFONIA | C21: 7500 | E21: 7500 | F21: 10999 | G21: 7500 | H21: 11011 | I21: 7500 | J21: 10992
B22: IMPRESIÓN, ENCUADERNACION Y REPRODUCCION | C22: 8133.97 | E22: 8133.97 | G22: 8133.97 | I22: 8133.97 | J22: 4358
B23: MANT. Y REP. EQUIPO MEDICO SANITARIO Y DE LAB. | C23: 33333.33 | E23: 33333.33 | G23: 33333.33 | I23: 33333.33 | J23: 45020
B24: SERVICIOS MEDICO-SANITARIOS | C24: 165141.75 | E24: 165141.75 | G24: 165141.75 | H24: 1000 | I24: 165141.75 | J24: 26842.86
B25: SERVICIOS DE VIGILANCIA | C25: 40000 | E25: 40000 | G25: 40000 | I25: 40000 | J25: 76240
B26: OTROS SERVICIOS NO PERSONALES | C26: 26305.03 | E26: 26305.03 | G26: 26305.03 | H26: 46532.64 | I26: 26305.03 | J26: 55063.68
B27: SUMA GASTOS GENERALES | C27: =SUM(C20:C26) -> 342914.08 | D27: =SUM(D20:D26) -> 0 | E27: =SUM(E20:E26) -> 342914.08 | F27: =SUM(F20:F26) -> 67111.02 | G27: =SUM(G20:G26) -> 342914.08 | H27: =SUM(H20:H26) -> 58543.64 | I27: =SUM(I20:I26) -> 342914.08 | J27: =SUM(J20:J26) -> 286599.55
B28: MATERIALES Y SUMINISTROS
B29: ALIMENTOS PARA PERSONAS | C29: 60936.45 | E29: 60936.45 | G29: 60936.45 | I29: 60936.45 | J29: 202940.25
B30: ACABADOS TEXTILES | C30: 600 | E30: 600 | G30: 600 | I30: 600
B31: PRODUCTOS DE PAPEL O CARTON | C31: 945.42 | E31: 945.42 | G31: 945.42 | I31: 945.42
B32: ELEMENTOS Y COMPUESTOS QUIMICOS | C32: 169652.57 | E32: 169652.57 | G32: 169652.57 | I32: 169652.57 | J32: 178282.05
B33: COMBUSTIBLES Y LUBRICANTES | C33: 912 | E33: 912 | G33: 912 | I33: 912
B34: PRODUCTOS MEDICINALES Y FARMACEUTICOS | C34: 427229.65 | E34: 427229.65 | G34: 427229.65 | I34: 427229.65 | J34: 1425199.8
B35: TINTES, PINTURAS Y COLORANTES | C35: 100 | E35: 100 | G35: 100 | I35: 100
B36: PRODUCTOS PLASTICOS, NYLON, VINIL Y PVC | C36: 13579.7 | E36: 13579.7 | G36: 13579.7 | I36: 13579.7 | J36: 75162.24
B37: OTROS PRODUCTOS METALICOS | C37: 310 | E37: 310 | G37: 310 | I37: 310
B38: UTILES DE LIMPIEZA Y PRODUCTOS SANITARIOS | C38: 10809.43 | E38: 10809.43 | G38: 10809.43 | I38: 10809.43 | J38: 14528.6
B39: UTILES MENORES MEDICO QUIRURGICOS Y DE LAB. | C39: 1780006.3 | E39: 1780006.3 | G39: 1780006.3 | I39: 1780006.3 | J39: 1545914.8
B40: UTILES, ACCESORIOS Y MATERIALES ELECTRICOS | C40: 2208.7 | E40: 2208.7 | G40: 2208.7 | I40: 2208.7 | J40: 15300
B41: ACCESORIOS Y REPUESTOS EN GENERAL | C41: 8105.1 | E41: 8105.1 | G41: 8105.1 | I41: 8105.1
B42: OTROS MATERIALES Y SUMINISTROS | C42: 165.5 | E42: 165.5 | G42: 165.5 | I42: 165.5
B43: TOTAL MATERIALES Y SUMINISTROS | C43: =SUM(C29:C42) -> 2475560.8 | D43: =SUM(D29:D42) -> 0 | E43: =SUM(E29:E42) -> 2475560.8 | F43: =SUM(F29:F42) -> 0 | G43: =SUM(G29:G42) -> 2475560.8 | H43: =SUM(H29:H42) -> 0 | I43: =SUM(I29:I42) -> 2475560.8 | J43: =SUM(J29:J42) -> 3457327.8
A46: Programación mensual por tipo de gasto año 2016, Expresado en Quetzales
A47: No. | B47: Categoría de Gasto | C47: Julio | E47: Agosto | G47: Septiembre
B48: Recurso Humano | C48: Pto. | D48: Real | E48: Pto. | F48: Real | G48: Pto. | H48: Real
B51: Gastos de Funcionamiento
B52: detallar cada gasto cargado
A60: TOTALES
A73: Programación mensual por tipo de gasto año 2018, Expresado en Quetzales segundo cuatrimestre 2018
A74: No. | B74: CATEGORIA DE GASTO | C74: MAYO | E74: JUNIO | G74: JULIO | I74: AGOSTO
C75: PRESUPUESTO | D75: REAL | E75: PRESUPUESTO | F75: REAL | G75: PRESUPUESTO | H75: REAL | I75: PRESUPUESTO | J75: REAL
B76: RECURSO HUMANO | C76: 1764858.4 | D76: 2281196.2 | E76: 1764858.4 | F76: 1896496.9
B78: GASTOS DE FUNCIONAMIENTO | C78: =+C86+C102 -> 2818474.9 | D78: =+D86+D102 -> 3820610.3 | E78: =+E86+E102 -> 2818474.9 | F78: =+F86+F102 -> 2361172.2 | G78: =+G86+G102 -> 0 | H78: =+H86+H102 -> 0 | I78: =+I86+I102 -> 0 | J78: =+J86+J102 -> 0
B79: ENERGIA ELECTRICA | C79: 62500 | D79: 138609.61 | E79: 62500
B80: TELEFONIA | C80: 7500 | D80: 9818.25 | E80: 7500 | F80: 9560.36
B81: IMPRESIÓN, ENCUADERNACION Y REPRODUCCION | C81: 8133.97 | E81: 8133.97 | F81: 39787
B82: MANT. Y REP. EQUIPO MEDICO SANITARIO Y DE LAB. | C82: 33333.33 | D82: 19161.8 | E82: 33333.33
B83: SERVICIOS MEDICO-SANITARIOS | C83: 165141.75 | D83: 4057.14 | E83: 165141.75 | F83: 184282.78
B84: SERVICIOS DE VIGILANCIA | C84: 40000 | D84: 38120 | E84: 40000 | F84: 38120
B85: OTROS SERVICIOS NO PERSONALES | C85: 26305.03 | D85: 48548.64 | E85: 26305.03 | F85: 44604
B86: SUMA GASTOS GENERALES | C86: =SUM(C79:C85) -> 342914.08 | D86: =SUM(D79:D85) -> 258315.44 | E86: =SUM(E79:E85) -> 342914.08 | F86: =SUM(F79:F85) -> 316354.14 | G86: =SUM(G79:G85) -> 0 | H86: =SUM(H79:H85) -> 0 | I86: =SUM(I79:I85) -> 0 | J86: =SUM(J79:J85) -> 0
B87: MATERIALES Y SUMINISTROS
B88: ALIMENTOS PARA PERSONAS | C88: 60936.45 | D88: 1023 | E88: 60936.45 | F88: 58023.7
B89: ACABADOS TEXTILES | C89: 600 | E89: 600
B90: PRODUCTOS DE PAPEL O CARTON | C90: 945.42 | E90: 945.42
B91: ELEMENTOS Y COMPUESTOS QUIMICOS | C91: 169652.57 | D91: 181188.84 | E91: 169652.57 | F91: 66957.58
B92: COMBUSTIBLES Y LUBRICANTES | C92: 912 | E92: 912
B93: PRODUCTOS MEDICINALES Y FARMACEUTICOS | C93: 427229.65 | D93: 535053.33 | E93: 427229.65 | F93: 261536.69
B94: TINTES, PINTURAS Y COLORANTES | C94: 100 | E94: 100
B95: PRODUCTOS PLASTICOS, NYLON, VINIL Y PVC | C95: 13579.7 | D95: 6224.76 | E95: 13579.7 | F95: 6630
B96: OTROS PRODUCTOS METALICOS | C96: 310 | D96: 3610 | E96: 310
B97: UTILES DE LIMPIEZA Y PRODUCTOS SANITARIOS | C97: 10809.43 | D97: 39404.76 | E97: 10809.43 | F97: 23463
B98: UTILES MENORES MEDICO QUIRURGICOS Y DE LAB. | C98: 1780006.3 | D98: 2752150.2 | E98: 1780006.3 | F98: 1617110.1
B99: UTILES, ACCESORIOS Y MATERIALES ELECTRICOS | C99: 2208.7 | E99: 2208.7 | F99: 11097
B100: ACCESORIOS Y REPUESTOS EN GENERAL | C100: 8105.1 | D100: 43640 | E100: 8105.1
B101: OTROS MATERIALES Y SUMINISTROS | C101: 165.5 | E101: 165.5
B102: TOTAL MATERIALES Y SUMINISTROS | C102: =SUM(C88:C101) -> 2475560.8 | D102: =SUM(D88:D101) -> 3562294.9 | E102: =SUM(E88:E101) -> 2475560.8 | F102: =SUM(F88:F101) -> 2044818 | G102: =SUM(G88:G101) -> 0 | H102: =SUM(H88:H101) -> 0 | I102: =SUM(I88:I101) -> 0 | J102: =SUM(J88:J101) -> 0
A123: Programación mensual por tipo de gasto año 2017, Expresado en Quetzales tercer cuatrimestre 2018
A124: No. | B124: CATEGORIA DE GASTO | C124: SEPTIEMBRE | E124: OCTUBRE | G124: NOVIEMBRE | I124: DICIEMBRE
C125: PRESUPUESTO | D125: REAL | E125: PRESUPUESTO | F125: REAL | G125: PRESUPUESTO | H125: REAL | I125: PRESUPUESTO | J125: REAL
B126: RECURSO HUMANO
B128: GASTOS DE FUNCIONAMIENTO | C128: =+C136+C152 -> 0 | D128: =+D136+D152 -> 0 | E128: =+E136+E152 -> 0 | F128: =+F136+F152 -> 0 | G128: =+G136+G152 -> 0 | H128: =+H136+H152 -> 0 | I128: =+I136+I152 -> 0 | J128: =+J136+J152 -> 0
B129: ENERGIA ELECTRICA
B130: TELEFONIA
B131: IMPRESIÓN, ENCUADERNACION Y REPRODUCCION
B132: MANT. Y REP. EQUIPO MEDICO SANITARIO Y DE LAB.
B133: SERVICIOS MEDICO-SANITARIOS
B134: SERVICIOS DE VIGILANCIA
B135: OTROS SERVICIOS NO PERSONALES
B136: SUMA GASTOS GENERALES | C136: =SUM(C129:C135) -> 0 | D136: =SUM(D129:D135) -> 0 | E136: =SUM(E129:E135) -> 0 | F136: =SUM(F129:F135) -> 0 | G136: =SUM(G129:G135) -> 0 | H136: =SUM(H129:H135) -> 0 | I136: =SUM(I129:I135) -> 0 | J136: =SUM(J129:J135) -> 0
B137: MATERIALES Y SUMINISTROS
B138: ALIMENTOS PARA PERSONAS
B139: AVABADOS TEXTILES
B140: PRODUCTOS DE PAPEL O CARTON
B141: ELEMENTOS Y COMPUESTOS QUIMICOS
B142: COMBUSTIBLES Y LUBRICANTES
B143: PRODUCTOS MEDICINALES Y FARMACEUTICOS
B144: TINTES, PINTURAS Y COLORANTES
B145: PRODUCTOS PLASTICOS, NYLON, VINIL Y PVC
B146: OTROS PRODUCTOS METALICOS
B147: UTILES DE LIMPIEZA Y PRODUCTOS SANITARIOS
B148: UTILES MENORES MEDICO QUIRURGICOS Y DE LAB.
... B151: OTROS MATERIALES Y SUMINISTROS
B152: TOTAL MATERIALES Y SUMINISTROS | C152: =SUM(C138:C151) -> 0 | D152: =SUM(D138:D151) -> 0 | E152: =SUM(E138:E151) -> 0 | F152: =SUM(F138:F151) -> 0 | G152: =SUM(G138:G151) -> 0 | H152: =SUM(H138:H151) -> 0 | I152: =SUM(I138:I151) -> 0 | J152: =SUM(J138:J151) -> 0
C177: PROGRAMACION POR TIPO DE GASTO AÑO 2023
C178: RESUMEN AL 30 DE JUNIO 2023
C179: No. | D179: CATEGORIA DEL GASTO DE FUNCIONAMIENTO | E179: TOTAL ANUAL
E180: PRESUPUESTO | F180: COMPROMETIDO
C181: 011 | D181: RECURSO HUMANO | E181: =+'JUNIO F-5'!C154 -> 20166891 | F181: =+'JUNIO F-5'!D154 -> 19847870
...

Sheet JULIO ANEXO A F-5
B8: ÀREA FINANCIERA | I8: ANEXO DE F-5
A10: UNIDAD DE CIRUGIA CARDIOVASCULAR DE GUATEMALA
A11: 5a. AVENIDA 6-22 ZONA 11
A12: dgunicar@yahoo.es Tel. 24163000
A14: Programación mensual por tipo de gasto año 2018, Expresado en Quetzales primer cuatrimestre 2018
A15: No. | B15: CATEGORIA DE GASTO | C15: ENERO | E15: FEBRERO | G15: MARZO | I15: ABRIL
C16: PRESUPUESTO | D16: REAL | E16: PRESUPUESTO | F16: REAL | G16: PRESUPUESTO | H16: REAL | I16: PRESUPUESTO | J16: REAL
B17: RECURSO HUMANO | C17: 1764858.4 | D17: 1492317.4 | E17: 1764858.4 | F17: 1792563.6 | G17: 1764858.4 | H17: 1578007.9 | I17: 1764858.4 | J17: 1803793.6
B19: GASTOS DE FUNCIONAMIENTO | C19: =+C27+C43 -> 2818474.9 | D19: =+D27+D43 -> 0 | E19: =+E27+E43 -> 2818474.9 | F19: =+F27+F43 -> 67111.02 | G19: =+G27+G43 -> 2818474.9 | H19: =+H27+H43 -> 58543.64 | I19: =+I27+I43 -> 2818474.9 | J19: =+J27+J43 -> 3743927.3
B20: ENERGIA ELECTRICA | C20: 62500 | E20: 62500 | F20: 56112.02 | G20: 62500 | I20: 62500 | J20: 68083.01
B21: TELEFONIA | C21: 7500 | E21: 7500 | F21: 10999 | G21: 7500 | H21: 11011 | I21: 7500 | J21: 10992
B22: IMPRESIÓN, ENCUADERNACION Y REPRODUCCION | C22: 8133.97 | E22: 8133.97 | G22: 8133.97 | I22: 8133.97 | J22: 4358
B23: MANT. Y REP. EQUIPO MEDICO SANITARIO Y DE LAB. | C23: 33333.33 | E23: 33333.33 | G23: 33333.33 | I23: 33333.33 | J23: 45020
B24: SERVICIOS MEDICO-SANITARIOS | C24: 165141.75 | E24: 165141.75 | G24: 165141.75 | H24: 1000 | I24: 165141.75 | J24: 26842.86
B25: SERVICIOS DE VIGILANCIA | C25: 40000 | E25: 40000 | G25: 40000 | I25: 40000 | J25: 76240
B26: OTROS SERVICIOS NO PERSONALES | C26: 26305.03 | E26: 26305.03 | G26: 26305.03 | H26: 46532.64 | I26: 26305.03 | J26: 55063.68
B27: SUMA GASTOS GENERALES | C27: =SUM(C20:C26) -> 342914.08 | D27: =SUM(D20:D26) -> 0 | E27: =SUM(E20:E26) -> 342914.08 | F27: =SUM(F20:F26) -> 67111.02 | G27: =SUM(G20:G26) -> 342914.08 | H27: =SUM(H20:H26) -> 58543.64 | I27: =SUM(I20:I26) -> 342914.08 | J27: =SUM(J20:J26) -> 286599.55
B28: MATERIALES Y SUMINISTROS
B29: ALIMENTOS PARA PERSONAS | C29: 60936.45 | E29: 60936.45 | G29: 60936.45 | I29: 60936.45 | J29: 202940.25
B30: ACABADOS TEXTILES | C30: 600 | E30: 600 | G30: 600 | I30: 600
B31: PRODUCTOS DE PAPEL O CARTON | C31: 945.42 | E31: 945.42 | G31: 945.42 | I31: 945.42
B32: ELEMENTOS Y COMPUESTOS QUIMICOS | C32: 169652.57 | E32: 169652.57 | G32: 169652.57 | I32: 169652.57 | J32: 178282.05
B33: COMBUSTIBLES Y LUBRICANTES | C33: 912 | E33: 912 | G33: 912 | I33: 912
B34: PRODUCTOS MEDICINALES Y FARMACEUTICOS | C34: 427229.65 | E34: 427229.65 | G34: 427229.65 | I34: 427229.65 | J34: 1425199.8
B35: TINTES, PINTURAS Y COLORANTES | C35: 100 | E35: 100 | G35: 100 | I35: 100
B36: PRODUCTOS PLASTICOS, NYLON, VINIL Y PVC | C36: 13579.7 | E36: 13579.7 | G36: 13579.7 | I36: 13579.7 | J36: 75162.24
B37: OTROS PRODUCTOS METALICOS | C37: 310 | E37: 310 | G37: 310 | I37: 310
B38: UTILES DE LIMPIEZA Y PRODUCTOS SANITARIOS | C38: 10809.43 | E38: 10809.43 | G38: 10809.43 | I38: 10809.43 | J38: 14528.6
B39: UTILES MENORES MEDICO QUIRURGICOS Y DE LAB. | C39: 1780006.3 | E39: 1780006.3 | G39: 1780006.3 | I39: 1780006.3 | J39: 1545914.8
B40: UTILES, ACCESORIOS Y MATERIALES ELECTRICOS | C40: 2208.7 | E40: 2208.7 | G40: 2208.7 | I40: 2208.7 | J40: 15300
B41: ACCESORIOS Y REPUESTOS EN GENERAL | C41: 8105.1 | E41: 8105.1 | G41: 8105.1 | I41: 8105.1
B42: OTROS MATERIALES Y SUMINISTROS | C42: 165.5 | E42: 165.5 | G42: 165.5 | I42: 165.5
B43: TOTAL MATERIALES Y SUMINISTROS | C43: =SUM(C29:C42) -> 2475560.8 | D43: =SUM(D29:D42) -> 0 | E43: =SUM(E29:E42) -> 2475560.8 | F43: =SUM(F29:F42) -> 0 | G43: =SUM(G29:G42) -> 2475560.8 | H43: =SUM(H29:H42) -> 0 | I43: =SUM(I29:I42) -> 2475560.8 | J43: =SUM(J29:J42) -> 3457327.8
A46: Programación mensual por tipo de gasto año 2016, Expresado en Quetzales
A47: No. | B47: Categoría de Gasto | C47: Julio | E47: Agosto | G47: Septiembre
B48: Recurso Humano | C48: Pto. | D48: Real | E48: Pto. | F48: Real | G48: Pto. | H48: Real
B51: Gastos de Funcionamiento
B52: detallar cada gasto cargado
A60: TOTALES
A73: Programación mensual por tipo de gasto año 2018, Expresado en Quetzales segundo cuatrimestre 2018
A74: No. | B74: CATEGORIA DE GASTO | C74: MAYO | E74: JUNIO | G74: JULIO | I74: AGOSTO
C75: PRESUPUESTO | D75: REAL | E75: PRESUPUESTO | F75: REAL | G75: PRESUPUESTO | H75: REAL | I75: PRESUPUESTO | J75: REAL
B76: RECURSO HUMANO | C76: 1764858.4 | D76: 2281196.2 | E76: 1764858.4 | F76: 1896496.9
B78: GASTOS DE FUNCIONAMIENTO | C78: =+C86+C102 -> 2818474.9 | D78: =+D86+D102 -> 3820610.3 | E78: =+E86+E102 -> 2818474.9 | F78: =+F86+F102 -> 2361172.2 | G78: =+G86+G102 -> 0 | H78: =+H86+H102 -> 0 | I78: =+I86+I102 -> 0 | J78: =+J86+J102 -> 0
B79: ENERGIA ELECTRICA | C79: 62500 | D79: 138609.61 | E79: 62500
B80: TELEFONIA | C80: 7500 | D80: 9818.25 | E80: 7500 | F80: 9560.36
B81: IMPRESIÓN, ENCUADERNACION Y REPRODUCCION | C81: 8133.97 | E81: 8133.97 | F81: 39787
B82: MANT. Y REP. EQUIPO MEDICO SANITARIO Y DE LAB. | C82: 33333.33 | D82: 19161.8 | E82: 33333.33
B83: SERVICIOS MEDICO-SANITARIOS | C83: 165141.75 | D83: 4057.14 | E83: 165141.75 | F83: 184282.78
B84: SERVICIOS DE VIGILANCIA | C84: 40000 | D84: 38120 | E84: 40000 | F84: 38120
B85: OTROS SERVICIOS NO PERSONALES | C85: 26305.03 | D85: 48548.64 | E85: 26305.03 | F85: 44604
B86: SUMA GASTOS GENERALES | C86: =SUM(C79:C85) -> 342914.08 | D86: =SUM(D79:D85) -> 258315.44 | E86: =SUM(E79:E85) -> 342914.08 | F86: =SUM(F79:F85) -> 316354.14 | G86: =SUM(G79:G85) -> 0 | H86: =SUM(H79:H85) -> 0 | I86: =SUM(I79:I85) -> 0 | J86: =SUM(J79:J85) -> 0
B87: MATERIALES Y SUMINISTROS
B88: ALIMENTOS PARA PERSONAS | C88: 60936.45 | D88: 1023 | E88: 60936.45 | F88: 58023.7
B89: ACABADOS TEXTILES | C89: 600 | E89: 600
B90: PRODUCTOS DE PAPEL O CARTON | C90: 945.42 | E90: 945.42
B91: ELEMENTOS Y COMPUESTOS QUIMICOS | C91: 169652.57 | D91: 181188.84 | E91: 169652.57 | F91: 66957.58
B92: COMBUSTIBLES Y LUBRICANTES | C92: 912 | E92: 912
B93: PRODUCTOS MEDICINALES Y FARMACEUTICOS | C93: 427229.65 | D93: 535053.33 | E93: 427229.65 | F93: 261536.69
B94: TINTES, PINTURAS Y COLORANTES | C94: 100 | E94: 100
B95: PRODUCTOS PLASTICOS, NYLON, VINIL Y PVC | C95: 13579.7 | D95: 6224.76 | E95: 13579.7 | F95: 6630
B96: OTROS PRODUCTOS METALICOS | C96: 310 | D96: 3610 | E96: 310
B97: UTILES DE LIMPIEZA Y PRODUCTOS SANITARIOS | C97: 10809.43 | D97: 39404.76 | E97: 10809.43 | F97: 23463
B98: UTILES MENORES MEDICO QUIRURGICOS Y DE LAB. | C98: 1780006.3 | D98: 2752150.2 | E98: 1780006.3 | F98: 1617110.1
B99: UTILES, ACCESORIOS Y MATERIALES ELECTRICOS | C99: 2208.7 | E99: 2208.7 | F99: 11097
B100: ACCESORIOS Y REPUESTOS EN GENERAL | C100: 8105.1 | D100: 43640 | E100: 8105.1
B101: OTROS MATERIALES Y SUMINISTROS | C101: 165.5 | E101: 165.5
B102: TOTAL MATERIALES Y SUMINISTROS | C102: =SUM(C88:C101) -> 2475560.8 | D102: =SUM(D88:D101) -> 3562294.9 | E102: =SUM(E88:E101) -> 2475560.8 | F102: =SUM(F88:F101) -> 2044818 | G102: =SUM(G88:G101) -> 0 | H102: =SUM(H88:H101) -> 0 | I102: =SUM(I88:I101) -> 0 | J102: =SUM(J88:J101) -> 0
A123: Programación mensual por tipo de gasto año 2017, Expresado en Quetzales tercer cuatrimestre 2018
A124: No. | B124: CATEGORIA DE GASTO | C124: SEPTIEMBRE | E124: OCTUBRE | G124: NOVIEMBRE | I124: DICIEMBRE
C125: PRESUPUESTO | D125: REAL | E125: PRESUPUESTO | F125: REAL | G125: PRESUPUESTO | H125: REAL | I125: PRESUPUESTO | J125: REAL
B126: RECURSO HUMANO
B128: GASTOS DE FUNCIONAMIENTO | C128: =+C136+C152 -> 0 | D128: =+D136+D152 -> 0 | E128: =+E136+E152 -> 0 | F128: =+F136+F152 -> 0 | G128: =+G136+G152 -> 0 | H128: =+H136+H152 -> 0 | I128: =+I136+I152 -> 0 | J128: =+J136+J152 -> 0
B129: ENERGIA ELECTRICA
B130: TELEFONIA
B131: IMPRESIÓN, ENCUADERNACION Y REPRODUCCION
B132: MANT. Y REP. EQUIPO MEDICO SANITARIO Y DE LAB.
B133: SERVICIOS MEDICO-SANITARIOS
B134: SERVICIOS DE VIGILANCIA
B135: OTROS SERVICIOS NO PERSONALES
B136: SUMA GASTOS GENERALES | C136: =SUM(C129:C135) -> 0 | D136: =SUM(D129:D135) -> 0 | E136: =SUM(E129:E135) -> 0 | F136: =SUM(F129:F135) -> 0 | G136: =SUM(G129:G135) -> 0 | H136: =SUM(H129:H135) -> 0 | I136: =SUM(I129:I135) -> 0 | J136: =SUM(J129:J135) -> 0
B137: MATERIALES Y SUMINISTROS
B138: ALIMENTOS PARA PERSONAS
B139: AVABADOS TEXTILES
B140: PRODUCTOS DE PAPEL O CARTON
B141: ELEMENTOS Y COMPUESTOS QUIMICOS
B142: COMBUSTIBLES Y LUBRICANTES
B143: PRODUCTOS MEDICINALES Y FARMACEUTICOS
B144: TINTES, PINTURAS Y COLORANTES
B145: PRODUCTOS PLASTICOS, NYLON, VINIL Y PVC
B146: OTROS PRODUCTOS METALICOS
B147: UTILES DE LIMPIEZA Y PRODUCTOS SANITARIOS
B148: UTILES MENORES MEDICO QUIRURGICOS Y DE LAB.
... B151: OTROS MATERIALES Y SUMINISTROS
B152: TOTAL MATERIALES Y SUMINISTROS | C152: =SUM(C138:C151) -> 0 | D152: =SUM(D138:D151) -> 0 | E152: =SUM(E138:E151) -> 0 | F152: =SUM(F138:F151) -> 0 | G152: =SUM(G138:G151) -> 0 | H152: =SUM(H138:H151) -> 0 | I152: =SUM(I138:I151) -> 0 | J152: =SUM(J138:J151) -> 0
C177: PROGRAMACION POR TIPO DE GASTO AÑO 2023
C178: RESUMEN AL 31 DE JULIO 2023
C179: No. | D179: CATEGORIA DEL GASTO DE FUNCIONAMIENTO | E179: TOTAL ANUAL
E180: PRESUPUESTO | F180: COMPROMETIDO
C181: 011 | D181: RECURSO HUMANO | E181: =+'JULIO F-5'!C155 -> 26237386 | F181: =+'JULIO F-5'!D155 -> 25544465
...

Sheet AGOSTO ANEXO A F-5
B8: ÀREA FINANCIERA | I8: ANEXO DE F-5
A10: UNIDAD DE CIRUGIA CARDIOVASCULAR DE GUATEMALA
A11: 5a. AVENIDA 6-22 ZONA 11
A12: dgunicar@yahoo.es Tel. 24163000
A14: Programación mensual por tipo de gasto año 2018, Expresado en Quetzales primer cuatrimestre 2018
A15: No. | B15: CATEGORIA DE GASTO | C15: ENERO | E15: FEBRERO | G15: MARZO | I15: ABRIL
C16: PRESUPUESTO | D16: REAL | E16: PRESUPUESTO | F16: REAL | G16: PRESUPUESTO | H16: REAL | I16: PRESUPUESTO | J16: REAL
B17: RECURSO HUMANO | C17: 1764858.4 | D17: 1492317.4 | E17: 1764858.4 | F17: 1792563.6 | G17: 1764858.4 | H17: 1578007.9 | I17: 1764858.4 | J17: 1803793.6
B19: GASTOS DE FUNCIONAMIENTO | C19: =+C27+C43 -> 2818474.9 | D19: =+D27+D43 -> 0 | E19: =+E27+E43 -> 2818474.9 | F19: =+F27+F43 -> 67111.02 | G19: =+G27+G43 -> 2818474.9 | H19: =+H27+H43 -> 58543.64 | I19: =+I27+I43 -> 2818474.9 | J19: =+J27+J43 -> 3743927.3
B20: ENERGIA ELECTRICA | C20: 62500 | E20: 62500 | F20: 56112.02 | G20: 62500 | I20: 62500 | J20: 68083.01
B21: TELEFONIA | C21: 7500 | E21: 7500 | F21: 10999 | G21: 7500 | H21: 11011 | I21: 7500 | J21: 10992
B22: IMPRESIÓN, ENCUADERNACION Y REPRODUCCION | C22: 8133.97 | E22: 8133.97 | G22: 8133.97 | I22: 8133.97 | J22: 4358
B23: MANT. Y REP. EQUIPO MEDICO SANITARIO Y DE LAB. | C23: 33333.33 | E23: 33333.33 | G23: 33333.33 | I23: 33333.33 | J23: 45020
B24: SERVICIOS MEDICO-SANITARIOS | C24: 165141.75 | E24: 165141.75 | G24: 165141.75 | H24: 1000 | I24: 165141.75 | J24: 26842.86
B25: SERVICIOS DE VIGILANCIA | C25: 40000 | E25: 40000 | G25: 40000 | I25: 40000 | J25: 76240
B26: OTROS SERVICIOS NO PERSONALES | C26: 26305.03 | E26: 26305.03 | G26: 26305.03 | H26: 46532.64 | I26: 26305.03 | J26: 55063.68
B27: SUMA GASTOS GENERALES | C27: =SUM(C20:C26) -> 342914.08 | D27: =SUM(D20:D26) -> 0 | E27: =SUM(E20:E26) -> 342914.08 | F27: =SUM(F20:F26) -> 67111.02 | G27: =SUM(G20:G26) -> 342914.08 | H27: =SUM(H20:H26) -> 58543.64 | I27: =SUM(I20:I26) -> 342914.08 | J27: =SUM(J20:J26) -> 286599.55
B28: MATERIALES Y SUMINISTROS
B29: ALIMENTOS PARA PERSONAS | C29: 60936.45 | E29: 60936.45 | G29: 60936.45 | I29: 60936.45 | J29: 202940.25
B30: ACABADOS TEXTILES | C30: 600 | E30: 600 | G30: 600 | I30: 600
B31: PRODUCTOS DE PAPEL O CARTON | C31: 945.42 | E31: 945.42 | G31: 945.42 | I31: 945.42
B32: ELEMENTOS Y COMPUESTOS QUIMICOS | C32: 169652.57 | E32: 169652.57 | G32: 169652.57 | I32: 169652.57 | J32: 178282.05
B33: COMBUSTIBLES Y LUBRICANTES | C33: 912 | E33: 912 | G33: 912 | I33: 912
B34: PRODUCTOS MEDICINALES Y FARMACEUTICOS | C34: 427229.65 | E34: 427229.65 | G34: 427229.65 | I34: 427229.65 | J34: 1425199.8
B35: TINTES, PINTURAS Y COLORANTES | C35: 100 | E35: 100 | G35: 100 | I35: 100
B36: PRODUCTOS PLASTICOS, NYLON, VINIL Y PVC | C36: 13579.7 | E36: 13579.7 | G36: 13579.7 | I36: 13579.7 | J36: 75162.24
B37: OTROS PRODUCTOS METALICOS | C37: 310 | E37: 310 | G37: 310 | I37: 310
B38: UTILES DE LIMPIEZA Y PRODUCTOS SANITARIOS | C38: 10809.43 | E38: 10809.43 | G38: 10809.43 | I38: 10809.43 | J38: 14528.6
B39: UTILES MENORES MEDICO QUIRURGICOS Y DE LAB. | C39: 1780006.3 | E39: 1780006.3 | G39: 1780006.3 | I39: 1780006.3 | J39: 1545914.8
B40: UTILES, ACCESORIOS Y MATERIALES ELECTRICOS | C40: 2208.7 | E40: 2208.7 | G40: 2208.7 | I40: 2208.7 | J40: 15300
B41: ACCESORIOS Y REPUESTOS EN GENERAL | C41: 8105.1 | E41: 8105.1 | G41: 8105.1 | I41: 8105.1
B42: OTROS MATERIALES Y SUMINISTROS | C42: 165.5 | E42: 165.5 | G42: 165.5 | I42: 165.5
B43: TOTAL MATERIALES Y SUMINISTROS | C43: =SUM(C29:C42) -> 2475560.8 | D43: =SUM(D29:D42) -> 0 | E43: =SUM(E29:E42) -> 2475560.8 | F43: =SUM(F29:F42) -> 0 | G43: =SUM(G29:G42) -> 2475560.8 | H43: =SUM(H29:H42) -> 0 | I43: =SUM(I29:I42) -> 2475560.8 | J43: =SUM(J29:J42) -> 3457327.8
A46: Programación mensual por tipo de gasto año 2016, Expresado en Quetzales
A47: No. | B47: Categoría de Gasto | C47: Julio | E47: Agosto | G47: Septiembre
B48: Recurso Humano | C48: Pto. | D48: Real | E48: Pto. | F48: Real | G48: Pto. | H48: Real
B51: Gastos de Funcionamiento
B52: detallar cada gasto cargado
A60: TOTALES
A73: Programación mensual por tipo de gasto año 2018, Expresado en Quetzales segundo cuatrimestre 2018
A74: No. | B74: CATEGORIA DE GASTO | C74: MAYO | E74: JUNIO | G74: JULIO | I74: AGOSTO
C75: PRESUPUESTO | D75: REAL | E75: PRESUPUESTO | F75: REAL | G75: PRESUPUESTO | H75: REAL | I75: PRESUPUESTO | J75: REAL
B76: RECURSO HUMANO | C76: 1764858.4 | D76: 2281196.2 | E76: 1764858.4 | F76: 1896496.9
B78: GASTOS DE FUNCIONAMIENTO | C78: =+C86+C102 -> 2818474.9 | D78: =+D86+D102 -> 3820610.3 | E78: =+E86+E102 -> 2818474.9 | F78: =+F86+F102 -> 2361172.2 | G78: =+G86+G102 -> 0 | H78: =+H86+H102 -> 0 | I78: =+I86+I102 -> 0 | J78: =+J86+J102 -> 0
B79: ENERGIA ELECTRICA | C79: 62500 | D79: 138609.61 | E79: 62500
B80: TELEFONIA | C80: 7500 | D80: 9818.25 | E80: 7500 | F80: 9560.36
B81: IMPRESIÓN, ENCUADERNACION Y REPRODUCCION | C81: 8133.97 | E81: 8133.97 | F81: 39787
B82: MANT. Y REP. EQUIPO MEDICO SANITARIO Y DE LAB. | C82: 33333.33 | D82: 19161.8 | E82: 33333.33
B83: SERVICIOS MEDICO-SANITARIOS | C83: 165141.75 | D83: 4057.14 | E83: 165141.75 | F83: 184282.78
B84: SERVICIOS DE VIGILANCIA | C84: 40000 | D84: 38120 | E84: 40000 | F84: 38120
B85: OTROS SERVICIOS NO PERSONALES | C85: 26305.03 | D85: 48548.64 | E85: 26305.03 | F85: 44604
B86: SUMA GASTOS GENERALES | C86: =SUM(C79:C85) -> 342914.08 | D86: =SUM(D79:D85) -> 258315.44 | E86: =SUM(E79:E85) -> 342914.08 | F86: =SUM(F79:F85) -> 316354.14 | G86: =SUM(G79:G85) -> 0 | H86: =SUM(H79:H85) -> 0 | I86: =SUM(I79:I85) -> 0 | J86: =SUM(J79:J85) -> 0
B87: MATERIALES Y SUMINISTROS
B88: ALIMENTOS PARA PERSONAS | C88: 60936.45 | D88: 1023 | E88: 60936.45 | F88: 58023.7
B89: ACABADOS TEXTILES | C89: 600 | E89: 600
B90: PRODUCTOS DE PAPEL O CARTON | C90: 945.42 | E90: 945.42
B91: ELEMENTOS Y COMPUESTOS QUIMICOS | C91: 169652.57 | D91: 181188.84 | E91: 169652.57 | F91: 66957.58
B92: COMBUSTIBLES Y LUBRICANTES | C92: 912 | E92: 912
B93: PRODUCTOS MEDICINALES Y FARMACEUTICOS | C93: 427229.65 | D93: 535053.33 | E93: 427229.65 | F93: 261536.69
B94: TINTES, PINTURAS Y COLORANTES | C94: 100 | E94: 100
B95: PRODUCTOS PLASTICOS, NYLON, VINIL Y PVC | C95: 13579.7 | D95: 6224.76 | E95: 13579.7 | F95: 6630
B96: OTROS PRODUCTOS METALICOS | C96: 310 | D96: 3610 | E96: 310
B97: UTILES DE LIMPIEZA Y PRODUCTOS SANITARIOS | C97: 10809.43 | D97: 39404.76 | E97: 10809.43 | F97: 23463
B98: UTILES MENORES MEDICO QUIRURGICOS Y DE LAB. | C98: 1780006.3 | D98: 2752150.2 | E98: 1780006.3 | F98: 1617110.1
B99: UTILES, ACCESORIOS Y MATERIALES ELECTRICOS | C99: 2208.7 | E99: 2208.7 | F99: 11097
B100: ACCESORIOS Y REPUESTOS EN GENERAL | C100: 8105.1 | D100: 43640 | E100: 8105.1
B101: OTROS MATERIALES Y SUMINISTROS | C101: 165.5 | E101: 165.5
B102: TOTAL MATERIALES Y SUMINISTROS | C102: =SUM(C88:C101) -> 2475560.8 | D102: =SUM(D88:D101) -> 3562294.9 | E102: =SUM(E88:E101) -> 2475560.8 | F102: =SUM(F88:F101) -> 2044818 | G102: =SUM(G88:G101) -> 0 | H102: =SUM(H88:H101) -> 0 | I102: =SUM(I88:I101) -> 0 | J102: =SUM(J88:J101) -> 0
A123: Programación mensual por tipo de gasto año 2017, Expresado en Quetzales tercer cuatrimestre 2018
A124: No. | B124: CATEGORIA DE GASTO | C124: SEPTIEMBRE | E124: OCTUBRE | G124: NOVIEMBRE | I124: DICIEMBRE
C125: PRESUPUESTO | D125: REAL | E125: PRESUPUESTO | F125: REAL | G125: PRESUPUESTO | H125: REAL | I125: PRESUPUESTO | J125: REAL
B126: RECURSO HUMANO
B128: GASTOS DE FUNCIONAMIENTO | C128: =+C136+C152 -> 0 | D128: =+D136+D152 -> 0 | E128: =+E136+E152 -> 0 | F128: =+F136+F152 -> 0 | G128: =+G136+G152 -> 0 | H128: =+H136+H152 -> 0 | I128: =+I136+I152 -> 0 | J128: =+J136+J152 -> 0
B129: ENERGIA ELECTRICA
B130: TELEFONIA
B131: IMPRESIÓN, ENCUADERNACION Y REPRODUCCION
B132: MANT. Y REP. EQUIPO MEDICO SANITARIO Y DE LAB.
B133: SERVICIOS MEDICO-SANITARIOS
B134: SERVICIOS DE VIGILANCIA
B135: OTROS SERVICIOS NO PERSONALES
B136: SUMA GASTOS GENERALES | C136: =SUM(C129:C135) -> 0 | D136: =SUM(D129:D135) -> 0 | E136: =SUM(E129:E135) -> 0 | F136: =SUM(F129:F135) -> 0 | G136: =SUM(G129:G135) -> 0 | H136: =SUM(H129:H135) -> 0 | I136: =SUM(I129:I135) -> 0 | J136: =SUM(J129:J135) -> 0
B137: MATERIALES Y SUMINISTROS
B138: ALIMENTOS PARA PERSONAS
B139: AVABADOS TEXTILES
B140: PRODUCTOS DE PAPEL O CARTON
B141: ELEMENTOS Y COMPUESTOS QUIMICOS
B142: COMBUSTIBLES Y LUBRICANTES
B143: PRODUCTOS MEDICINALES Y FARMACEUTICOS
B144: TINTES, PINTURAS Y COLORANTES
B145: PRODUCTOS PLASTICOS, NYLON, VINIL Y PVC
B146: OTROS PRODUCTOS METALICOS
B147: UTILES DE LIMPIEZA Y PRODUCTOS SANITARIOS
B148: UTILES MENORES MEDICO QUIRURGICOS Y DE LAB.
... B151: OTROS MATERIALES Y SUMINISTROS
B152: TOTAL MATERIALES Y SUMINISTROS | C152: =SUM(C138:C151) -> 0 | D152: =SUM(D138:D151) -> 0 | E152: =SUM(E138:E151) -> 0 | F152: =SUM(F138:F151) -> 0 | G152: =SUM(G138:G151) -> 0 | H152: =SUM(H138:H151) -> 0 | I152: =SUM(I138:I151) -> 0 | J152: =SUM(J138:J151) -> 0
C177: PROGRAMACION POR TIPO DE GASTO AÑO 2023
C178: RESUMEN AL 31 DE AGOSTO 2023
C179: No. | D179: CATEGORIA DEL GASTO DE FUNCIONAMIENTO | E179: TOTAL ANUAL
E180: PRESUPUESTO | F180: COMPROMETIDO
C181: 011 | D181: RECURSO HUMANO | E181: =+'AGOSTO F-5'!C155 -> 29598535 | F181: =+'AGOSTO F-5'!D155 -> 29300324
...

Sheet MAYO F-6
B7: ÀREA FINANCIERA | J7: F-6
A9: UNIDAD DE CIRUGIA CARDIOVASCULAR DE GUATEMALA
A10: 5a. AVENIDA 6-22 ZONA 11
A11: CORREO ELECTRÓNICO Y TELÉFONO
A12: dgunicar@yahoo.es Tel. 24163000
A14: Ejecucion fìnanciera por categoria del gasto primer cuatrimestre 2023
A16: Categoría del gasto de funcionamiento | B16: Enero | D16: Febrero | F16: Marzo | H16: Abril | J16: Totales
B17: Prog. | C17: Ejecutado | D17: Prog. | E17: Ejecutado | F17: Prog. | G17: Ejecutado | H17: Prog. | I17: Ejecutado | J17: Prog. | K17: Ejecutado
A18: Recurso Humano | B18: 3361148.5 | C18: 2939970.1 | D18: 3361148.5 | E18: 2914006.4 | F18: 3361148.5 | G18: 4024889.6 | H18: 3361148.5 | I18: =2929171.29+358716.74 -> 3287888 | J18: =+B18+D18+F18+H18 -> 13444594 | K18: =+C18+E18+G18+I18 -> 13166754
A19: Gastos de operación | B19: 552569.77 | D19: 5817527.5 | E19: 135617.67 | F19: 848726.38 | G19: 1618801.8 | H19: 606473.63 | I19: 1614363.4 | J19: =+B19+D19+F19+H19 -> 7825297.3 | K19: =+C19+E19+G19+I19 -> 3368782.8
A20: Propiedad planta y equipo | J20: =+B20+D20+F20+H20 -> 0 | K20: =+C20+E20+G20+I20 -> 0
A21: TOTAL | B21: =SUM(B18:B20) -> 3913718.2 | C21: =SUM(C18:C20) -> 2939970.1 | D21: =SUM(D18:D20) -> 9178676 | E21: =SUM(E18:E20) -> 3049624.1 | F21: =SUM(F18:F20) -> 4209874.9 | G21: =SUM(G18:G20) -> 5643691.3 | H21: =SUM(H18:H20) -> 3967622.1 | I21: =SUM(I18:I20) -> 4902251.4 | ... K21: =SUM(K18:K20) -> 16535537
A23: Ejecucion fìnanciera por categoria del gasto segundo cuatrimestre 2023
A25: Categoría del gasto de funcionamiento | B25: Mayo | D25: Junio | F25: Julio | H25: Agosto | J25: Totales
B26: Prog. | C26: Ejecutado | D26: Prog. | E26: Ejecutado | F26: Prog. | G26: Ejecutado | H26: Prog. | I26: Ejecutado | J26: Prog. | K26: Ejecutado
A27: Recurso Humano | B27: 3361148.5 | C27: 3300467.4 | J27: =+B27+D27+F27+H27 -> 3361148.5 | K27: =+C27+E27+G27+I27 -> 3300467.4
A28: Gastos de operación | B28: 4893082.3 | C28: 1554870.2 | J28: =+B28+D28+F28+H28 -> 4893082.3 | K28: =+C28+E28+G28+I28 -> 1554870.2
A29: TOTAL | B29: =SUM(B27:B28) -> 8254230.8 | C29: =SUM(C27:C28) -> 4855337.6 | D29: =SUM(D27:D28) -> 0 | E29: =SUM(E27:E28) -> 0 | F29: =SUM(F27:F28) -> 0 | G29: =SUM(G27:G28) -> 0 | H29: =SUM(H27:H28) -> 0 | I29: =SUM(I27:I28) -> 0 | ... K29: =SUM(K27:K28) -> 4855337.6
A32: Ejecucion fìnanciera por categoria del gasto tercer cuatrimestre 2023
A34: Categoría del gasto de funcionamiento | B34: Septiembre | D34: Octubre | F34: Noviembre | H34: Diciembre | J34: Totales
B35: Prog. | C35: Ejecutado | D35: Prog. | E35: Ejecutado | F35: Prog. | G35: Ejecutado | H35: Prog. | I35: Ejecutado | J35: Prog. | K35: Ejecutado
A36: Recurso Humano | J36: =+B36+D36+F36+H36 -> 0 | K36: =+C36+E36+G36+I36 -> 0
A37: Gastos de operación | J37: =+B37+D37+F37+H37 -> 0 | K37: =+C37+E37+G37+I37 -> 0
A38: TOTAL | B38: =SUM(B36:B37) -> 0 | C38: =SUM(C36:C37) -> 0 | D38: =SUM(D36:D37) -> 0 | E38: =SUM(E36:E37) -> 0 | F38: =SUM(F36:F37) -> 0 | G38: =SUM(G36:G37) -> 0 | H38: =SUM(H36:H37) -> 0 | I38: =SUM(I36:I37) -> 0 | ... K38: =SUM(K36:K37) -> 0
A46: Resumen año 2023
A47: Categoría del gasto | B47: año 2023
B48: Presupuestado | C48: Ejecutado
A49: Recurso Humano | B49: =+J18+J27+J36 -> 16805742 | C49: =+K18+K27+K36 -> 16467222
A50: Gastos de operación | B50: =+J19+J28+J37 -> 12718380 | C50: =+K19+K28+K37 -> 4923653.1
A51: TOTAL | B51: =SUM(B49:B50) -> 29524122 | C51: =SUM(C49:C50) -> 21390875
A75: Elaborado por: | C75: ___________________________ | F75: Autorizado por: | H75: ___________________________________
C76: Víctor Cresencio Reyes Porres | H76: Lic. Douglas Antonio Díaz Rivera
C77: Jefe de Contabilidad | H77: Representante Legal
A78: Fecha: | C78: 9 de junio 2023

Sheet JUNIO F-6
B7: ÀREA FINANCIERA | J7: F-6
A9: UNIDAD DE CIRUGIA CARDIOVASCULAR DE GUATEMALA
A10: 5a. AVENIDA 6-22 ZONA 11
A11: CORREO ELECTRÓNICO Y TELÉFONO
A12: dgunicar@yahoo.es Tel. 24163000
A14: Ejecucion fìnanciera por categoria del gasto primer cuatrimestre 2023
A16: Categoría del gasto de funcionamiento | B16: Enero | D16: Febrero | F16: Marzo | H16: Abril | J16: Totales
B17: Prog. | C17: Ejecutado | D17: Prog. | E17: Ejecutado | F17: Prog. | G17: Ejecutado | H17: Prog. | I17: Ejecutado | J17: Prog. | K17: Ejecutado
A18: Recurso Humano | B18: 3361148.5 | C18: 2939970.1 | D18: 3361148.5 | E18: 2914006.4 | F18: 3361148.5 | G18: 4024889.6 | H18: 3361148.5 | I18: =2929171.29+358716.74 -> 3287888 | J18: =+B18+D18+F18+H18 -> 13444594 | K18: =+C18+E18+G18+I18 -> 13166754
A19: Gastos de operación | B19: 552569.77 | D19: 5817527.5 | E19: 135617.67 | F19: 848726.38 | G19: 1618801.8 | H19: 606473.63 | I19: 1614363.4 | J19: =+B19+D19+F19+H19 -> 7825297.3 | K19: =+C19+E19+G19+I19 -> 3368782.8
A20: Propiedad planta y equipo | J20: =+B20+D20+F20+H20 -> 0 | K20: =+C20+E20+G20+I20 -> 0
A21: TOTAL | B21: =SUM(B18:B20) -> 3913718.2 | C21: =SUM(C18:C20) -> 2939970.1 | D21: =SUM(D18:D20) -> 9178676 | E21: =SUM(E18:E20) -> 3049624.1 | F21: =SUM(F18:F20) -> 4209874.9 | G21: =SUM(G18:G20) -> 5643691.3 | H21: =SUM(H18:H20) -> 3967622.1 | I21: =SUM(I18:I20) -> 4902251.4 | ... K21: =SUM(K18:K20) -> 16535537
A23: Ejecucion fìnanciera por categoria del gasto segundo cuatrimestre 2023
A25: Categoría del gasto de funcionamiento | B25: Mayo | D25: Junio | F25: Julio | H25: Agosto | J25: Totales
B26: Prog. | C26: Ejecutado | D26: Prog. | E26: Ejecutado | F26: Prog. | G26: Ejecutado | H26: Prog. | I26: Ejecutado | J26: Prog. | K26: Ejecutado
A27: Recurso Humano | B27: 3361148.5 | C27: 3300467.4 | D27: 3361148.5 | E27: 3380648.2 | J27: =+B27+D27+F27+H27 -> 6722296.9 | K27: =+C27+E27+G27+I27 -> 6681115.6
A28: Gastos de operación | B28: 4893082.3 | C28: 1554870.2 | D28: 17602011 | E28: 3625974.8 | J28: =+B28+D28+F28+H28 -> 22495093 | K28: =+C28+E28+G28+I28 -> 5180845.1
A29: TOTAL | B29: =SUM(B27:B28) -> 8254230.8 | C29: =SUM(C27:C28) -> 4855337.6 | D29: =SUM(D27:D28) -> 20963159 | E29: =SUM(E27:E28) -> 7006623.1 | F29: =SUM(F27:F28) -> 0 | G29: =SUM(G27:G28) -> 0 | H29: =SUM(H27:H28) -> 0 | I29: =SUM(I27:I28) -> 0 | ... K29: =SUM(K27:K28) -> 11861961
A32: Ejecucion fìnanciera por categoria del gasto tercer cuatrimestre 2023
A34: Categoría del gasto de funcionamiento | B34: Septiembre | D34: Octubre | F34: Noviembre | H34: Diciembre | J34: Totales
B35: Prog. | C35: Ejecutado | D35: Prog. | E35: Ejecutado | F35: Prog. | G35: Ejecutado | H35: Prog. | I35: Ejecutado | J35: Prog. | K35: Ejecutado
A36: Recurso Humano | J36: =+B36+D36+F36+H36 -> 0 | K36: =+C36+E36+G36+I36 -> 0
A37: Gastos de operación | J37: =+B37+D37+F37+H37 -> 0 | K37: =+C37+E37+G37+I37 -> 0
A38: TOTAL | B38: =SUM(B36:B37) -> 0 | C38: =SUM(C36:C37) -> 0 | D38: =SUM(D36:D37) -> 0 | E38: =SUM(E36:E37) -> 0 | F38: =SUM(F36:F37) -> 0 | G38: =SUM(G36:G37) -> 0 | H38: =SUM(H36:H37) -> 0 | I38: =SUM(I36:I37) -> 0 | ... K38: =SUM(K36:K37) -> 0
A46: Resumen año 2023
A47: Categoría del gasto | B47: año 2023
B48: Presupuestado | C48: Ejecutado
A49: Recurso Humano | B49: =+J18+J27+J36 -> 20166891 | C49: =+K18+K27+K36 -> 19847870
A50: Gastos de operación | B50: =+J19+J28+J37 -> 30320391 | C50: =+K19+K28+K37 -> 8549627.9
A51: TOTAL | B51: =SUM(B49:B50) -> 50487281 | C51: =SUM(C49:C50) -> 28397498
A75: Elaborado por: | C75: ___________________________ | F75: Autorizado por: | H75: ___________________________________
C76: Víctor Cresencio Reyes Porres | H76: Lic. Douglas Antonio Díaz Rivera
C77: Jefe de Contabilidad | H77: Representante Legal
A78: Fecha: | C78: 10 de julio 2023

Sheet JULIO F-6
B7: ÀREA FINANCIERA | J7: F-6
A9: UNIDAD DE CIRUGIA CARDIOVASCULAR DE GUATEMALA
A10: 5a. AVENIDA 6-22 ZONA 11
A11: CORREO ELECTRÓNICO Y TELÉFONO
A12: dgunicar@yahoo.es Tel. 24163000
A14: Ejecucion fìnanciera por categoria del gasto primer cuatrimestre 2023
A16: Categoría del gasto de funcionamiento | B16: Enero | D16: Febrero | F16: Marzo | H16: Abril | J16: Totales
B17: Prog. | C17: Ejecutado | D17: Prog. | E17: Ejecutado | F17: Prog. | G17: Ejecutado | H17: Prog. | I17: Ejecutado | J17: Prog. | K17: Ejecutado
A18: Recurso Humano | B18: 3361148.5 | C18: 2939970.1 | D18: 3361148.5 | E18: 2914006.4 | F18: 3361148.5 | G18: 4024889.6 | H18: 3361148.5 | I18: =2929171.29+358716.74 -> 3287888 | J18: =+B18+D18+F18+H18 -> 13444594 | K18: =+C18+E18+G18+I18 -> 13166754
A19: Gastos de operación | B19: 552569.77 | D19: 5817527.5 | E19: 135617.67 | F19: 848726.38 | G19: 1618801.8 | H19: 606473.63 | I19: 1614363.4 | J19: =+B19+D19+F19+H19 -> 7825297.3 | K19: =+C19+E19+G19+I19 -> 3368782.8
A20: Propiedad planta y equipo | J20: =+B20+D20+F20+H20 -> 0 | K20: =+C20+E20+G20+I20 -> 0
A21: TOTAL | B21: =SUM(B18:B20) -> 3913718.2 | C21: =SUM(C18:C20) -> 2939970.1 | D21: =SUM(D18:D20) -> 9178676 | E21: =SUM(E18:E20) -> 3049624.1 | F21: =SUM(F18:F20) -> 4209874.9 | G21: =SUM(G18:G20) -> 5643691.3 | H21: =SUM(H18:H20) -> 3967622.1 | I21: =SUM(I18:I20) -> 4902251.4 | ... K21: =SUM(K18:K20) -> 16535537
A23: Ejecucion fìnanciera por categoria del gasto segundo cuatrimestre 2023
A25: Categoría del gasto de funcionamiento | B25: Mayo | D25: Junio | F25: Julio | H25: Agosto | J25: Totales
B26: Prog. | C26: Ejecutado | D26: Prog. | E26: Ejecutado | F26: Prog. | G26: Ejecutado | H26: Prog. | I26: Ejecutado | J26: Prog. | K26: Ejecutado
A27: Recurso Humano | B27: 3361148.5 | C27: 3300467.4 | D27: 3361148.5 | E27: 3380648.2 | F27: 6070495.5 | G27: 5696595.4 | J27: =+B27+D27+F27+H27 -> 12792792 | K27: =+C27+E27+G27+I27 -> 12377711
A28: Gastos de operación | B28: 4893082.3 | C28: 1554870.2 | D28: 17602011 | E28: 3625974.8 | F28: 806742.88 | G28: 5272466.1 | J28: =+B28+D28+F28+H28 -> 23301836 | K28: =+C28+E28+G28+I28 -> 10453311
A29: TOTAL | B29: =SUM(B27:B28) -> 8254230.8 | C29: =SUM(C27:C28) -> 4855337.6 | D29: =SUM(D27:D28) -> 20963159 | E29: =SUM(E27:E28) -> 7006623.1 | F29: =SUM(F27:F28) -> 6877238.3 | G29: =SUM(G27:G28) -> 10969062 | H29: =SUM(H27:H28) -> 0 | I29: =SUM(I27:I28) -> 0 | ... K29: =SUM(K27:K28) -> 22831022
A32: Ejecucion fìnanciera por categoria del gasto tercer cuatrimestre 2023
A34: Categoría del gasto de funcionamiento | B34: Septiembre | D34: Octubre | F34: Noviembre | H34: Diciembre | J34: Totales
B35: Prog. | C35: Ejecutado | D35: Prog. | E35: Ejecutado | F35: Prog. | G35: Ejecutado | H35: Prog. | I35: Ejecutado | J35: Prog. | K35: Ejecutado
A36: Recurso Humano | J36: =+B36+D36+F36+H36 -> 0 | K36: =+C36+E36+G36+I36 -> 0
A37: Gastos de operación | J37: =+B37+D37+F37+H37 -> 0 | K37: =+C37+E37+G37+I37 -> 0
A38: TOTAL | B38: =SUM(B36:B37) -> 0 | C38: =SUM(C36:C37) -> 0 | D38: =SUM(D36:D37) -> 0 | E38: =SUM(E36:E37) -> 0 | F38: =SUM(F36:F37) -> 0 | G38: =SUM(G36:G37) -> 0 | H38: =SUM(H36:H37) -> 0 | I38: =SUM(I36:I37) -> 0 | ... K38: =SUM(K36:K37) -> 0
A40: Resumen año 2023
A41: Categoría del gasto | B41: año 2023
B42: Presupuestado | C42: Ejecutado
A43: Recurso Humano | B43: =+J18+J27+J36 -> 26237386 | C43: =+K18+K27+K36 -> 25544465
A44: Gastos de operación | B44: =+J19+J28+J37 -> 31127133 | C44: =+K19+K28+K37 -> 13822094
A45: TOTAL | B45: =SUM(B43:B44) -> 57364520 | C45: =SUM(C43:C44) -> 39366559
A69: Elaborado por: | C69: ___________________________ | F69: Autorizado por: | H69: ___________________________________
C70: Víctor Cresencio Reyes Porres | H70: Lic. Douglas Antonio Díaz Rivera
C71: Jefe de Contabilidad | H71: Representante Legal
A72: Fecha: | C72: 10 de agosto 2023

Sheet AGOSTO F-6
B7: ÀREA FINANCIERA | J7: F-6
A9: UNIDAD DE CIRUGIA CARDIOVASCULAR DE GUATEMALA
A10: 5a. AVENIDA 6-22 ZONA 11
A11: CORREO ELECTRÓNICO Y TELÉFONO
A12: dgunicar@yahoo.es Tel. 24163000
A14: Ejecucion fìnanciera por categoria del gasto primer cuatrimestre 2023
A16: Categoría del gasto de funcionamiento | B16: Enero | D16: Febrero | F16: Marzo | H16: Abril | J16: Totales
B17: Prog. | C17: Ejecutado | D17: Prog. | E17: Ejecutado | F17: Prog. | G17: Ejecutado | H17: Prog. | I17: Ejecutado | J17: Prog. | K17: Ejecutado
A18: Recurso Humano | B18: 3361148.5 | C18: 2939970.1 | D18: 3361148.5 | E18: 2914006.4 | F18: 3361148.5 | G18: 4024889.6 | H18: 3361148.5 | I18: =2929171.29+358716.74 -> 3287888 | J18: =+B18+D18+F18+H18 -> 13444594 | K18: =+C18+E18+G18+I18 -> 13166754
A19: Gastos de operación | B19: 552569.77 | D19: 5817527.5 | E19: 135617.67 | F19: 848726.38 | G19: 1618801.8 | H19: 606473.63 | I19: 1614363.4 | J19: =+B19+D19+F19+H19 -> 7825297.3 | K19: =+C19+E19+G19+I19 -> 3368782.8
A20: Propiedad planta y equipo | J20: =+B20+D20+F20+H20 -> 0 | K20: =+C20+E20+G20+I20 -> 0
A21: TOTAL | B21: =SUM(B18:B20) -> 3913718.2 | C21: =SUM(C18:C20) -> 2939970.1 | D21: =SUM(D18:D20) -> 9178676 | E21: =SUM(E18:E20) -> 3049624.1 | F21: =SUM(F18:F20) -> 4209874.9 | G21: =SUM(G18:G20) -> 5643691.3 | H21: =SUM(H18:H20) -> 3967622.1 | I21: =SUM(I18:I20) -> 4902251.4 | ... K21: =SUM(K18:K20) -> 16535537
A23: Ejecucion fìnanciera por categoria del gasto segundo cuatrimestre 2023
A25: Categoría del gasto de funcionamiento | B25: Mayo | D25: Junio | F25: Julio | H25: Agosto | J25: Totales
B26: Prog. | C26: Ejecutado | D26: Prog. | E26: Ejecutado | F26: Prog. | G26: Ejecutado | H26: Prog. | I26: Ejecutado | J26: Prog. | K26: Ejecutado
A27: Recurso Humano | B27: 3361148.5 | C27: 3300467.4 | D27: 3361148.5 | E27: 3380648.2 | F27: 6070495.5 | G27: 5696595.4 | H27: 3361148.5 | I27: 3755859.3 | J27: =+B27+D27+F27+H27 -> 16153941 | K27: =+C27+E27+G27+I27 -> 16133570
A28: Gastos de operación | B28: 4893082.3 | C28: 1554870.2 | D28: 17602011 | E28: 3625974.8 | F28: 806742.88 | G28: 5272466.1 | H28: 591207.88 | I28: 2562957 | J28: =+B28+D28+F28+H28 -> 23893044 | K28: =+C28+E28+G28+I28 -> 13016268
A29: TOTAL | B29: =SUM(B27:B28) -> 8254230.8 | C29: =SUM(C27:C28) -> 4855337.6 | D29: =SUM(D27:D28) -> 20963159 | E29: =SUM(E27:E28) -> 7006623.1 | F29: =SUM(F27:F28) -> 6877238.3 | G29: =SUM(G27:G28) -> 10969062 | H29: =SUM(H27:H28) -> 3952356.4 | I29: =SUM(I27:I28) -> 6318816.3 | ... K29: =SUM(K27:K28) -> 29149839
A32: Ejecucion fìnanciera por categoria del gasto tercer cuatrimestre 2023
A34: Categoría del gasto de funcionamiento | B34: Septiembre | D34: Octubre | F34: Noviembre | H34: Diciembre | J34: Totales
B35: Prog. | C35: Ejecutado | D35: Prog. | E35: Ejecutado | F35: Prog. | G35: Ejecutado | H35: Prog. | I35: Ejecutado | J35: Prog. | K35: Ejecutado
A36: Recurso Humano | J36: =+B36+D36+F36+H36 -> 0 | K36: =+C36+E36+G36+I36 -> 0
A37: Gastos de operación | J37: =+B37+D37+F37+H37 -> 0 | K37: =+C37+E37+G37+I37 -> 0
A38: TOTAL | B38: =SUM(B36:B37) -> 0 | C38: =SUM(C36:C37) -> 0 | D38: =SUM(D36:D37) -> 0 | E38: =SUM(E36:E37) -> 0 | F38: =SUM(F36:F37) -> 0 | G38: =SUM(G36:G37) -> 0 | H38: =SUM(H36:H37) -> 0 | I38: =SUM(I36:I37) -> 0 | ... K38: =SUM(K36:K37) -> 0
A40: Resumen año 2023
A41: Categoría del gasto | B41: año 2023
B42: Presupuestado | C42: Ejecutado
A43: Recurso Humano | B43: =+J18+J27+J36 -> 29598535 | C43: =+K18+K27+K36 -> 29300324
A44: Gastos de operación | B44: =+J19+J28+J37 -> 31718341 | C44: =+K19+K28+K37 -> 16385051
A45: TOTAL | B45: =SUM(B43:B44) -> 61316876 | C45: =SUM(C43:C44) -> 45685376
A69: Elaborado por: | C69: ___________________________ | F69: Autorizado por: | H69: ___________________________________
C70: Víctor Cresencio Reyes Porres | H70: Lic. Douglas Antonio Díaz Rivera
C71: Jefe de Contabilidad | H71: Representante Legal
A72: Fecha: | C72: 8 de septiembre 2023

Sheet EJECUCION FISICA MAYO F-8
L2: F-8
A6: UNIDAD DE CIRUGIA CARDIOVASCULAR DE GUATEMALA
A7: 5a. AVENIDA 6-22 ZONA 11
A8: dgunicar@yahoo.es Tel. 24163000
B10: Ejecucion y/o avance de cumplimiento de metas fisicas correspondiente al primer cuatrimestre
A11: No. | B11: Meta/Servicio | C11: Enero | E11: Febrero | G11: Marzo | I11: Abril | K11: Total cuatrimestre
C12: Programado | D12: Ejecutado | E12: Programado | F12: Ejecutado | G12: Programado | H12: Ejecutado | I12: Programado | J12: Ejecutado | K12: Programado | L12: Ejecutado
A13: 1 | B13: CIRUGIA DE ADULTOS | C13: 7 | D13: 10 | E13: 14 | F13: 18 | G13: 15 | H13: 21 | I13: 13 | J13: 12 | K13: =+C13+E13+G13+I13 -> 49 | L13: =+D13+F13+H13+J13 -> 61
A14: 2 | B14: CIRUGIA DE PEDIATRIA | C14: 7 | D14: 9 | E14: 15 | F14: 15 | G14: 16 | H14: 16 | I14: 16 | J14: 14 | K14: =+C14+E14+G14+I14 -> 54 | L14: =+D14+F14+H14+J14 -> 54
A15: 3 | B15: HEMODINAMIA ADULTOS | C15: 42 | D15: 92 | E15: 93 | F15: 88 | G15: 94 | H15: 100 | I15: 92 | J15: 75 | K15: =+C15+E15+G15+I15 -> 321 | L15: =+D15+F15+H15+J15 -> 355
A16: 4 | B16: HEMODINAMIA PEDIATRIA | C16: 6 | D16: 14 | E16: 15 | F16: 16 | G16: 15 | H16: 17 | I16: 15 | J16: 8 | K16: =+C16+E16+G16+I16 -> 51 | L16: =+D16+F16+H16+J16 -> 55
A17: 5 | B17: ECOCARDIOGRAMA ADULTOS | C17: 195 | D17: 468 | E17: 428 | F17: 503 | G17: 428 | H17: 606 | I17: 428 | J17: 478 | K17: =+C17+E17+G17+I17 -> 1479 | L17: =+D17+F17+H17+J17 -> 2055
A18: 6 | B18: ECOCARDIOGRAMA PEDIATRIA | C18: 167 | D18: 419 | E18: 367 | F18: 382 | G18: 367 | H18: 423 | I18: 363 | J18: 280 | K18: =+C18+E18+G18+I18 -> 1264 | L18: =+D18+F18+H18+J18 -> 1504
A19: 7 | B19: ELECTROCARDIOGRAMAS ADULTOS | C19: 64 | D19: 133 | E19: 137 | F19: 136 | G19: 138 | H19: 144 | I19: 136 | J19: 120 | K19: =+C19+E19+G19+I19 -> 475 | L19: =+D19+F19+H19+J19 -> 533
A20: 8 | B20: ELECTROCARDIOGRAMAS PEDIATRIA | C20: 75 | D20: 184 | E20: 165 | F20: 160 | G20: 165 | H20: 163 | I20: 165 | J20: 102 | K20: =+C20+E20+G20+I20 -> 570 | L20: =+D20+F20+H20+J20 -> 609
A21: 9 | B21: CONSULTAS MEDICAS ADULTOS | C21: 482 | D21: 1075 | E21: 1059 | F21: 1078 | G21: 1059 | H21: 1250 | I21: 1059 | J21: 884 | K21: =+C21+E21+G21+I21 -> 3659 | L21: =+D21+F21+H21+J21 -> 4287
A22: 10 | B22: CONSULTA MEDICAS PEDIATRICAS | C22: 230 | D22: 505 | E22: 506 | F22: 440 | G22: 506 | H22: 447 | I22: 501 | J22: 343 | K22: =+C22+E22+G22+I22 -> 1743 | L22: =+D22+F22+H22+J22 -> 1735
A23: 11 | B23: ESTOMATOLOGIA | C23: 22 | D23: 47 | E23: 47 | F23: 45 | G23: 47 | H23: 43 | I23: 43 | J23: 27 | K23: =+C23+E23+G23+I23 -> 159 | L23: =+D23+F23+H23+J23 -> 162
A24: 12 | B24: ENCAMAMIENTO POR COMPLICACIONES | C24: 7 | D24: 20 | E24: 20 | F24: 20 | G24: 20 | H24: 34 | I24: 16 | J24: 21 | K24: =+C24+E24+G24+I24 -> 63 | L24: =+D24+F24+H24+J24 -> 95
... A28: 16 | B28: MONITOREO DE PRESION ARTERIAL | C28: 5 | D28: 0 | E28: 8 | F28: 0 | G28: 8 | H28: 0 | I28: 7 | J28: 0 | K28: =+C28+E28+G28+I28 -> 28 | L28: =+D28+F28+H28+J28 -> 0
A29: Total servicios/beneficiarios | C29: =SUM(C13:C28) -> 1368 | D29: =SUM(D13:D28) -> 3109 | E29: =SUM(E13:E28) -> 3002 | F29: =SUM(F13:F28) -> 3034 | G29: =SUM(G13:G28) -> 3006 | H29: =SUM(H13:H28) -> 3417 | I29: =SUM(I13:I28) -> 2971 | J29: =SUM(J13:J28) -> 2471 | ... L29: =SUM(L13:L28) -> 12031
B31: Ejecucion y/o avance de cumplimiento de metas fisicas correspondiente al segundo cuatrimestre
A32: No. | B32: Meta/Servicio | C32: Mayo | E32: Junio | G32: Julio | I32: Agosto | K32: Totales | M32: Total acumulado
C33: Programado | D33: Ejecutado | E33: Programado | F33: Ejecutado | G33: Programado | H33: Ejecutado | I33: Programado | J33: Ejecutado | K33: Programado | L33: Ejecutado | M33: Programado | N33: Ejecutado
A34: 1 | B34: CIRUGIA DE ADULTOS | C34: 15 | D34: 17 | K34: =+C34+E34+G34+I34 -> 15 | L34: =+D34+F34+H34+J34 -> 17 | M34: =+K34+K13 -> 64 | N34: =+L34+L13 -> 78
A35: 2 | B35: CIRUGIA DE PEDIATRIA | C35: 16 | D35: 21 | K35: =+C35+E35+G35+I35 -> 16 | L35: =+D35+F35+H35+J35 -> 21 | M35: =+K35+K14 -> 70 | N35: =+L35+L14 -> 75
A36: 3 | B36: HEMODINAMIA ADULTOS | C36: 94 | D36: 85 | K36: =+C36+E36+G36+I36 -> 94 | L36: =+D36+F36+H36+J36 -> 85 | M36: =+K36+K15 -> 415 | N36: =+L36+L15 -> 440
A37: 4 | B37: HEMODINAMIA PEDIATRIA | C37: 15 | D37: 10 | K37: =+C37+E37+G37+I37 -> 15 | L37: =+D37+F37+H37+J37 -> 10 | M37: =+K37+K16 -> 66 | N37: =+L37+L16 -> 65
A38: 5 | B38: ECOCARDIOGRAMA ADULTOS | C38: 428 | D38: 449 | K38: =+C38+E38+G38+I38 -> 428 | L38: =+D38+F38+H38+J38 -> 449 | M38: =+K38+K17 -> 1907 | N38: =+L38+L17 -> 2504
A39: 6 | B39: ECOCARDIOGRAMA PEDIATRIA | C39: 367 | D39: 420 | K39: =+C39+E39+G39+I39 -> 367 | L39: =+D39+F39+H39+J39 -> 420 | M39: =+K39+K18 -> 1631 | N39: =+L39+L18 -> 1924
A40: 7 | B40: ELECTROCARDIOGRAMAS ADULTOS | C40: 137 | D40: 145 | K40: =+C40+E40+G40+I40 -> 137 | L40: =+D40+F40+H40+J40 -> 145 | M40: =+K40+K19 -> 612 | N40: =+L40+L19 -> 678
A41: 8 | B41: ELECTROCARDIOGRAMAS PEDIATRIA | C41: 165 | D41: 150 | K41: =+C41+E41+G41+I41 -> 165 | L41: =+D41+F41+H41+J41 -> 150 | M41: =+K41+K20 -> 735 | N41: =+L41+L20 -> 759
A42: 9 | B42: CONSULTAS MEDICAS ADULTOS | C42: 1059 | D42: 1124 | K42: =+C42+E42+G42+I42 -> 1059 | L42: =+D42+F42+H42+J42 -> 1124 | M42: =+K42+K21 -> 4718 | N42: =+L42+L21 -> 5411
A43: 10 | B43: CONSULTA MEDICAS PEDIATRICAS | C43: 506 | D43: 501 | K43: =+C43+E43+G43+I43 -> 506 | L43: =+D43+F43+H43+J43 -> 501 | M43: =+K43+K22 -> 2249 | N43: =+L43+L22 -> 2236
A44: 11 | B44: ESTOMATOLOGIA | C44: 47 | D44: 53 | K44: =+C44+E44+G44+I44 -> 47 | L44: =+D44+F44+H44+J44 -> 53 | M44: =+K44+K23 -> 206 | N44: =+L44+L23 -> 215
A45: 12 | B45: ENCAMAMIENTO POR COMPLICACIONES | C45: 20 | D45: 24 | K45: =+C45+E45+G45+I45 -> 20 | L45: =+D45+F45+H45+J45 -> 24 | M45: =+K45+K24 -> 83 | N45: =+L45+L24 -> 119
... A49: 16 | B49: MONITOREO DE PRESION ARTERIAL | C49: 9 | D49: 0 | K49: =+C49+E49+G49+I49 -> 9 | L49: =+D49+F49+H49+J49 -> 0 | M49: =+K49+K28 -> 37 | N49: =+L49+L28 -> 0
A50: Total servicios/beneficiarios | C50: =SUM(C34:C49) -> 3006 | D50: =SUM(D34:D49) -> 3136 | E50: =SUM(E34:E49) -> 0 | F50: =SUM(F34:F49) -> 0 | G50: =SUM(G34:G49) -> 0 | H50: =SUM(H34:H49) -> 0 | I50: =SUM(I34:I49) -> 0 | J50: =SUM(J34:J49) -> 0 | ... N50: =SUM(N34:N49) -> 15167
B52: Ejecucion y/o avance de cumplimiento de metas fisicas correspondiente al tercer cuatrimestre
A53: No. | B53: Meta/Servicio | C53: Septiembre | E53: Octubre | G53: Noviembre | I53: Diciembre | K53: Totales | M53: Total acumulado
C54: Programado | D54: Ejecutado | E54: Programado | F54: Ejecutado | G54: Programado | H54: Ejecutado | I54: Programado | J54: Ejecutado | K54: Programado | L54: Ejecutado | M54: Programado | N54: Ejecutado
A55: 1 | B55: CIRUGIA DE ADULTOS | K55: =+C55+E55+G55+I55 -> 0 | L55: =+D55+F55+H55+J55 -> 0 | M55: =+K55+M34 -> 64 | N55: =+L55+N34 -> 78
A56: 2 | B56: CIRUGIA DE PEDIATRIA | K56: =+C56+E56+G56+I56 -> 0 | L56: =+D56+F56+H56+J56 -> 0 | M56: =+K56+M35 -> 70 | N56: =+L56+N35 -> 75
A57: 3 | B57: HEMODINAMIA ADULTOS | K57: =+C57+E57+G57+I57 -> 0 | L57: =+D57+F57+H57+J57 -> 0 | M57: =+K57+M36 -> 415 | N57: =+L57+N36 -> 440
A58: 4 | B58: HEMODINAMIA PEDIATRIA | K58: =+C58+E58+G58+I58 -> 0 | L58: =+D58+F58+H58+J58 -> 0 | M58: =+K58+M37 -> 66 | N58: =+L58+N37 -> 65
A59: 5 | B59: ECOCARDIOGRAMA ADULTOS | K59: =+C59+E59+G59+I59 -> 0 | L59: =+D59+F59+H59+J59 -> 0 | M59: =+K59+M38 -> 1907 | N59: =+L59+N38 -> 2504
A60: 6 | B60: ECOCARDIOGRAMA PEDIATRIA | K60: =+C60+E60+G60+I60 -> 0 | L60: =+D60+F60+H60+J60 -> 0 | M60: =+K60+M39 -> 1631 | N60: =+L60+N39 -> 1924
A61: 7 | B61: ELECTROCARDIOGRAMAS ADULTOS | K61: =+C61+E61+G61+I61 -> 0 | L61: =+D61+F61+H61+J61 -> 0 | M61: =+K61+M40 -> 612 | N61: =+L61+N40 -> 678
A62: 8 | B62: ELECTROCARDIOGRAMAS PEDIATRIA | K62: =+C62+E62+G62+I62 -> 0 | L62: =+D62+F62+H62+J62 -> 0 | M62: =+K62+M41 -> 735 | N62: =+L62+N41 -> 759
A63: 9 | B63: CONSULTAS MEDICAS ADULTOS | K63: =+C63+E63+G63+I63 -> 0 | L63: =+D63+F63+H63+J63 -> 0 | M63: =+K63+M42 -> 4718 | N63: =+L63+N42 -> 5411
A64: 10 | B64: CONSULTA MEDICAS PEDIATRICAS | K64: =+C64+E64+G64+I64 -> 0 | L64: =+D64+F64+H64+J64 -> 0 | M64: =+K64+M43 -> 2249 | N64: =+L64+N43 -> 2236
A65: 11 | B65: ESTOMATOLOGIA | K65: =+C65+E65+G65+I65 -> 0 | L65: =+D65+F65+H65+J65 -> 0 | M65: =+K65+M44 -> 206 | N65: =+L65+N44 -> 215
A66: 12 | B66: ENCAMAMIENTO POR COMPLICACIONES | K66: =+C66+E66+G66+I66 -> 0 | L66: =+D66+F66+H66+J66 -> 0 | M66: =+K66+M45 -> 83 | N66: =+L66+N45 -> 119
... A70: 16 | B70: MONITOREO DE PRESION ARTERIAL | K70: =+C70+E70+G70+I70 -> 0 | L70: =+D70+F70+H70+J70 -> 0 | M70: =+K70+M49 -> 37 | N70: =+L70+N49 -> 0
A71: Total | C71: =SUM(C55:C70) -> 0 | D71: =SUM(D55:D70) -> 0 | E71: =SUM(E55:E70) -> 0 | F71: =SUM(F55:F70) -> 0 | G71: =SUM(G55:G70) -> 0 | H71: =SUM(H55:H70) -> 0 | I71: =SUM(I55:I70) -> 0 | J71: =SUM(J55:J70) -> 0 | ... N71: =SUM(N55:N70) -> 15167
B74: RESUMEN AÑO 2023
A75: No. | B75: Meta/Servicio | C75: Totales
C76: Programado | D76: Ejecutado
A77: 1 | B77: CIRUGIA DE ADULTOS | C77: =+K13+K34+K55 -> 64 | D77: =+L13+L34+L55 -> 78
A78: 2 | B78: CIRUGIA DE PEDIATRIA | C78: =+K14+K35+K56 -> 70 | D78: =+L14+L35+L56 -> 75
A79: 3 | B79: HEMODINAMIA ADULTOS | C79: =+K15+K36+K57 -> 415 | D79: =+L15+L36+L57 -> 440
A80: 4 | B80: HEMODINAMIA PEDIATRIA | C80: =+K16+K37+K58 -> 66 | D80: =+L16+L37+L58 -> 65
A81: 5 | B81: ECOCARDIOGRAMA ADULTOS | C81: =+K17+K38+K59 -> 1907 | D81: =+L17+L38+L59 -> 2504
A82: 6 | B82: ECOCARDIOGRAMA PEDIATRIA | C82: =+K18+K39+K60 -> 1631 | D82: =+L18+L39+L60 -> 1924
A83: 7 | B83: ELECTROCARDIOGRAMAS ADULTOS | C83: =+K19+K40+K61 -> 612 | D83: =+L19+L40+L61 -> 678
A84: 8 | B84: ELECTROCARDIOGRAMAS PEDIATRIA | C84: =+K20+K41+K62 -> 735 | D84: =+L20+L41+L62 -> 759
A85: 9 | B85: CONSULTAS MEDICAS ADULTOS | C85: =+K21+K42+K63 -> 4718 | D85: =+L21+L42+L63 -> 5411
A86: 10 | B86: CONSULTA MEDICAS PEDIATRICAS | C86: =+K22+K43+K64 -> 2249 | D86: =+L22+L43+L64 -> 2236
A87: 11 | B87: ESTOMATOLOGIA | C87: =+K23+K44+K65 -> 206 | D87: =+L23+L44+L65 -> 215
A88: 12 | B88: ENCAMAMIENTO POR COMPLICACIONES | C88: =+K24+K45+K66 -> 83 | D88: =+L24+L45+L66 -> 119
... A92: 16 | B92: MONITOREO DE PRESION ARTERIAL | C92: =+K28+K49+K70 -> 37 | D92: =+L28+L49+L70 -> 0
A93: Total | C93: =SUM(C77:C92) -> 13353 | D93: =SUM(D77:D92) -> 15167
B117: Elaborado por: | C117: ___________________________ | F117: Autorizado por: | H117: _______________________________________
C118: VÍctor Cresencio Reyes Porres | H118: Lic. Douglas Antonio Díaz Rivera
C119: Jefe de Contabilidad | H119: Representante Legal
B120: Fecha: | C120: 9 de junio 2,023

Sheet EJECUCION FISICA JUNIO F-8
L2: F-8
A6: UNIDAD DE CIRUGIA CARDIOVASCULAR DE GUATEMALA
A7: 5a. AVENIDA 6-22 ZONA 11
A8: dgunicar@yahoo.es Tel. 24163000
B10: Ejecucion y/o avance de cumplimiento de metas fisicas correspondiente al primer cuatrimestre
A11: No. | B11: Meta/Servicio | C11: Enero | E11: Febrero | G11: Marzo | I11: Abril | K11: Total cuatrimestre
C12: Programado | D12: Ejecutado | E12: Programado | F12: Ejecutado | G12: Programado | H12: Ejecutado | I12: Programado | J12: Ejecutado | K12: Programado | L12: Ejecutado
A13: 1 | B13: CIRUGIA DE ADULTOS | C13: 7 | D13: 10 | E13: 14 | F13: 18 | G13: 15 | H13: 21 | I13: 13 | J13: 12 | K13: =+C13+E13+G13+I13 -> 49 | L13: =+D13+F13+H13+J13 -> 61
A14: 2 | B14: CIRUGIA DE PEDIATRIA | C14: 7 | D14: 9 | E14: 15 | F14: 15 | G14: 16 | H14: 16 | I14: 16 | J14: 14 | K14: =+C14+E14+G14+I14 -> 54 | L14: =+D14+F14+H14+J14 -> 54
A15: 3 | B15: HEMODINAMIA ADULTOS | C15: 42 | D15: 92 | E15: 93 | F15: 88 | G15: 94 | H15: 100 | I15: 92 | J15: 75 | K15: =+C15+E15+G15+I15 -> 321 | L15: =+D15+F15+H15+J15 -> 355
A16: 4 | B16: HEMODINAMIA PEDIATRIA | C16: 6 | D16: 14 | E16: 15 | F16: 16 | G16: 15 | H16: 17 | I16: 15 | J16: 8 | K16: =+C16+E16+G16+I16 -> 51 | L16: =+D16+F16+H16+J16 -> 55
A17: 5 | B17: ECOCARDIOGRAMA ADULTOS | C17: 195 | D17: 468 | E17: 428 | F17: 503 | G17: 428 | H17: 606 | I17: 428 | J17: 478 | K17: =+C17+E17+G17+I17 -> 1479 | L17: =+D17+F17+H17+J17 -> 2055
A18: 6 | B18: ECOCARDIOGRAMA PEDIATRIA | C18: 167 | D18: 419 | E18: 367 | F18: 382 | G18: 367 | H18: 423 | I18: 363 | J18: 280 | K18: =+C18+E18+G18+I18 -> 1264 | L18: =+D18+F18+H18+J18 -> 1504
A19: 7 | B19: ELECTROCARDIOGRAMAS ADULTOS | C19: 64 | D19: 133 | E19: 137 | F19: 136 | G19: 138 | H19: 144 | I19: 136 | J19: 120 | K19: =+C19+E19+G19+I19 -> 475 | L19: =+D19+F19+H19+J19 -> 533
A20: 8 | B20: ELECTROCARDIOGRAMAS PEDIATRIA | C20: 75 | D20: 184 | E20: 165 | F20: 160 | G20: 165 | H20: 163 | I20: 165 | J20: 102 | K20: =+C20+E20+G20+I20 -> 570 | L20: =+D20+F20+H20+J20 -> 609
A21: 9 | B21: CONSULTAS MEDICAS ADULTOS | C21: 482 | D21: 1075 | E21: 1059 | F21: 1078 | G21: 1059 | H21: 1250 | I21: 1059 | J21: 884 | K21: =+C21+E21+G21+I21 -> 3659 | L21: =+D21+F21+H21+J21 -> 4287
A22: 10 | B22: CONSULTA MEDICAS PEDIATRICAS | C22: 230 | D22: 505 | E22: 506 | F22: 440 | G22: 506 | H22: 447 | I22: 501 | J22: 343 | K22: =+C22+E22+G22+I22 -> 1743 | L22: =+D22+F22+H22+J22 -> 1735
A23: 11 | B23: ESTOMATOLOGIA | C23: 22 | D23: 47 | E23: 47 | F23: 45 | G23: 47 | H23: 43 | I23: 43 | J23: 27 | K23: =+C23+E23+G23+I23 -> 159 | L23: =+D23+F23+H23+J23 -> 162
A24: 12 | B24: ENCAMAMIENTO POR COMPLICACIONES | C24: 7 | D24: 20 | E24: 20 | F24: 20 | G24: 20 | H24: 34 | I24: 16 | J24: 21 | K24: =+C24+E24+G24+I24 -> 63 | L24: =+D24+F24+H24+J24 -> 95
... A28: 16 | B28: MONITOREO DE PRESION ARTERIAL | C28: 5 | D28: 0 | E28: 8 | F28: 0 | G28: 8 | H28: 0 | I28: 7 | J28: 0 | K28: =+C28+E28+G28+I28 -> 28 | L28: =+D28+F28+H28+J28 -> 0
A29: Total servicios/beneficiarios | C29: =SUM(C13:C28) -> 1368 | D29: =SUM(D13:D28) -> 3109 | E29: =SUM(E13:E28) -> 3002 | F29: =SUM(F13:F28) -> 3034 | G29: =SUM(G13:G28) -> 3006 | H29: =SUM(H13:H28) -> 3417 | I29: =SUM(I13:I28) -> 2971 | J29: =SUM(J13:J28) -> 2471 | ... L29: =SUM(L13:L28) -> 12031
B31: Ejecucion y/o avance de cumplimiento de metas fisicas correspondiente al segundo cuatrimestre
A32: No. | B32: Meta/Servicio | C32: Mayo | E32: Junio | G32: Julio | I32: Agosto | K32: Totales | M32: Total acumulado
C33: Programado | D33: Ejecutado | E33: Programado | F33: Ejecutado | G33: Programado | H33: Ejecutado | I33: Programado | J33: Ejecutado | K33: Programado | L33: Ejecutado | M33: Programado | N33: Ejecutado
A34: 1 | B34: CIRUGIA DE ADULTOS | C34: 15 | D34: 17 | E34: 15 | F34: 14 | K34: =+C34+E34+G34+I34 -> 30 | L34: =+D34+F34+H34+J34 -> 31 | M34: =+K34+K13 -> 79 | N34: =+L34+L13 -> 92
A35: 2 | B35: CIRUGIA DE PEDIATRIA | C35: 16 | D35: 21 | E35: 16 | F35: 14 | K35: =+C35+E35+G35+I35 -> 32 | L35: =+D35+F35+H35+J35 -> 35 | M35: =+K35+K14 -> 86 | N35: =+L35+L14 -> 89
A36: 3 | B36: HEMODINAMIA ADULTOS | C36: 94 | D36: 85 | E36: 94 | F36: 66 | K36: =+C36+E36+G36+I36 -> 188 | L36: =+D36+F36+H36+J36 -> 151 | M36: =+K36+K15 -> 509 | N36: =+L36+L15 -> 506
A37: 4 | B37: HEMODINAMIA PEDIATRIA | C37: 15 | D37: 10 | E37: 15 | F37: 11 | K37: =+C37+E37+G37+I37 -> 30 | L37: =+D37+F37+H37+J37 -> 21 | M37: =+K37+K16 -> 81 | N37: =+L37+L16 -> 76
A38: 5 | B38: ECOCARDIOGRAMA ADULTOS | C38: 428 | D38: 449 | E38: 428 | F38: 507 | K38: =+C38+E38+G38+I38 -> 856 | L38: =+D38+F38+H38+J38 -> 956 | M38: =+K38+K17 -> 2335 | N38: =+L38+L17 -> 3011
A39: 6 | B39: ECOCARDIOGRAMA PEDIATRIA | C39: 367 | D39: 420 | E39: 367 | F39: 421 | K39: =+C39+E39+G39+I39 -> 734 | L39: =+D39+F39+H39+J39 -> 841 | M39: =+K39+K18 -> 1998 | N39: =+L39+L18 -> 2345
A40: 7 | B40: ELECTROCARDIOGRAMAS ADULTOS | C40: 137 | D40: 145 | E40: 137 | F40: 113 | K40: =+C40+E40+G40+I40 -> 274 | L40: =+D40+F40+H40+J40 -> 258 | M40: =+K40+K19 -> 749 | N40: =+L40+L19 -> 791
A41: 8 | B41: ELECTROCARDIOGRAMAS PEDIATRIA | C41: 165 | D41: 150 | E41: 165 | F41: 137 | K41: =+C41+E41+G41+I41 -> 330 | L41: =+D41+F41+H41+J41 -> 287 | M41: =+K41+K20 -> 900 | N41: =+L41+L20 -> 896
A42: 9 | B42: CONSULTAS MEDICAS ADULTOS | C42: 1059 | D42: 1124 | E42: 1059 | F42: 1062 | K42: =+C42+E42+G42+I42 -> 2118 | L42: =+D42+F42+H42+J42 -> 2186 | M42: =+K42+K21 -> 5777 | N42: =+L42+L21 -> 6473
A43: 10 | B43: CONSULTA MEDICAS PEDIATRICAS | C43: 506 | D43: 501 | E43: 506 | F43: 421 | K43: =+C43+E43+G43+I43 -> 1012 | L43: =+D43+F43+H43+J43 -> 922 | M43: =+K43+K22 -> 2755 | N43: =+L43+L22 -> 2657
A44: 11 | B44: ESTOMATOLOGIA | C44: 47 | D44: 53 | E44: 47 | F44: 59 | K44: =+C44+E44+G44+I44 -> 94 | L44: =+D44+F44+H44+J44 -> 112 | M44: =+K44+K23 -> 253 | N44: =+L44+L23 -> 274
A45: 12 | B45: ENCAMAMIENTO POR COMPLICACIONES | C45: 20 | D45: 24 | E45: 20 | F45: 18 | K45: =+C45+E45+G45+I45 -> 40 | L45: =+D45+F45+H45+J45 -> 42 | M45: =+K45+K24 -> 103 | N45: =+L45+L24 -> 137
... A49: 16 | B49: MONITOREO DE PRESION ARTERIAL | C49: 9 | D49: 0 | E49: 9 | F49: 1 | K49: =+C49+E49+G49+I49 -> 18 | L49: =+D49+F49+H49+J49 -> 1 | M49: =+K49+K28 -> 46 | N49: =+L49+L28 -> 1
A50: Total servicios/beneficiarios | C50: =SUM(C34:C49) -> 3006 | D50: =SUM(D34:D49) -> 3136 | E50: =SUM(E34:E49) -> 3006 | F50: =SUM(F34:F49) -> 2962 | G50: =SUM(G34:G49) -> 0 | H50: =SUM(H34:H49) -> 0 | I50: =SUM(I34:I49) -> 0 | J50: =SUM(J34:J49) -> 0 | ... N50: =SUM(N34:N49) -> 18129
B52: Ejecucion y/o avance de cumplimiento de metas fisicas correspondiente al tercer cuatrimestre
A53: No. | B53: Meta/Servicio | C53: Septiembre | E53: Octubre | G53: Noviembre | I53: Diciembre | K53: Totales | M53: Total acumulado
C54: Programado | D54: Ejecutado | E54: Programado | F54: Ejecutado | G54: Programado | H54: Ejecutado | I54: Programado | J54: Ejecutado | K54: Programado | L54: Ejecutado | M54: Programado | N54: Ejecutado
A55: 1 | B55: CIRUGIA DE ADULTOS | K55: =+C55+E55+G55+I55 -> 0 | L55: =+D55+F55+H55+J55 -> 0 | M55: =+K55+M34 -> 79 | N55: =+L55+N34 -> 92
A56: 2 | B56: CIRUGIA DE PEDIATRIA | K56: =+C56+E56+G56+I56 -> 0 | L56: =+D56+F56+H56+J56 -> 0 | M56: =+K56+M35 -> 86 | N56: =+L56+N35 -> 89
A57: 3 | B57: HEMODINAMIA ADULTOS | K57: =+C57+E57+G57+I57 -> 0 | L57: =+D57+F57+H57+J57 -> 0 | M57: =+K57+M36 -> 509 | N57: =+L57+N36 -> 506
A58: 4 | B58: HEMODINAMIA PEDIATRIA | K58: =+C58+E58+G58+I58 -> 0 | L58: =+D58+F58+H58+J58 -> 0 | M58: =+K58+M37 -> 81 | N58: =+L58+N37 -> 76
A59: 5 | B59: ECOCARDIOGRAMA ADULTOS | K59: =+C59+E59+G59+I59 -> 0 | L59: =+D59+F59+H59+J59 -> 0 | M59: =+K59+M38 -> 2335 | N59: =+L59+N38 -> 3011
A60: 6 | B60: ECOCARDIOGRAMA PEDIATRIA | K60: =+C60+E60+G60+I60 -> 0 | L60: =+D60+F60+H60+J60 -> 0 | M60: =+K60+M39 -> 1998 | N60: =+L60+N39 -> 2345
A61: 7 | B61: ELECTROCARDIOGRAMAS ADULTOS | K61: =+C61+E61+G61+I61 -> 0 | L61: =+D61+F61+H61+J61 -> 0 | M61: =+K61+M40 -> 749 | N61: =+L61+N40 -> 791
A62: 8 | B62: ELECTROCARDIOGRAMAS PEDIATRIA | K62: =+C62+E62+G62+I62 -> 0 | L62: =+D62+F62+H62+J62 -> 0 | M62: =+K62+M41 -> 900 | N62: =+L62+N41 -> 896
A63: 9 | B63: CONSULTAS MEDICAS ADULTOS | K63: =+C63+E63+G63+I63 -> 0 | L63: =+D63+F63+H63+J63 -> 0 | M63: =+K63+M42 -> 5777 | N63: =+L63+N42 -> 6473
A64: 10 | B64: CONSULTA MEDICAS PEDIATRICAS | K64: =+C64+E64+G64+I64 -> 0 | L64: =+D64+F64+H64+J64 -> 0 | M64: =+K64+M43 -> 2755 | N64: =+L64+N43 -> 2657
A65: 11 | B65: ESTOMATOLOGIA | K65: =+C65+E65+G65+I65 -> 0 | L65: =+D65+F65+H65+J65 -> 0 | M65: =+K65+M44 -> 253 | N65: =+L65+N44 -> 274
A66: 12 | B66: ENCAMAMIENTO POR COMPLICACIONES | K66: =+C66+E66+G66+I66 -> 0 | L66: =+D66+F66+H66+J66 -> 0 | M66: =+K66+M45 -> 103 | N66: =+L66+N45 -> 137
... A70: 16 | B70: MONITOREO DE PRESION ARTERIAL | K70: =+C70+E70+G70+I70 -> 0 | L70: =+D70+F70+H70+J70 -> 0 | M70: =+K70+M49 -> 46 | N70: =+L70+N49 -> 1
A71: Total | C71: =SUM(C55:C70) -> 0 | D71: =SUM(D55:D70) -> 0 | E71: =SUM(E55:E70) -> 0 | F71: =SUM(F55:F70) -> 0 | G71: =SUM(G55:G70) -> 0 | H71: =SUM(H55:H70) -> 0 | I71: =SUM(I55:I70) -> 0 | J71: =SUM(J55:J70) -> 0 | ... N71: =SUM(N55:N70) -> 18129
B74: RESUMEN AÑO 2023
A75: No. | B75: Meta/Servicio | C75: Totales
C76: Programado | D76: Ejecutado
A77: 1 | B77: CIRUGIA DE ADULTOS | C77: =+K13+K34+K55 -> 79 | D77: =+L13+L34+L55 -> 92
A78: 2 | B78: CIRUGIA DE PEDIATRIA | C78: =+K14+K35+K56 -> 86 | D78: =+L14+L35+L56 -> 89
A79: 3 | B79: HEMODINAMIA ADULTOS | C79: =+K15+K36+K57 -> 509 | D79: =+L15+L36+L57 -> 506
A80: 4 | B80: HEMODINAMIA PEDIATRIA | C80: =+K16+K37+K58 -> 81 | D80: =+L16+L37+L58 -> 76
A81: 5 | B81: ECOCARDIOGRAMA ADULTOS | C81: =+K17+K38+K59 -> 2335 | D81: =+L17+L38+L59 -> 3011
A82: 6 | B82: ECOCARDIOGRAMA PEDIATRIA | C82: =+K18+K39+K60 -> 1998 | D82: =+L18+L39+L60 -> 2345
A83: 7 | B83: ELECTROCARDIOGRAMAS ADULTOS | C83: =+K19+K40+K61 -> 749 | D83: =+L19+L40+L61 -> 791
A84: 8 | B84: ELECTROCARDIOGRAMAS PEDIATRIA | C84: =+K20+K41+K62 -> 900 | D84: =+L20+L41+L62 -> 896
A85: 9 | B85: CONSULTAS MEDICAS ADULTOS | C85: =+K21+K42+K63 -> 5777 | D85: =+L21+L42+L63 -> 6473
A86: 10 | B86: CONSULTA MEDICAS PEDIATRICAS | C86: =+K22+K43+K64 -> 2755 | D86: =+L22+L43+L64 -> 2657
A87: 11 | B87: ESTOMATOLOGIA | C87: =+K23+K44+K65 -> 253 | D87: =+L23+L44+L65 -> 274
A88: 12 | B88: ENCAMAMIENTO POR COMPLICACIONES | C88: =+K24+K45+K66 -> 103 | D88: =+L24+L45+L66 -> 137
... A92: 16 | B92: MONITOREO DE PRESION ARTERIAL | C92: =+K28+K49+K70 -> 46 | D92: =+L28+L49+L70 -> 1
A93: Total | C93: =SUM(C77:C92) -> 16359 | D93: =SUM(D77:D92) -> 18129
B117: Elaborado por: | C117: ___________________________ | F117: Autorizado por: | H117: _______________________________________
C118: VÍctor Cresencio Reyes Porres | H118: Lic. Douglas Antonio Díaz Rivera
C119: Jefe de Contabilidad | H119: Representante Legal
B120: Fecha: | C120: 10 de julio 2,023

Sheet EJECUCION FISICA JULIO F-8
L2: F-8
A6: UNIDAD DE CIRUGIA CARDIOVASCULAR DE GUATEMALA
A7: 5a. AVENIDA 6-22 ZONA 11
A8: dgunicar@yahoo.es Tel. 24163000
B10: Ejecucion y/o avance de cumplimiento de metas fisicas correspondiente al primer cuatrimestre
A11: No. | B11: Meta/Servicio | C11: Enero | E11: Febrero | G11: Marzo | I11: Abril | K11: Total cuatrimestre
C12: Programado | D12: Ejecutado | E12: Programado | F12: Ejecutado | G12: Programado | H12: Ejecutado | I12: Programado | J12: Ejecutado | K12: Programado | L12: Ejecutado
A13: 1 | B13: CIRUGIA DE ADULTOS | C13: 7 | D13: 10 | E13: 14 | F13: 18 | G13: 15 | H13: 21 | I13: 13 | J13: 12 | K13: =+C13+E13+G13+I13 -> 49 | L13: =+D13+F13+H13+J13 -> 61
A14: 2 | B14: CIRUGIA DE PEDIATRIA | C14: 7 | D14: 9 | E14: 15 | F14: 15 | G14: 16 | H14: 16 | I14: 16 | J14: 14 | K14: =+C14+E14+G14+I14 -> 54 | L14: =+D14+F14+H14+J14 -> 54
A15: 3 | B15: HEMODINAMIA ADULTOS | C15: 42 | D15: 92 | E15: 93 | F15: 88 | G15: 94 | H15: 100 | I15: 92 | J15: 75 | K15: =+C15+E15+G15+I15 -> 321 | L15: =+D15+F15+H15+J15 -> 355
A16: 4 | B16: HEMODINAMIA PEDIATRIA | C16: 6 | D16: 14 | E16: 15 | F16: 16 | G16: 15 | H16: 17 | I16: 15 | J16: 8 | K16: =+C16+E16+G16+I16 -> 51 | L16: =+D16+F16+H16+J16 -> 55
A17: 5 | B17: ECOCARDIOGRAMA ADULTOS | C17: 195 | D17: 468 | E17: 428 | F17: 503 | G17: 428 | H17: 606 | I17: 428 | J17: 478 | K17: =+C17+E17+G17+I17 -> 1479 | L17: =+D17+F17+H17+J17 -> 2055
A18: 6 | B18: ECOCARDIOGRAMA PEDIATRIA | C18: 167 | D18: 419 | E18: 367 | F18: 382 | G18: 367 | H18: 423 | I18: 363 | J18: 280 | K18: =+C18+E18+G18+I18 -> 1264 | L18: =+D18+F18+H18+J18 -> 1504
A19: 7 | B19: ELECTROCARDIOGRAMAS ADULTOS | C19: 64 | D19: 133 | E19: 137 | F19: 136 | G19: 138 | H19: 144 | I19: 136 | J19: 120 | K19: =+C19+E19+G19+I19 -> 475 | L19: =+D19+F19+H19+J19 -> 533
A20: 8 | B20: ELECTROCARDIOGRAMAS PEDIATRIA | C20: 75 | D20: 184 | E20: 165 | F20: 160 | G20: 165 | H20: 163 | I20: 165 | J20: 102 | K20: =+C20+E20+G20+I20 -> 570 | L20: =+D20+F20+H20+J20 -> 609
A21: 9 | B21: CONSULTAS MEDICAS ADULTOS | C21: 482 | D21: 1075 | E21: 1059 | F21: 1078 | G21: 1059 | H21: 1250 | I21: 1059 | J21: 884 | K21: =+C21+E21+G21+I21 -> 3659 | L21: =+D21+F21+H21+J21 -> 4287
A22: 10 | B22: CONSULTA MEDICAS PEDIATRICAS | C22: 230 | D22: 505 | E22: 506 | F22: 440 | G22: 506 | H22: 447 | I22: 501 | J22: 343 | K22: =+C22+E22+G22+I22 -> 1743 | L22: =+D22+F22+H22+J22 -> 1735
A23: 11 | B23: ESTOMATOLOGIA | C23: 22 | D23: 47 | E23: 47 | F23: 45 | G23: 47 | H23: 43 | I23: 43 | J23: 27 | K23: =+C23+E23+G23+I23 -> 159 | L23: =+D23+F23+H23+J23 -> 162
A24: 12 | B24: ENCAMAMIENTO POR COMPLICACIONES | C24: 7 | D24: 20 | E24: 20 | F24: 20 | G24: 20 | H24: 34 | I24: 16 | J24: 21 | K24: =+C24+E24+G24+I24 -> 63 | L24: =+D24+F24+H24+J24 -> 95
... A28: 16 | B28: MONITOREO DE PRESION ARTERIAL | C28: 5 | D28: 0 | E28: 8 | F28: 0 | G28: 8 | H28: 0 | I28: 7 | J28: 0 | K28: =+C28+E28+G28+I28 -> 28 | L28: =+D28+F28+H28+J28 -> 0
A29: Total servicios/beneficiarios | C29: =SUM(C13:C28) -> 1368 | D29: =SUM(D13:D28) -> 3109 | E29: =SUM(E13:E28) -> 3002 | F29: =SUM(F13:F28) -> 3034 | G29: =SUM(G13:G28) -> 3006 | H29: =SUM(H13:H28) -> 3417 | I29: =SUM(I13:I28) -> 2971 | J29: =SUM(J13:J28) -> 2471 | ... L29: =SUM(L13:L28) -> 12031
B31: Ejecucion y/o avance de cumplimiento de metas fisicas correspondiente al segundo cuatrimestre
A32: No. | B32: Meta/Servicio | C32: Mayo | E32: Junio | G32: Julio | I32: Agosto | K32: Totales | M32: Total acumulado
C33: Programado | D33: Ejecutado | E33: Programado | F33: Ejecutado | G33: Programado | H33: Ejecutado | I33: Programado | J33: Ejecutado | K33: Programado | L33: Ejecutado | M33: Programado | N33: Ejecutado
A34: 1 | B34: CIRUGIA DE ADULTOS | C34: 15 | D34: 17 | E34: 15 | F34: 14 | G34: 15 | H34: 16 | K34: =+C34+E34+G34+I34 -> 45 | L34: =+D34+F34+H34+J34 -> 47 | M34: =+K34+K13 -> 94 | N34: =+L34+L13 -> 108
A35: 2 | B35: CIRUGIA DE PEDIATRIA | C35: 16 | D35: 21 | E35: 16 | F35: 14 | G35: 16 | H35: 16 | K35: =+C35+E35+G35+I35 -> 48 | L35: =+D35+F35+H35+J35 -> 51 | M35: =+K35+K14 -> 102 | N35: =+L35+L14 -> 105
A36: 3 | B36: HEMODINAMIA ADULTOS | C36: 94 | D36: 85 | E36: 94 | F36: 66 | G36: 94 | H36: 83 | K36: =+C36+E36+G36+I36 -> 282 | L36: =+D36+F36+H36+J36 -> 234 | M36: =+K36+K15 -> 603 | N36: =+L36+L15 -> 589
A37: 4 | B37: HEMODINAMIA PEDIATRIA | C37: 15 | D37: 10 | E37: 15 | F37: 11 | G37: 15 | H37: 15 | K37: =+C37+E37+G37+I37 -> 45 | L37: =+D37+F37+H37+J37 -> 36 | M37: =+K37+K16 -> 96 | N37: =+L37+L16 -> 91
A38: 5 | B38: ECOCARDIOGRAMA ADULTOS | C38: 428 | D38: 449 | E38: 428 | F38: 507 | G38: 428 | H38: 454 | K38: =+C38+E38+G38+I38 -> 1284 | L38: =+D38+F38+H38+J38 -> 1410 | M38: =+K38+K17 -> 2763 | N38: =+L38+L17 -> 3465
A39: 6 | B39: ECOCARDIOGRAMA PEDIATRIA | C39: 367 | D39: 420 | E39: 367 | F39: 421 | G39: 367 | H39: 398 | K39: =+C39+E39+G39+I39 -> 1101 | L39: =+D39+F39+H39+J39 -> 1239 | M39: =+K39+K18 -> 2365 | N39: =+L39+L18 -> 2743
A40: 7 | B40: ELECTROCARDIOGRAMAS ADULTOS | C40: 137 | D40: 145 | E40: 137 | F40: 113 | G40: 137 | H40: 150 | K40: =+C40+E40+G40+I40 -> 411 | L40: =+D40+F40+H40+J40 -> 408 | M40: =+K40+K19 -> 886 | N40: =+L40+L19 -> 941
A41: 8 | B41: ELECTROCARDIOGRAMAS PEDIATRIA | C41: 165 | D41: 150 | E41: 165 | F41: 137 | G41: 165 | H41: 146 | K41: =+C41+E41+G41+I41 -> 495 | L41: =+D41+F41+H41+J41 -> 433 | M41: =+K41+K20 -> 1065 | N41: =+L41+L20 -> 1042
A42: 9 | B42: CONSULTAS MEDICAS ADULTOS | C42: 1059 | D42: 1124 | E42: 1059 | F42: 1062 | G42: 1059 | H42: 1011 | K42: =+C42+E42+G42+I42 -> 3177 | L42: =+D42+F42+H42+J42 -> 3197 | M42: =+K42+K21 -> 6836 | N42: =+L42+L21 -> 7484
A43: 10 | B43: CONSULTA MEDICAS PEDIATRICAS | C43: 506 | D43: 501 | E43: 506 | F43: 421 | G43: 506 | H43: 456 | K43: =+C43+E43+G43+I43 -> 1518 | L43: =+D43+F43+H43+J43 -> 1378 | M43: =+K43+K22 -> 3261 | N43: =+L43+L22 -> 3113
A44: 11 | B44: ESTOMATOLOGIA | C44: 47 | D44: 53 | E44: 47 | F44: 59 | G44: 47 | H44: 57 | K44: =+C44+E44+G44+I44 -> 141 | L44: =+D44+F44+H44+J44 -> 169 | M44: =+K44+K23 -> 300 | N44: =+L44+L23 -> 331
A45: 12 | B45: ENCAMAMIENTO POR COMPLICACIONES | C45: 20 | D45: 24 | E45: 20 | F45: 18 | G45: 20 | H45: 23 | K45: =+C45+E45+G45+I45 -> 60 | L45: =+D45+F45+H45+J45 -> 65 | M45: =+K45+K24 -> 123 | N45: =+L45+L24 -> 160
... A49: 16 | B49: MONITOREO DE PRESION ARTERIAL | C49: 9 | D49: 0 | E49: 9 | F49: 1 | G49: 9 | H49: 1 | K49: =+C49+E49+G49+I49 -> 27 | L49: =+D49+F49+H49+J49 -> 2 | M49: =+K49+K28 -> 55 | N49: =+L49+L28 -> 2
A50: Total servicios/beneficiarios | C50: =SUM(C34:C49) -> 3006 | D50: =SUM(D34:D49) -> 3136 | E50: =SUM(E34:E49) -> 3006 | F50: =SUM(F34:F49) -> 2962 | G50: =SUM(G34:G49) -> 3006 | H50: =SUM(H34:H49) -> 2975 | I50: =SUM(I34:I49) -> 0 | J50: =SUM(J34:J49) -> 0 | ... N50: =SUM(N34:N49) -> 21104
B52: Ejecucion y/o avance de cumplimiento de metas fisicas correspondiente al tercer cuatrimestre
A53: No. | B53: Meta/Servicio | C53: Septiembre | E53: Octubre | G53: Noviembre | I53: Diciembre | K53: Totales | M53: Total acumulado
C54: Programado | D54: Ejecutado | E54: Programado | F54: Ejecutado | G54: Programado | H54: Ejecutado | I54: Programado | J54: Ejecutado | K54: Programado | L54: Ejecutado | M54: Programado | N54: Ejecutado
A55: 1 | B55: CIRUGIA DE ADULTOS | K55: =+C55+E55+G55+I55 -> 0 | L55: =+D55+F55+H55+J55 -> 0 | M55: =+K55+M34 -> 94 | N55: =+L55+N34 -> 108
A56: 2 | B56: CIRUGIA DE PEDIATRIA | K56: =+C56+E56+G56+I56 -> 0 | L56: =+D56+F56+H56+J56 -> 0 | M56: =+K56+M35 -> 102 | N56: =+L56+N35 -> 105
A57: 3 | B57: HEMODINAMIA ADULTOS | K57: =+C57+E57+G57+I57 -> 0 | L57: =+D57+F57+H57+J57 -> 0 | M57: =+K57+M36 -> 603 | N57: =+L57+N36 -> 589
A58: 4 | B58: HEMODINAMIA PEDIATRIA | K58: =+C58+E58+G58+I58 -> 0 | L58: =+D58+F58+H58+J58 -> 0 | M58: =+K58+M37 -> 96 | N58: =+L58+N37 -> 91
A59: 5 | B59: ECOCARDIOGRAMA ADULTOS | K59: =+C59+E59+G59+I59 -> 0 | L59: =+D59+F59+H59+J59 -> 0 | M59: =+K59+M38 -> 2763 | N59: =+L59+N38 -> 3465
A60: 6 | B60: ECOCARDIOGRAMA PEDIATRIA | K60: =+C60+E60+G60+I60 -> 0 | L60: =+D60+F60+H60+J60 -> 0 | M60: =+K60+M39 -> 2365 | N60: =+L60+N39 -> 2743
A61: 7 | B61: ELECTROCARDIOGRAMAS ADULTOS | K61: =+C61+E61+G61+I61 -> 0 | L61: =+D61+F61+H61+J61 -> 0 | M61: =+K61+M40 -> 886 | N61: =+L61+N40 -> 941
A62: 8 | B62: ELECTROCARDIOGRAMAS PEDIATRIA | K62: =+C62+E62+G62+I62 -> 0 | L62: =+D62+F62+H62+J62 -> 0 | M62: =+K62+M41 -> 1065 | N62: =+L62+N41 -> 1042
A63: 9 | B63: CONSULTAS MEDICAS ADULTOS | K63: =+C63+E63+G63+I63 -> 0 | L63: =+D63+F63+H63+J63 -> 0 | M63: =+K63+M42 -> 6836 | N63: =+L63+N42 -> 7484
A64: 10 | B64: CONSULTA MEDICAS PEDIATRICAS | K64: =+C64+E64+G64+I64 -> 0 | L64: =+D64+F64+H64+J64 -> 0 | M64: =+K64+M43 -> 3261 | N64: =+L64+N43 -> 3113
A65: 11 | B65: ESTOMATOLOGIA | K65: =+C65+E65+G65+I65 -> 0 | L65: =+D65+F65+H65+J65 -> 0 | M65: =+K65+M44 -> 300 | N65: =+L65+N44 -> 331
A66: 12 | B66: ENCAMAMIENTO POR COMPLICACIONES | K66: =+C66+E66+G66+I66 -> 0 | L66: =+D66+F66+H66+J66 -> 0 | M66: =+K66+M45 -> 123 | N66: =+L66+N45 -> 160
... A70: 16 | B70: MONITOREO DE PRESION ARTERIAL | K70: =+C70+E70+G70+I70 -> 0 | L70: =+D70+F70+H70+J70 -> 0 | M70: =+K70+M49 -> 55 | N70: =+L70+N49 -> 2
A71: Total | C71: =SUM(C55:C70) -> 0 | D71: =SUM(D55:D70) -> 0 | E71: =SUM(E55:E70) -> 0 | F71: =SUM(F55:F70) -> 0 | G71: =SUM(G55:G70) -> 0 | H71: =SUM(H55:H70) -> 0 | I71: =SUM(I55:I70) -> 0 | J71: =SUM(J55:J70) -> 0 | ... N71: =SUM(N55:N70) -> 21104
B74: RESUMEN AÑO 2023
A75: No. | B75: Meta/Servicio | C75: Totales
C76: Programado | D76: Ejecutado
A77: 1 | B77: CIRUGIA DE ADULTOS | C77: =+K13+K34+K55 -> 94 | D77: =+L13+L34+L55 -> 108
A78: 2 | B78: CIRUGIA DE PEDIATRIA | C78: =+K14+K35+K56 -> 102 | D78: =+L14+L35+L56 -> 105
A79: 3 | B79: HEMODINAMIA ADULTOS | C79: =+K15+K36+K57 -> 603 | D79: =+L15+L36+L57 -> 589
A80: 4 | B80: HEMODINAMIA PEDIATRIA | C80: =+K16+K37+K58 -> 96 | D80: =+L16+L37+L58 -> 91
A81: 5 | B81: ECOCARDIOGRAMA ADULTOS | C81: =+K17+K38+K59 -> 2763 | D81: =+L17+L38+L59 -> 3465
A82: 6 | B82: ECOCARDIOGRAMA PEDIATRIA | C82: =+K18+K39+K60 -> 2365 | D82: =+L18+L39+L60 -> 2743
A83: 7 | B83: ELECTROCARDIOGRAMAS ADULTOS | C83: =+K19+K40+K61 -> 886 | D83: =+L19+L40+L61 -> 941
A84: 8 | B84: ELECTROCARDIOGRAMAS PEDIATRIA | C84: =+K20+K41+K62 -> 1065 | D84: =+L20+L41+L62 -> 1042
A85: 9 | B85: CONSULTAS MEDICAS ADULTOS | C85: =+K21+K42+K63 -> 6836 | D85: =+L21+L42+L63 -> 7484
A86: 10 | B86: CONSULTA MEDICAS PEDIATRICAS | C86: =+K22+K43+K64 -> 3261 | D86: =+L22+L43+L64 -> 3113
A87: 11 | B87: ESTOMATOLOGIA | C87: =+K23+K44+K65 -> 300 | D87: =+L23+L44+L65 -> 331
A88: 12 | B88: ENCAMAMIENTO POR COMPLICACIONES | C88: =+K24+K45+K66 -> 123 | D88: =+L24+L45+L66 -> 160
... A92: 16 | B92: MONITOREO DE PRESION ARTERIAL | C92: =+K28+K49+K70 -> 55 | D92: =+L28+L49+L70 -> 2
A93: Total | C93: =SUM(C77:C92) -> 19365 | D93: =SUM(D77:D92) -> 21104
B117: Elaborado por: | C117: ___________________________ | F117: Autorizado por: | H117: _______________________________________
C118: VÍctor Cresencio Reyes Porres | H118: Lic. Douglas Antonio Díaz Rivera
C119: Jefe de Contabilidad | H119: Representante Legal
B120: Fecha: | C120: 10 de agosto 2,023

Sheet EJECUCION FISICA AGOSTO F-8
L2: F-8
A6: UNIDAD DE CIRUGIA CARDIOVASCULAR DE GUATEMALA
A7: 5a. AVENIDA 6-22 ZONA 11
A8: dgunicar@yahoo.es Tel. 24163000
B10: Ejecucion y/o avance de cumplimiento de metas fisicas correspondiente al primer cuatrimestre
A11: No. | B11: Meta/Servicio | C11: Enero | E11: Febrero | G11: Marzo | I11: Abril | K11: Total cuatrimestre
C12: Programado | D12: Ejecutado | E12: Programado | F12: Ejecutado | G12: Programado | H12: Ejecutado | I12: Programado | J12: Ejecutado | K12: Programado | L12: Ejecutado
A13: 1 | B13: CIRUGIA DE ADULTOS | C13: 7 | D13: 10 | E13: 14 | F13: 18 | G13: 15 | H13: 21 | I13: 13 | J13: 12 | K13: =+C13+E13+G13+I13 -> 49 | L13: =+D13+F13+H13+J13 -> 61
A14: 2 | B14: CIRUGIA DE PEDIATRIA | C14: 7 | D14: 9 | E14: 15 | F14: 15 | G14: 16 | H14: 16 | I14: 16 | J14: 14 | K14: =+C14+E14+G14+I14 -> 54 | L14: =+D14+F14+H14+J14 -> 54
A15: 3 | B15: HEMODINAMIA ADULTOS | C15: 42 | D15: 92 | E15: 93 | F15: 88 | G15: 94 | H15: 100 | I15: 92 | J15: 75 | K15: =+C15+E15+G15+I15 -> 321 | L15: =+D15+F15+H15+J15 -> 355
A16: 4 | B16: HEMODINAMIA PEDIATRIA | C16: 6 | D16: 14 | E16: 15 | F16: 16 | G16: 15 | H16: 17 | I16: 15 | J16: 8 | K16: =+C16+E16+G16+I16 -> 51 | L16: =+D16+F16+H16+J16 -> 55
A17: 5 | B17: ECOCARDIOGRAMA ADULTOS | C17: 195 | D17: 468 | E17: 428 | F17: 503 | G17: 428 | H17: 606 | I17: 428 | J17: 478 | K17: =+C17+E17+G17+I17 -> 1479 | L17: =+D17+F17+H17+J17 -> 2055
A18: 6 | B18: ECOCARDIOGRAMA PEDIATRIA | C18: 167 | D18: 419 | E18: 367 | F18: 382 | G18: 367 | H18: 423 | I18: 363 | J18: 280 | K18: =+C18+E18+G18+I18 -> 1264 | L18: =+D18+F18+H18+J18 -> 1504
A19: 7 | B19: ELECTROCARDIOGRAMAS ADULTOS | C19: 64 | D19: 133 | E19: 137 | F19: 136 | G19: 138 | H19: 144 | I19: 136 | J19: 120 | K19: =+C19+E19+G19+I19 -> 475 | L19: =+D19+F19+H19+J19 -> 533
A20: 8 | B20: ELECTROCARDIOGRAMAS PEDIATRIA | C20: 75 | D20: 184 | E20: 165 | F20: 160 | G20: 165 | H20: 163 | I20: 165 | J20: 102 | K20: =+C20+E20+G20+I20 -> 570 | L20: =+D20+F20+H20+J20 -> 609
A21: 9 | B21: CONSULTAS MEDICAS ADULTOS | C21: 482 | D21: 1075 | E21: 1059 | F21: 1078 | G21: 1059 | H21: 1250 | I21: 1059 | J21: 884 | K21: =+C21+E21+G21+I21 -> 3659 | L21: =+D21+F21+H21+J21 -> 4287
A22: 10 | B22: CONSULTA MEDICAS PEDIATRICAS | C22: 230 | D22: 505 | E22: 506 | F22: 440 | G22: 506 | H22: 447 | I22: 501 | J22: 343 | K22: =+C22+E22+G22+I22 -> 1743 | L22: =+D22+F22+H22+J22 -> 1735
A23: 11 | B23: ESTOMATOLOGIA | C23: 22 | D23: 47 | E23: 47 | F23: 45 | G23: 47 | H23: 43 | I23: 43 | J23: 27 | K23: =+C23+E23+G23+I23 -> 159 | L23: =+D23+F23+H23+J23 -> 162
A24: 12 | B24: ENCAMAMIENTO POR COMPLICACIONES | C24: 7 | D24: 20 | E24: 20 | F24: 20 | G24: 20 | H24: 34 | I24: 16 | J24: 21 | K24: =+C24+E24+G24+I24 -> 63 | L24: =+D24+F24+H24+J24 -> 95
... A28: 16 | B28: MONITOREO DE PRESION ARTERIAL | C28: 5 | D28: 0 | E28: 8 | F28: 0 | G28: 8 | H28: 0 | I28: 7 | J28: 0 | K28: =+C28+E28+G28+I28 -> 28 | L28: =+D28+F28+H28+J28 -> 0
A29: Total servicios/beneficiarios | C29: =SUM(C13:C28) -> 1368 | D29: =SUM(D13:D28) -> 3109 | E29: =SUM(E13:E28) -> 3002 | F29: =SUM(F13:F28) -> 3034 | G29: =SUM(G13:G28) -> 3006 | H29: =SUM(H13:H28) -> 3417 | I29: =SUM(I13:I28) -> 2971 | J29: =SUM(J13:J28) -> 2471 | ... L29: =SUM(L13:L28) -> 12031
B31: Ejecucion y/o avance de cumplimiento de metas fisicas correspondiente al segundo cuatrimestre
A32: No. | B32: Meta/Servicio | C32: Mayo | E32: Junio | G32: Julio | I32: Agosto | K32: Totales | M32: Total acumulado
C33: Programado | D33: Ejecutado | E33: Programado | F33: Ejecutado | G33: Programado | H33: Ejecutado | I33: Programado | J33: Ejecutado | K33: Programado | L33: Ejecutado | M33: Programado | N33: Ejecutado
A34: 1 | B34: CIRUGIA DE ADULTOS | C34: 15 | D34: 17 | E34: 15 | F34: 14 | G34: 15 | H34: 16 | I34: 15 | J34: 16 | K34: =+C34+E34+G34+I34 -> 60 | L34: =+D34+F34+H34+J34 -> 63 | M34: =+K34+K13 -> 109 | N34: =+L34+L13 -> 124
A35: 2 | B35: CIRUGIA DE PEDIATRIA | C35: 16 | D35: 21 | E35: 16 | F35: 14 | G35: 16 | H35: 16 | I35: 16 | J35: 21 | K35: =+C35+E35+G35+I35 -> 64 | L35: =+D35+F35+H35+J35 -> 72 | M35: =+K35+K14 -> 118 | N35: =+L35+L14 -> 126
A36: 3 | B36: HEMODINAMIA ADULTOS | C36: 94 | D36: 85 | E36: 94 | F36: 66 | G36: 94 | H36: 83 | I36: 94 | J36: 70 | K36: =+C36+E36+G36+I36 -> 376 | L36: =+D36+F36+H36+J36 -> 304 | M36: =+K36+K15 -> 697 | N36: =+L36+L15 -> 659
A37: 4 | B37: HEMODINAMIA PEDIATRIA | C37: 15 | D37: 10 | E37: 15 | F37: 11 | G37: 15 | H37: 15 | I37: 15 | J37: 19 | K37: =+C37+E37+G37+I37 -> 60 | L37: =+D37+F37+H37+J37 -> 55 | M37: =+K37+K16 -> 111 | N37: =+L37+L16 -> 110
A38: 5 | B38: ECOCARDIOGRAMA ADULTOS | C38: 428 | D38: 449 | E38: 428 | F38: 507 | G38: 428 | H38: 454 | I38: 428 | J38: 487 | K38: =+C38+E38+G38+I38 -> 1712 | L38: =+D38+F38+H38+J38 -> 1897 | M38: =+K38+K17 -> 3191 | N38: =+L38+L17 -> 3952
A39: 6 | B39: ECOCARDIOGRAMA PEDIATRIA | C39: 367 | D39: 420 | E39: 367 | F39: 421 | G39: 367 | H39: 398 | I39: 367 | J39: 406 | K39: =+C39+E39+G39+I39 -> 1468 | L39: =+D39+F39+H39+J39 -> 1645 | M39: =+K39+K18 -> 2732 | N39: =+L39+L18 -> 3149
A40: 7 | B40: ELECTROCARDIOGRAMAS ADULTOS | C40: 137 | D40: 145 | E40: 137 | F40: 113 | G40: 137 | H40: 150 | I40: 137 | J40: 127 | K40: =+C40+E40+G40+I40 -> 548 | L40: =+D40+F40+H40+J40 -> 535 | M40: =+K40+K19 -> 1023 | N40: =+L40+L19 -> 1068
A41: 8 | B41: ELECTROCARDIOGRAMAS PEDIATRIA | C41: 165 | D41: 150 | E41: 165 | F41: 137 | G41: 165 | H41: 146 | I41: 165 | J41: 149 | K41: =+C41+E41+G41+I41 -> 660 | L41: =+D41+F41+H41+J41 -> 582 | M41: =+K41+K20 -> 1230 | N41: =+L41+L20 -> 1191
A42: 9 | B42: CONSULTAS MEDICAS ADULTOS | C42: 1059 | D42: 1124 | E42: 1059 | F42: 1062 | G42: 1059 | H42: 1011 | I42: 1055 | J42: 1095 | K42: =+C42+E42+G42+I42 -> 4232 | L42: =+D42+F42+H42+J42 -> 4292 | M42: =+K42+K21 -> 7891 | N42: =+L42+L21 -> 8579
A43: 10 | B43: CONSULTA MEDICAS PEDIATRICAS | C43: 506 | D43: 501 | E43: 506 | F43: 421 | G43: 506 | H43: 456 | I43: 506 | J43: 413 | K43: =+C43+E43+G43+I43 -> 2024 | L43: =+D43+F43+H43+J43 -> 1791 | M43: =+K43+K22 -> 3767 | N43: =+L43+L22 -> 3526
A44: 11 | B44: ESTOMATOLOGIA | C44: 47 | D44: 53 | E44: 47 | F44: 59 | G44: 47 | H44: 57 | I44: 47 | J44: 42 | K44: =+C44+E44+G44+I44 -> 188 | L44: =+D44+F44+H44+J44 -> 211 | M44: =+K44+K23 -> 347 | N44: =+L44+L23 -> 373
A45: 12 | B45: ENCAMAMIENTO POR COMPLICACIONES | C45: 20 | D45: 24 | E45: 20 | F45: 18 | G45: 20 | H45: 23 | I45: 20 | J45: 17 | K45: =+C45+E45+G45+I45 -> 80 | L45: =+D45+F45+H45+J45 -> 82 | M45: =+K45+K24 -> 143 | N45: =+L45+L24 -> 177
... A49: 16 | B49: MONITOREO DE PRESION ARTERIAL | C49: 9 | D49: 0 | E49: 9 | F49: 1 | G49: 9 | H49: 1 | I49: 9 | J49: 2 | K49: =+C49+E49+G49+I49 -> 36 | L49: =+D49+F49+H49+J49 -> 4 | M49: =+K49+K28 -> 64 | N49: =+L49+L28 -> 4
A50: Total servicios/beneficiarios | C50: =SUM(C34:C49) -> 3006 | D50: =SUM(D34:D49) -> 3136 | E50: =SUM(E34:E49) -> 3006 | F50: =SUM(F34:F49) -> 2962 | G50: =SUM(G34:G49) -> 3006 | H50: =SUM(H34:H49) -> 2975 | I50: =SUM(I34:I49) -> 3002 | J50: =SUM(J34:J49) -> 3020 | ... N50: =SUM(N34:N49) -> 24124
B52: Ejecucion y/o avance de cumplimiento de metas fisicas correspondiente al tercer cuatrimestre
A53: No. | B53: Meta/Servicio | C53: Septiembre | E53: Octubre | G53: Noviembre | I53: Diciembre | K53: Totales | M53: Total acumulado
C54: Programado | D54: Ejecutado | E54: Programado | F54: Ejecutado | G54: Programado | H54: Ejecutado | I54: Programado | J54: Ejecutado | K54: Programado | L54: Ejecutado | M54: Programado | N54: Ejecutado
A55: 1 | B55: CIRUGIA DE ADULTOS | K55: =+C55+E55+G55+I55 -> 0 | L55: =+D55+F55+H55+J55 -> 0 | M55: =+K55+M34 -> 109 | N55: =+L55+N34 -> 124
A56: 2 | B56: CIRUGIA DE PEDIATRIA | K56: =+C56+E56+G56+I56 -> 0 | L56: =+D56+F56+H56+J56 -> 0 | M56: =+K56+M35 -> 118 | N56: =+L56+N35 -> 126
A57: 3 | B57: HEMODINAMIA ADULTOS | K57: =+C57+E57+G57+I57 -> 0 | L57: =+D57+F57+H57+J57 -> 0 | M57: =+K57+M36 -> 697 | N57: =+L57+N36 -> 659
A58: 4 | B58: HEMODINAMIA PEDIATRIA | K58: =+C58+E58+G58+I58 -> 0 | L58: =+D58+F58+H58+J58 -> 0 | M58: =+K58+M37 -> 111 | N58: =+L58+N37 -> 110
A59: 5 | B59: ECOCARDIOGRAMA ADULTOS | K59: =+C59+E59+G59+I59 -> 0 | L59: =+D59+F59+H59+J59 -> 0 | M59: =+K59+M38 -> 3191 | N59: =+L59+N38 -> 3952
A60: 6 | B60: ECOCARDIOGRAMA PEDIATRIA | K60: =+C60+E60+G60+I60 -> 0 | L60: =+D60+F60+H60+J60 -> 0 | M60: =+K60+M39 -> 2732 | N60: =+L60+N39 -> 3149
A61: 7 | B61: ELECTROCARDIOGRAMAS ADULTOS | K61: =+C61+E61+G61+I61 -> 0 | L61: =+D61+F61+H61+J61 -> 0 | M61: =+K61+M40 -> 1023 | N61: =+L61+N40 -> 1068
A62: 8 | B62: ELECTROCARDIOGRAMAS PEDIATRIA | K62: =+C62+E62+G62+I62 -> 0 | L62: =+D62+F62+H62+J62 -> 0 | M62: =+K62+M41 -> 1230 | N62: =+L62+N41 -> 1191
A63: 9 | B63: CONSULTAS MEDICAS ADULTOS | K63: =+C63+E63+G63+I63 -> 0 | L63: =+D63+F63+H63+J63 -> 0 | M63: =+K63+M42 -> 7891 | N63: =+L63+N42 -> 8579
A64: 10 | B64: CONSULTA MEDICAS PEDIATRICAS | K64: =+C64+E64+G64+I64 -> 0 | L64: =+D64+F64+H64+J64 -> 0 | M64: =+K64+M43 -> 3767 | N64: =+L64+N43 -> 3526
A65: 11 | B65: ESTOMATOLOGIA | K65: =+C65+E65+G65+I65 -> 0 | L65: =+D65+F65+H65+J65 -> 0 | M65: =+K65+M44 -> 347 | N65: =+L65+N44 -> 373
A66: 12 | B66: ENCAMAMIENTO POR COMPLICACIONES | K66: =+C66+E66+G66+I66 -> 0 | L66: =+D66+F66+H66+J66 -> 0 | M66: =+K66+M45 -> 143 | N66: =+L66+N45 -> 177
... A70: 16 | B70: MONITOREO DE PRESION ARTERIAL | K70: =+C70+E70+G70+I70 -> 0 | L70: =+D70+F70+H70+J70 -> 0 | M70: =+K70+M49 -> 64 | N70: =+L70+N49 -> 4
A71: Total | C71: =SUM(C55:C70) -> 0 | D71: =SUM(D55:D70) -> 0 | E71: =SUM(E55:E70) -> 0 | F71: =SUM(F55:F70) -> 0 | G71: =SUM(G55:G70) -> 0 | H71: =SUM(H55:H70) -> 0 | I71: =SUM(I55:I70) -> 0 | J71: =SUM(J55:J70) -> 0 | ... N71: =SUM(N55:N70) -> 24124
B74: RESUMEN AÑO 2023
A75: No. | B75: Meta/Servicio | C75: Totales
C76: Programado | D76: Ejecutado
A77: 1 | B77: CIRUGIA DE ADULTOS | C77: =+K13+K34+K55 -> 109 | D77: =+L13+L34+L55 -> 124
A78: 2 | B78: CIRUGIA DE PEDIATRIA | C78: =+K14+K35+K56 -> 118 | D78: =+L14+L35+L56 -> 126
A79: 3 | B79: HEMODINAMIA ADULTOS | C79: =+K15+K36+K57 -> 697 | D79: =+L15+L36+L57 -> 659
A80: 4 | B80: HEMODINAMIA PEDIATRIA | C80: =+K16+K37+K58 -> 111 | D80: =+L16+L37+L58 -> 110
A81: 5 | B81: ECOCARDIOGRAMA ADULTOS | C81: =+K17+K38+K59 -> 3191 | D81: =+L17+L38+L59 -> 3952
A82: 6 | B82: ECOCARDIOGRAMA PEDIATRIA | C82: =+K18+K39+K60 -> 2732 | D82: =+L18+L39+L60 -> 3149
A83: 7 | B83: ELECTROCARDIOGRAMAS ADULTOS | C83: =+K19+K40+K61 -> 1023 | D83: =+L19+L40+L61 -> 1068
A84: 8 | B84: ELECTROCARDIOGRAMAS PEDIATRIA | C84: =+K20+K41+K62 -> 1230 | D84: =+L20+L41+L62 -> 1191
A85: 9 | B85: CONSULTAS MEDICAS ADULTOS | C85: =+K21+K42+K63 -> 7891 | D85: =+L21+L42+L63 -> 8579
A86: 10 | B86: CONSULTA MEDICAS PEDIATRICAS | C86: =+K22+K43+K64 -> 3767 | D86: =+L22+L43+L64 -> 3526
A87: 11 | B87: ESTOMATOLOGIA | C87: =+K23+K44+K65 -> 347 | D87: =+L23+L44+L65 -> 373
A88: 12 | B88: ENCAMAMIENTO POR COMPLICACIONES | C88: =+K24+K45+K66 -> 143 | D88: =+L24+L45+L66 -> 177
... A92: 16 | B92: MONITOREO DE PRESION ARTERIAL | C92: =+K28+K49+K70 -> 64 | D92: =+L28+L49+L70 -> 4
A93: Total | C93: =SUM(C77:C92) -> 22367 | D93: =SUM(D77:D92) -> 24124
B117: Elaborado por: | C117: ___________________________ | F117: Autorizado por: | H117: _______________________________________
C118: VÍctor Cresencio Reyes Porres | H118: Lic. Douglas Antonio Díaz Rivera
C119: Jefe de Contabilidad | H119: Representante Legal
B120: Fecha: | C120: 8 de septiembre 2,023

Sheet PRESUPUESTO MAYO
A1: UNIDAD DE CIRUGIA CARDIOVASCULAR DE GUATEMALA
A2: FONDOS ESTATALES
A3: PRESUPUESTO MAYO 2,023
C4: PRESUPUESTO 2023 | D4: TRANSFERENCIAS (+-), AMPLIACION | E4: PRESUPUESTO AJUSTADO 2,020 | F4: EJECUTADO | G4: SALDO
B5: ASIGNACION DEL ESTADO | C5: 80000000 | E5: =+C5+D5 -> 80000000 | F5: 0 | G5: =+E5-F5 -> 80000000
B6: TOTAL ASIGNACION DEL ESTADO | C6: =SUM(C5) -> 80000000 | D6: =SUM(D5) -> 0 | E6: =SUM(E5) -> 80000000 | F6: =SUM(F5) -> 0 | G6: =SUM(G5) -> 80000000
C8: =+C4 -> PRESUPUESTO 2023 | D8: TRANSFERENCIAS (+-) | E8: =+E4 -> PRESUPUESTO AJUSTADO 2,020 | F8: =+F4 -> EJECUTADO | G8: SALDO
A9: 011 | B9: SUELDOS, CUOTA PATRONAL, BONO 14 Y AGUINALDO | C9: 45918608 | E9: =+C9+D9 -> 45918608 | G9: =+E9-F9 -> 45918608
B10: TOTAL RECURSO HUMANO | C10: =SUM(C9) -> 45918608 | D10: =SUM(D9) -> 0 | E10: =SUM(E9) -> 45918608 | F10: =SUM(F9) -> 0 | G10: =SUM(G9) -> 45918608
B12: GASTOS DE OPERACIÓN | C12: =+C8 -> PRESUPUESTO 2023 | D12: TRANSFERENCIAS (+-) | E12: =+E8 -> PRESUPUESTO AJUSTADO 2,020 | F12: =+F8 -> EJECUTADO | G12: SALDO
A13: 111 | B13: ENERGIA ELECTRICA | C13: 968000 | E13: =+C13+D13 -> 968000 | G13: =+E13-F13 -> 968000
A14: 113 | B14: TELEFONIA | C14: 127435.66 | E14: =+C14+D14 -> 127435.66 | G14: =+E14-F14 -> 127435.66
A15: 122 | B15: IMPRESIÓN, ENCUADERNACION Y REPRODUCCION | C15: 68124.37 | E15: =+C15+D15 -> 68124.37 | G15: =+E15-F15 -> 68124.37
A16: 163 | B16: MANT. Y REP. EQUIPO MEDICO SANITARIO Y DE LAB. | C16: 1321525 | E16: =+C16+D16 -> 1321525 | G16: =+E16-F16 -> 1321525
A17: 168 | B17: MANTENIMIENTO Y REP. DE EQUIPO DE COMPUTO | C17: 1000 | E17: =+C17+D17 -> 1000 | G17: =+E17-F17 -> 1000
A18: 169 | B18: MAT. Y REP. DE OTRAS MAQ. Y EQUIPO | C18: 43150 | E18: =+C18+D18 -> 43150 | G18: =+E18-F18 -> 43150
A19: 171 | B19: MANTENIMIENTO Y REPARACION DE EDIFICIOS | C19: 43660 | E19: =+C19+D19 -> 43660 | G19: =+E19-F19 -> 43660
A20: 174 | B20: MANT. Y REP. DE INSTALACIONES | C20: 116687.92 | E20: =+C20+D20 -> 116687.92 | G20: =+E20-F20 -> 116687.92
A21: 182 | B21: SERVICIOS MEDICO-SANITARIOS | C21: 3039388 | E21: =+C21+D21 -> 3039388 | G21: =+E21-F21 -> 3039388
A22: 197 | B22: SERVICIOS DE VIGILANCIA | C22: 172800 | E22: =+C22+D22 -> 172800 | G22: =+E22-F22 -> 172800
A23: 199 | B23: OTROS SERVICIOS NO PERSONALES | C23: 767314.4 | E23: =+C23+D23 -> 767314.4 | G23: =+E23-F23 -> 767314.4
A24: 211 | B24: ALIMENTOS PARA PERSONAS | C24: 543132.75 | E24: =+C24+D24 -> 543132.75 | G24: =+E24-F24 -> 543132.75
... A38: 323 | B38: EQUIPO MEDICO-SANITARIO Y DE LABORATORIO | C38: 2500000 | E38: =+C38+D38 -> 2500000 | G38: =+E38-F38 -> 2500000
B39: TOTAL MATERIALES Y SUMINISTROS | C39: =SUM(C13:C38) -> 34081392 | D39: =SUM(D24:D38) -> 0 | E39: =SUM(E13:E38) -> 34081392 | F39: =SUM(F13:F38) -> 0 | G39: =SUM(G13:G38) -> 34081392
B40: TOTAL GENERAL EGRESOS | C40: =+C39+C10 -> 80000000 | D40: =+D39+D10 -> 0 | E40: =+E39+E10 -> 80000000 | F40: =+F39+F10 -> 0 | G40: =+G39+G10 -> 80000000
A42: Nota: Presupuesto pendiente de aprobacion, por parte de la comision tecnica del Ministerio
A43: de Salud Publica y Asistencia Social.
A45: _______________________________
A46: Víctor Cresencio Reyes Porres
A47: Jefe de Contabilidad

Sheet PRESUPUESTO JUNIO
A1: UNIDAD DE CIRUGIA CARDIOVASCULAR DE GUATEMALA
A2: FONDOS ESTATALES
A3: PRESUPUESTO JUNIO 2,023
C4: PRESUPUESTO 2023 | D4: TRANSFERENCIAS (+-), AMPLIACION | E4: PRESUPUESTO AJUSTADO 2,020 | F4: EJECUTADO | G4: SALDO
B5: ASIGNACION DEL ESTADO | C5: 80000000 | E5: =+C5+D5 -> 80000000 | F5: 0 | G5: =+E5-F5 -> 80000000
B6: TOTAL ASIGNACION DEL ESTADO | C6: =SUM(C5) -> 80000000 | D6: =SUM(D5) -> 0 | E6: =SUM(E5) -> 80000000 | F6: =SUM(F5) -> 0 | G6: =SUM(G5) -> 80000000
C8: =+C4 -> PRESUPUESTO 2023 | D8: TRANSFERENCIAS (+-) | E8: =+E4 -> PRESUPUESTO AJUSTADO 2,020 | F8: =+F4 -> EJECUTADO | G8: SALDO
A9: 011 | B9: SUELDOS, CUOTA PATRONAL, BONO 14 Y AGUINALDO | C9: 45918608 | E9: =+C9+D9 -> 45918608 | G9: =+E9-F9 -> 45918608
B10: TOTAL RECURSO HUMANO | C10: =SUM(C9) -> 45918608 | D10: =SUM(D9) -> 0 | E10: =SUM(E9) -> 45918608 | F10: =SUM(F9) -> 0 | G10: =SUM(G9) -> 45918608
B12: GASTOS DE OPERACIÓN | C12: =+C8 -> PRESUPUESTO 2023 | D12: TRANSFERENCIAS (+-) | E12: =+E8 -> PRESUPUESTO AJUSTADO 2,020 | F12: =+F8 -> EJECUTADO | G12: SALDO
A13: 111 | B13: ENERGIA ELECTRICA | C13: 968000 | E13: =+C13+D13 -> 968000 | G13: =+E13-F13 -> 968000
A14: 113 | B14: TELEFONIA | C14: 127435.66 | E14: =+C14+D14 -> 127435.66 | G14: =+E14-F14 -> 127435.66
A15: 122 | B15: IMPRESIÓN, ENCUADERNACION Y REPRODUCCION | C15: 68124.37 | E15: =+C15+D15 -> 68124.37 | G15: =+E15-F15 -> 68124.37
A16: 163 | B16: MANT. Y REP. EQUIPO MEDICO SANITARIO Y DE LAB. | C16: 1321525 | E16: =+C16+D16 -> 1321525 | G16: =+E16-F16 -> 1321525
A17: 168 | B17: MANTENIMIENTO Y REP. DE EQUIPO DE COMPUTO | C17: 1000 | E17: =+C17+D17 -> 1000 | G17: =+E17-F17 -> 1000
A18: 169 | B18: MAT. Y REP. DE OTRAS MAQ. Y EQUIPO | C18: 43150 | E18: =+C18+D18 -> 43150 | G18: =+E18-F18 -> 43150
A19: 171 | B19: MANTENIMIENTO Y REPARACION DE EDIFICIOS | C19: 43660 | E19: =+C19+D19 -> 43660 | G19: =+E19-F19 -> 43660
A20: 174 | B20: MANT. Y REP. DE INSTALACIONES | C20: 116687.92 | E20: =+C20+D20 -> 116687.92 | G20: =+E20-F20 -> 116687.92
A21: 182 | B21: SERVICIOS MEDICO-SANITARIOS | C21: 3039388 | E21: =+C21+D21 -> 3039388 | G21: =+E21-F21 -> 3039388
A22: 197 | B22: SERVICIOS DE VIGILANCIA | C22: 172800 | E22: =+C22+D22 -> 172800 | G22: =+E22-F22 -> 172800
A23: 199 | B23: OTROS SERVICIOS NO PERSONALES | C23: 767314.4 | E23: =+C23+D23 -> 767314.4 | G23: =+E23-F23 -> 767314.4
A24: 211 | B24: ALIMENTOS PARA PERSONAS | C24: 543132.75 | E24: =+C24+D24 -> 543132.75 | G24: =+E24-F24 -> 543132.75
... A38: 323 | B38: EQUIPO MEDICO-SANITARIO Y DE LABORATORIO | C38: 2500000 | E38: =+C38+D38 -> 2500000 | G38: =+E38-F38 -> 2500000
B39: TOTAL MATERIALES Y SUMINISTROS | C39: =SUM(C13:C38) -> 34081392 | D39: =SUM(D24:D38) -> 0 | E39: =SUM(E13:E38) -> 34081392 | F39: =SUM(F13:F38) -> 0 | G39: =SUM(G13:G38) -> 34081392
B40: TOTAL GENERAL EGRESOS | C40: =+C39+C10 -> 80000000 | D40: =+D39+D10 -> 0 | E40: =+E39+E10 -> 80000000 | F40: =+F39+F10 -> 0 | G40: =+G39+G10 -> 80000000
A42: Nota: Presupuesto pendiente de aprobacion, por parte de la comision tecnica del Ministerio
A43: de Salud Publica y Asistencia Social.
A45: _______________________________
A46: Víctor Cresencio Reyes Porres
A47: Jefe de Contabilidad

Sheet PRESUPUESTO JULIO
A1: UNIDAD DE CIRUGIA CARDIOVASCULAR DE GUATEMALA
A2: FONDOS ESTATALES
A3: PRESUPUESTO JULIO 2,023
C4: PRESUPUESTO 2023 | D4: TRANSFERENCIAS (+-), AMPLIACION | E4: PRESUPUESTO AJUSTADO 2,020 | F4: EJECUTADO | G4: SALDO
B5: ASIGNACION DEL ESTADO | C5: 80000000 | E5: =+C5+D5 -> 80000000 | F5: 0 | G5: =+E5-F5 -> 80000000
B6: TOTAL ASIGNACION DEL ESTADO | C6: =SUM(C5) -> 80000000 | D6: =SUM(D5) -> 0 | E6: =SUM(E5) -> 80000000 | F6: =SUM(F5) -> 0 | G6: =SUM(G5) -> 80000000
C8: =+C4 -> PRESUPUESTO 2023 | D8: TRANSFERENCIAS (+-) | E8: =+E4 -> PRESUPUESTO AJUSTADO 2,020 | F8: =+F4 -> EJECUTADO | G8: SALDO
A9: 011 | B9: SUELDOS, CUOTA PATRONAL, BONO 14 Y AGUINALDO | C9: 45918608 | E9: =+C9+D9 -> 45918608 | G9: =+E9-F9 -> 45918608
B10: TOTAL RECURSO HUMANO | C10: =SUM(C9) -> 45918608 | D10: =SUM(D9) -> 0 | E10: =SUM(E9) -> 45918608 | F10: =SUM(F9) -> 0 | G10: =SUM(G9) -> 45918608
B12: GASTOS DE OPERACIÓN | C12: =+C8 -> PRESUPUESTO 2023 | D12: TRANSFERENCIAS (+-) | E12: =+E8 -> PRESUPUESTO AJUSTADO 2,020 | F12: =+F8 -> EJECUTADO | G12: SALDO
A13: 111 | B13: ENERGIA ELECTRICA | C13: 968000 | E13: =+C13+D13 -> 968000 | G13: =+E13-F13 -> 968000
A14: 113 | B14: TELEFONIA | C14: 127435.66 | E14: =+C14+D14 -> 127435.66 | G14: =+E14-F14 -> 127435.66
A15: 122 | B15: IMPRESIÓN, ENCUADERNACION Y REPRODUCCION | C15: 68124.37 | E15: =+C15+D15 -> 68124.37 | G15: =+E15-F15 -> 68124.37
A16: 163 | B16: MANT. Y REP. EQUIPO MEDICO SANITARIO Y DE LAB. | C16: 1321525 | E16: =+C16+D16 -> 1321525 | G16: =+E16-F16 -> 1321525
A17: 168 | B17: MANTENIMIENTO Y REP. DE EQUIPO DE COMPUTO | C17: 1000 | E17: =+C17+D17 -> 1000 | G17: =+E17-F17 -> 1000
A18: 169 | B18: MAT. Y REP. DE OTRAS MAQ. Y EQUIPO | C18: 43150 | E18: =+C18+D18 -> 43150 | G18: =+E18-F18 -> 43150
A19: 171 | B19: MANTENIMIENTO Y REPARACION DE EDIFICIOS | C19: 43660 | E19: =+C19+D19 -> 43660 | G19: =+E19-F19 -> 43660
A20: 174 | B20: MANT. Y REP. DE INSTALACIONES | C20: 116687.92 | E20: =+C20+D20 -> 116687.92 | G20: =+E20-F20 -> 116687.92
A21: 182 | B21: SERVICIOS MEDICO-SANITARIOS | C21: 3039388 | E21: =+C21+D21 -> 3039388 | G21: =+E21-F21 -> 3039388
A22: 197 | B22: SERVICIOS DE VIGILANCIA | C22: 172800 | E22: =+C22+D22 -> 172800 | G22: =+E22-F22 -> 172800
A23: 199 | B23: OTROS SERVICIOS NO PERSONALES | C23: 767314.4 | E23: =+C23+D23 -> 767314.4 | G23: =+E23-F23 -> 767314.4
A24: 211 | B24: ALIMENTOS PARA PERSONAS | C24: 543132.75 | E24: =+C24+D24 -> 543132.75 | G24: =+E24-F24 -> 543132.75
... A38: 323 | B38: EQUIPO MEDICO-SANITARIO Y DE LABORATORIO | C38: 2500000 | E38: =+C38+D38 -> 2500000 | G38: =+E38-F38 -> 2500000
B39: TOTAL MATERIALES Y SUMINISTROS | C39: =SUM(C13:C38) -> 34081392 | D39: =SUM(D24:D38) -> 0 | E39: =SUM(E13:E38) -> 34081392 | F39: =SUM(F13:F38) -> 0 | G39: =SUM(G13:G38) -> 34081392
B40: TOTAL GENERAL EGRESOS | C40: =+C39+C10 -> 80000000 | D40: =+D39+D10 -> 0 | E40: =+E39+E10 -> 80000000 | F40: =+F39+F10 -> 0 | G40: =+G39+G10 -> 80000000
A42: Nota: Presupuesto pendiente de aprobacion, por parte de la comision tecnica del Ministerio
A43: de Salud Publica y Asistencia Social.
A45: _______________________________
A46: Víctor Cresencio Reyes Porres
A47: Jefe de Contabilidad

Sheet PRESUPUESTO AGOSTO
A1: UNIDAD DE CIRUGIA CARDIOVASCULAR DE GUATEMALA
A2: FONDOS ESTATALES
A3: PRESUPUESTO AGOSTO 2,023
C4: PRESUPUESTO 2023 | D4: TRANSFERENCIAS (+-), AMPLIACION | E4: PRESUPUESTO AJUSTADO 2,020 | F4: EJECUTADO | G4: SALDO
B5: ASIGNACION DEL ESTADO | C5: 80000000 | E5: =+C5+D5 -> 80000000 | F5: 0 | G5: =+E5-F5 -> 80000000
B6: TOTAL ASIGNACION DEL ESTADO | C6: =SUM(C5) -> 80000000 | D6: =SUM(D5) -> 0 | E6: =SUM(E5) -> 80000000 | F6: =SUM(F5) -> 0 | G6: =SUM(G5) -> 80000000
C8: =+C4 -> PRESUPUESTO 2023 | D8: TRANSFERENCIAS (+-) | E8: =+E4 -> PRESUPUESTO AJUSTADO 2,020 | F8: =+F4 -> EJECUTADO | G8: SALDO
A9: 011 | B9: SUELDOS, CUOTA PATRONAL, BONO 14 Y AGUINALDO | C9: 45918608 | E9: =+C9+D9 -> 45918608 | G9: =+E9-F9 -> 45918608
B10: TOTAL RECURSO HUMANO | C10: =SUM(C9) -> 45918608 | D10: =SUM(D9) -> 0 | E10: =SUM(E9) -> 45918608 | F10: =SUM(F9) -> 0 | G10: =SUM(G9) -> 45918608
B12: GASTOS DE OPERACIÓN | C12: =+C8 -> PRESUPUESTO 2023 | D12: TRANSFERENCIAS (+-) | E12: =+E8 -> PRESUPUESTO AJUSTADO 2,020 | F12: =+F8 -> EJECUTADO | G12: SALDO
A13: 111 | B13: ENERGIA ELECTRICA | C13: 968000 | E13: =+C13+D13 -> 968000 | G13: =+E13-F13 -> 968000
A14: 113 | B14: TELEFONIA | C14: 127435.66 | E14: =+C14+D14 -> 127435.66 | G14: =+E14-F14 -> 127435.66
A15: 122 | B15: IMPRESIÓN, ENCUADERNACION Y REPRODUCCION | C15: 68124.37 | E15: =+C15+D15 -> 68124.37 | G15: =+E15-F15 -> 68124.37
A16: 163 | B16: MANT. Y REP. EQUIPO MEDICO SANITARIO Y DE LAB. | C16: 1321525 | E16: =+C16+D16 -> 1321525 | G16: =+E16-F16 -> 1321525
A17: 168 | B17: MANTENIMIENTO Y REP. DE EQUIPO DE COMPUTO | C17: 1000 | E17: =+C17+D17 -> 1000 | G17: =+E17-F17 -> 1000
A18: 169 | B18: MAT. Y REP. DE OTRAS MAQ. Y EQUIPO | C18: 43150 | E18: =+C18+D18 -> 43150 | G18: =+E18-F18 -> 43150
A19: 171 | B19: MANTENIMIENTO Y REPARACION DE EDIFICIOS | C19: 43660 | E19: =+C19+D19 -> 43660 | G19: =+E19-F19 -> 43660
A20: 174 | B20: MANT. Y REP. DE INSTALACIONES | C20: 116687.92 | E20: =+C20+D20 -> 116687.92 | G20: =+E20-F20 -> 116687.92
A21: 182 | B21: SERVICIOS MEDICO-SANITARIOS | C21: 3039388 | E21: =+C21+D21 -> 3039388 | G21: =+E21-F21 -> 3039388
A22: 197 | B22: SERVICIOS DE VIGILANCIA | C22: 172800 | E22: =+C22+D22 -> 172800 | G22: =+E22-F22 -> 172800
A23: 199 | B23: OTROS SERVICIOS NO PERSONALES | C23: 767314.4 | E23: =+C23+D23 -> 767314.4 | G23: =+E23-F23 -> 767314.4
A24: 211 | B24: ALIMENTOS PARA PERSONAS | C24: 543132.75 | E24: =+C24+D24 -> 543132.75 | G24: =+E24-F24 -> 543132.75
... A38: 323 | B38: EQUIPO MEDICO-SANITARIO Y DE LABORATORIO | C38: 2500000 | E38: =+C38+D38 -> 2500000 | G38: =+E38-F38 -> 2500000
B39: TOTAL MATERIALES Y SUMINISTROS | C39: =SUM(C13:C38) -> 34081392 | D39: =SUM(D24:D38) -> 0 | E39: =SUM(E13:E38) -> 34081392 | F39: =SUM(F13:F38) -> 0 | G39: =SUM(G13:G38) -> 34081392
B40: TOTAL GENERAL EGRESOS | C40: =+C39+C10 -> 80000000 | D40: =+D39+D10 -> 0 | E40: =+E39+E10 -> 80000000 | F40: =+F39+F10 -> 0 | G40: =+G39+G10 -> 80000000
A42: Nota: Presupuesto pendiente de aprobacion, por parte de la comision tecnica del Ministerio
A43: de Salud Publica y Asistencia Social.
A45: _______________________________
A46: Víctor Cresencio Reyes Porres
A47: Jefe de Contabilidad

Sheet APORTES MAYO
A1: APORTES MINISTERIO DE SALUD PUBLICA Y ASISTENCIA SOCIAL AÑO 2,023
A3: MES | B3: VALOR | C3: FECHA REC. | D3: No. RECIBO | E3: N/A | F3: No. De Cur
A4: ENERO | B4: 0
A5: FEBRERO | B5: 0
A6: MARZO | B6: 16000000 | C6: 44998 | D6: 261082 | E6: 2779817143 | F6: 3612
A7: ABRIL | B7: 3150000 | C7: 45029 | D7: 261084 | E7: 2794292440 | F7: 4848
A8: MAYO | B8: 4850000 | C8: 45064 | D8: 261087 | E8: 2811297089 | F8: 5512
A9: MAYO | B9: 5800000 | C9: 45064 | D9: 261088 | E9: 2811297090 | F9: 5513
A10: MAYO | B10: 2200000 | C10: 45076 | D10: 261090 | E10: 2815517436 | F10: 5780
A11: TOTALES… | B11: =SUM(B4:B10) -> 32000000
A17: ____________________________________
A18: Victor Cresencio Reyes Porres
A19: Jefe de Contabilidad
A20: UNIDAD DE CIRUGIA CARDIOVASCULAR DE GUATEMALA

Sheet APORTES JUNIO
A1: APORTES MINISTERIO DE SALUD PUBLICA Y ASISTENCIA SOCIAL AÑO 2,023
A3: MES | B3: VALOR | C3: FECHA REC. | D3: No. RECIBO | E3: N/A | F3: No. De Cur
A4: ENERO | B4: 0
A5: FEBRERO | B5: 0
A6: MARZO | B6: 16000000 | C6: 44998 | D6: 261082 | E6: 2779817143 | F6: 3612
A7: ABRIL | B7: 3150000 | C7: 45029 | D7: 261084 | E7: 2794292440 | F7: 4848
A8: MAYO | B8: 4850000 | C8: 45064 | D8: 261087 | E8: 2811297089 | F8: 5512
A9: MAYO | B9: 5800000 | C9: 45064 | D9: 261088 | E9: 2811297090 | F9: 5513
A10: MAYO | B10: 2200000 | C10: 45076 | D10: 261090 | E10: 2815517436 | F10: 5780
A11: JUNIO | B11: 8000000 | C11: 45091 | D11: 261091 | E11: 2823567140 | F11: 6232
A12: TOTALES… | B12: =SUM(B4:B11) -> 40000000
A18: ____________________________________
A19: Victor Cresencio Reyes Porres
A20: Jefe de Contabilidad
A21: UNIDAD DE CIRUGIA CARDIOVASCULAR DE GUATEMALA

Sheet APORTES JULIO
A1: APORTES MINISTERIO DE SALUD PUBLICA Y ASISTENCIA SOCIAL AÑO 2,023
A3: MES | B3: VALOR | C3: FECHA REC. | D3: No. RECIBO | E3: N/A | F3: No. De Cur
A4: ENERO | B4: 0
A5: FEBRERO | B5: 0
A6: MARZO | B6: 16000000 | C6: 44998 | D6: 261082 | E6: 2779817143 | F6: 3612
A7: ABRIL | B7: 3150000 | C7: 45029 | D7: 261084 | E7: 2794292440 | F7: 4848
A8: MAYO | B8: 4850000 | C8: 45064 | D8: 261087 | E8: 2811297089 | F8: 5512
A9: MAYO | B9: 5800000 | C9: 45064 | D9: 261088 | E9: 2811297090 | F9: 5513
A10: MAYO | B10: 2200000 | C10: 45076 | D10: 261090 | E10: 2815517436 | F10: 5780
A11: JUNIO | B11: 8000000 | C11: 45091 | D11: 261091 | E11: 2823567140 | F11: 6232
A12: JULIO | B12: 5904000 | C12: 45121 | D12: 261092 | E12: 2838541107 | F12: 7162
A13: TOTALES… | B13: =SUM(B4:B12) -> 45904000
A19: ____________________________________
A20: Victor Cresencio Reyes Porres
A21: Jefe de Contabilidad
A22: UNIDAD DE CIRUGIA CARDIOVASCULAR DE GUATEMALA

Sheet APORTES AGOSTO
A1: APORTES MINISTERIO DE SALUD PUBLICA Y ASISTENCIA SOCIAL AÑO 2,023
A3: MES | B3: VALOR | C3: FECHA REC. | D3: No. RECIBO | E3: N/A | F3: No. De Cur
A4: ENERO | B4: 0
A5: FEBRERO | B5: 0
A6: MARZO | B6: 16000000 | C6: 44998 | D6: 261082 | E6: 2779817143 | F6: 3612
A7: ABRIL | B7: 3150000 | C7: 45029 | D7: 261084 | E7: 2794292440 | F7: 4848
A8: MAYO | B8: 4850000 | C8: 45064 | D8: 261087 | E8: 2811297089 | F8: 5512
A9: MAYO | B9: 5800000 | C9: 45064 | D9: 261088 | E9: 2811297090 | F9: 5513
A10: MAYO | B10: 2200000 | C10: 45076 | D10: 261090 | E10: 2815517436 | F10: 5780
A11: JUNIO | B11: 8000000 | C11: 45091 | D11: 261091 | E11: 2823567140 | F11: 6232
A12: JULIO | B12: 5904000 | C12: 45121 | D12: 261092 | E12: 2838541107 | F12: 7162
A13: AGOSTO | B13: 2096000 | C13: 45160 | D13: 261093 | E13: 2857281501 | F13: 9047
A14: AGOSTO | B14: 3912000 | C14: 45162 | D14: 261094 | E14: 2858261396 | F14: 9327
A15: AGOSTO | B15: 2888000 | C15: 45166 | D15: 261095 | E15: 2859461475 | F15: 9734
A16: TOTALES… | B16: =SUM(B4:B15) -> 54800000
A22: ____________________________________
A23: Victor Cresencio Reyes Porres
A24: Jefe de Contabilidad
A25: UNIDAD DE CIRUGIA CARDIOVASCULAR DE GUATEMALA
